Workbook

Sheet Monitoring_MP
A1: questionID | B1: ID_2020 | C1: Row | D1: question | E1: question_en | G1: Code issues | H1: Code comment | I1: max points | J1: ans1 | K1: ans1en | L1: ans2 | M1: ans2en | N1: ans3 | O1: ans3en | P1: ans4 | Q1: ans4en | R1: ans5 | S1: ans5en | T1: ans6 | U1: ans6en | V1: ans7 | W1: ans7en | X1: ans8 | Y1: ans8en | Z1: ans9 | AA1: ans9en | AB1: pts1 | AC1: pts2 | AD1: pts3 | AE1: pts4 | AF1: pts5 | AG1: pts6 | AH1: pts7 | AI1: pts8 | AJ1: pts9 | AK1: Chisinau | AL1: Chisinau_comentariu | AM1: Balti | AN1: Balti_comentariu | AO1: Cahul | AP1: Cahul_comentariu | AQ1: Ungheni | AR1: Ungheni_comentariu | AS1: Soroca | AT1: Soroca_comentariu | AU1: Orhei | AV1: Orhei_comentariu | AW1: Ceadir Lunga | AX1: Ceadir Lunga_comentariu | AY1: Straseni | AZ1: Straseni_comentariu | BA1: Drochia | BB1: Drochia_comentariu | BC1: Durlesti | BD1: Durlesti_comentariu | BE1: Causeni | BF1: Causeni_comentariu | BG1: Edinet | BH1: Edinet_comentariu | BI1: Hincesti | BJ1: Hincesti_comentariu | BK1: Vulcanesti | BL1: Vulcanesti_comentariu | BM1: Calarasi | BN1: Calarasi_comentariu | BO1: Ialoveni | BP1: Ialoveni_comentariu | BQ1: Floresti | BR1: Floresti_comentariu | BS1: Taraclia | BT1: Taraclia_comentariu | BU1: Falesti | BV1: Falesti_comentariu | BW1: Singerei | BX1: Singerei_comentariu | BY1: Nisporeni | BZ1: Nisporeni_comentariu | CA1: Cimislia | CB1: Cimislia_comentariu | CC1: Riscani | CD1: Riscani_comentariu | CE1: Rezina | CF1: Rezina_comentariu | CG1: Basarabeasca | CH1: Basarabeasca Comentariu | CI1: Congaz | CJ1: Congaz_comentariu | CK1: Codru | CL1: Codru_comentariu | CM1: Glodeni | CN1: Glodeni_comentariu | CO1: Costesti | CP1: Costesti_comentariu | CQ1: Leova | CR1: Leova_comentariu | CS1: Donduseni | CT1: Donduseni_comentariu | CU1: Carpineni | CV1: Carpineni_comentariu | CW1: Briceni | CX1: Briceni_comentariu | CY1: Copceac | CZ1: Copceac_comentariu | DA1: Ocnita | DB1: Ocnita_comentariu | DC1: Anenii Noi | DD1: Anenii Noi_comentariu | DE1: Baurci | DF1: Baurci_comentariu | DG1: Cricova | DH1: Cricova_comentariu | DI1: Bacioi | DJ1: Bacioi_comentariu | DK1: Stefan Voda | DL1: Stefan Voda_comentariu | DM1: Singera | DN1: Singera_comentariu | DO1: Criuleni | DP1: Criuleni_comentariu | DQ1: Otaci | DR1: Otaci_comentariu | DS1: Cupcini | DT1: Cupcini_comentariu | DU1: Corjeuti | DV1: Corjeuti_comentariu | DW1: Truseni | DX1: Truseni_comentariu | DY1: Pelinia | DZ1: Pelinia_comentariu | EA1: Peresecina | EB1: Peresecina_comentariu | EC1: Sipoteni | ED1: Sipoteni_comentariu | EE1: Talmaza | EF1: Talmaza_comentariu | EG1: Budești | EH1: Budești_comentariu | EI1: Varnița | EJ1: Varnița_comentariu | EK1: Larga | EL1: Larga_comentariu | EM1: Telenești | EN1: Telenești_comentariu | EO1: Măgdăcești | EP1: Măgdăcești_comentariu | EQ1: Gura Galbenă | ER1: Gura Galbenă_comentariu | ES1: Chișcăreni | ET1: Chișcăreni_comentariu | EU1: Ruseștii Noi | EV1: Ruseștii Noi_comentariu | EW1: Zaim | EX1: Zaim_comentariu | EY1: Comrat | EZ1: Comrat_comentariu
A2: Q1 | B2: C20001 | C2: 2 | D2: Pagina web oficială a autorității publice dispune de compartimente dedicate transparenţei decizionale, unde se plasează informaţia privind procesul de elaborare şi adoptare a deciziilor ? | E2: Does the official web page of the public authority contains the fields related to transparency in decision making process, where the information about the development and approval of decisions is placed? | F2: acc | G2: acc1 | H2: acc1k | I2: 1 | J2: da | K2: yes | L2: nu | M2: no | N2: partial | O2: partially | P2: -------- | Q2: -------- | R2: -------- | S2: -------- | T2: -------- | U2: -------- | V2: -------- | W2: -------- | X2: N/A | Y2: N/A | Z2: -------- | AA2: -------- | AB2: 1 | AC2: 0 | AD2: =AB2/2 -> 0.5 | AI2: N/A | AK2: da | AL2: https://www.chisinau.md/scategory.php?l=ro&idc=1000&t=/Transparenta-decizionala/ https://www.chisinau.md/libt.php?l=ro&idc=412&t=/Consiliul/Activitatea-Consiliului/Sedintele-CMC https://www.chisinau.md/lib.php?l=ro&idc=616&t=/Consiliul/Activitatea-Consiliului/Proiecte-de-decizii& https://www.chisinau.md/libt.php?l=ro&idc=408&t=/Consiliul/Activitatea-Consiliului/Decizii-CMC& | AM2: da | AN2: http://balti.md/ | AO2: da | AP2: http://primariacahul.md/ | AQ2: da | AR2: http://ungheni.md/ | AS2: da | AT2: http://www.primsoroca.md/ro// | AU2: da | AV2: https://www.orhei.md/index.php?l=ro | AW2: da | AX2: https://ceadir-lunga.md/webportal/ | AY2: da | AZ2: http://www.straseni.md/ | BA2: partial | BB2: În compartimentele destinate transparenței decizionale nu sînt publicate informatii https://primariadrochia.md/ | BC2: partial | BD2: http://www.durlesti.md/ | BE2: da | BF2: https://primaria.causeni.org/ | BG2: partial | BH2: http://primariaedinet.md/ | BI2: partial | BJ2: https://primariahincesti.md/ | BK2: partial | BL2: https://www.vulcanestimd.com/ | BM2: partial | BN2: http://calarasi-primaria.md/ | BO2: partial | BP2: http://ialoveni.md/ | BQ2: partial | BR2: http://primariafloresti.md/ | BS2: nu | BT2: Compartimentele destinate transparentei decizionale nu contin informatiile prevăzute de lege http://taraclia.md/ru/page/prozrachnosty#hm | BU2: da | BV2: https://falesti.md/index.php | BW2: partial | BX2: http://primariasingerei.md | BY2: partial | BZ2: http://primarianisporeni.md/docs/ | CA2: da | CB2: http://cimislia.md/ro/page/transparenta http://cimislia.md/ro/page/consiliul-local/consiliul-local-214 | CC2: partial | CD2: http://riscani.com/ro/page/transparenta#hm | CE2: nu | CF2: nu sînt informații pe web | CG2: nu | CH2: Compartimentele destinate transparenței decizionale nu sînt completate | CI2: nu | CJ2: Compartimentele nu sînt completate | CK2: nu | CL2: nu sînt informații pe web | CM2: partial | CN2: www.primaria-glodeni.md | CO2: nu | CP2: nu sînt informații pe web | CQ2: partial | CR2: http://primarialeova.md | CS2: nu | CT2: Pagina web nefuncțională (ultima verificare 31.05.2020) | CU2: da | CV2: http://www.carpineni.md/articole/transparenta/page/5/# | CW2: nu | CX2: nu sînt completate corespunzător | CY2: nu | CZ2: nu sînt completate corespunzător | DA2: partial | DB2: http://primariaocnita.md/ | DC2: partial | DD2: https://anenii-noi.com/index.php | DE2: nu | DF2: nu este pagina web (ultima verificare 31.05.2020) | DG2: da | DH2: http://www.primariacricova.md/ro/ | DI2: partial | DJ2: https://bacioi.md/ | DK2: partial | DL2: http://www.primariastefanvoda.md/ | DM2: nu | DN2: nu sînt completate corespunzător | DO2: nu | DP2: site nefuncțional (ultima verificare 31.05.2020) | DQ2: nu | DR2: Nu are pagină web (ultima verificare 31.05.2020) | DS2: nu | DT2: nu sînt informații pe web | DU2: nu | DV2: Nu are pagină web (ultima verificare 31.05.2020) | DW2: da | DX2: www.truseni.md | DY2: nu | DZ2: nu sînt completate corespunzător | EA2: nu | EB2: Nu sînt completate corespunzător | EC2: nu | ED2: Nu are pagină web (ultima verificare 31.05.2020) | EE2: nu | EF2: Nu sînt completate corespunzător | EG2: partial | EH2: https://www.budesti.md/ | EI2: da | EJ2: http://varnita.md/ | EK2: nu | EL2: Nu sînt completate corespunzător | EM2: partial | EN2: http://www.primariatelenesti.md/ | EO2: partial | EP2: https://magdacesti.md/ | EQ2: nu | ER2: pagina web nefuncțională (ultima verificare la 2.06.2020) | ES2: nu | ET2: pagina web nefuncțională (ultima verificare la 2.06.2020) | EU2: nu | EV2: pagina web nefuncțională (ultima verificare la 2.06.2020) | EW2: partial | EX2: http://zaim.md/ro/page/transparenta | EY2: partial | EZ2: https://comrat.md/
A3: Q2 | B3: C20002 | C3: 3 | D3: Pagina web conține date de contact, informații privind programul de lucru al autorității publice și subdiviziunile sale, cu indicarea zilelor şi orelor de audienţă a funcţionarilor responsabili de furnizarea informaţiilor, documentelor oficiale? | E3: Does the web page contains contact information, information about the working program of the public authority and its subdivisions, including days and hours when public officers in charge with providing information and official documents are in the office? | F3: acc | G3: acc2 | H3: acc2k | I3: 1 | J3: da | K3: yes | L3: nu | M3: no | N3: partial | O3: partially | P3: -------- | Q3: -------- | R3: -------- | S3: -------- | T3: -------- | U3: -------- | V3: -------- | W3: -------- | X3: N/A | Y3: N/A | Z3: -------- | AA3: -------- | AB3: 1 | AC3: 0 | AD3: =AB3/2 -> 0.5 | AI3: N/A | AK3: partial | AL3: https://www.chisinau.md/pageview.php?l=ro&idc=666&t=/Alo-Primaria/Telefoane-utile https://www.chisinau.md/category.php?l=ro&idc=449&t=/Directii/ https://www.chisinau.md/category.php?l=ro&idc=428&t=/Structura-Primariei/ | AM3: da | AN3: http://balti.md/primaria/aparatul-primariei/ http://balti.md/relatii-cu-publicul/petitii-si-audienta-cetatenilor/ http://balti.md/relatii-cu-publicul/telefonul-direct/ | AO3: partial | AP3: http://primariacahul.md/index.php/primaria-cahul/specialisti/384-specialisti-2 | AQ3: partial | AR3: http://ungheni.md/aparatul-primariei/ http://ungheni.md/contacte/ | AS3: da | AT3: http://www.primsoroca.md/ro/contacte http://www.primsoroca.md/ro/aparatul-primariei http://www.primsoroca.md/ro/conducerea-primariei | AU3: da | AV3: https://www.orhei.md/index.php?pag=feedback&id=561&l=ro https://www.orhei.md/index.php?pag=page&id=681&l=ro https://www.orhei.md/index.php?pag=page&id=676&l=ro https://www.orhei.md/index.php?pag=page&id=922&l=ro | AW3: da | AX3: https://ceadir-lunga.md/kontakty https://ceadir-lunga.md/primeriya/sluzhashchie | AY3: partial | AZ3: http://www.straseni.md/contacte/ http://www.straseni.md/aparatul-primariei/ | BA3: partial | BB3: http://primariadrochia.md/person-category/aparatul-primariei/ | BC3: da | BD3: http://www.durlesti.md/ro/contacte.html | BE3: partial | BF3: https://primaria.causeni.org/contacte/ https://primaria.causeni.org/aparatul-primariei/ | BG3: partial | BH3: http://primariaedinet.md/?page_id=32 http://primariaedinet.md/?page_id=140 | BI3: partial | BJ3: https://primariahincesti.md/contacte/ | BK3: partial | BL3: https://www.vulcanestimd.com/apparat-primerii | BM3: da | BN3: http://calarasi-primaria.md/primar/ http://calarasi-primaria.md/contacte/ http://calarasi-primaria.md/lista-colaboratorilor-primariei/ | BO3: da | BP3: http://ialoveni.md/phone-numbers/ http://ialoveni.md/primar/ | BQ3: partial | BR3: http://primariafloresti.md/contacte/ | BS3: da | BT3: http://taraclia.md/ro/page/contacte http://taraclia.md/ru/page/grazhdan-i-bizns/prim-grazhdan/zargistriruytsy-na-prim | BU3: da | BV3: https://falesti.md/index.php/contacte.html https://falesti.md/index.php/primar.html https://falesti.md/index.php/secretarul-consiliului.html | BW3: da | BX3: http://primariasingerei.md/ro/page/cos-cu-pagini-sterse/contacte/contacte-si-adrese-utile http://primariasingerei.md/ro/page/transparenta1/dialogul-cu-cetatenii | BY3: partial | BZ3: http://primarianisporeni.md/contacte/lista-contacte/ | CA3: da | CB3: http://cimislia.md/ro/page/primaria/primaria-208/aparatul-primariei http://cimislia.md/ro/page/cetateni-si-business/audierea-cetatenilor/orarul-audierilor | CC3: partial | CD3: http://riscani.com/ro/page/contacte | CE3: da | CF3: http://primaria-rezina.md/contacte/ http://primaria-rezina.md/zile-de-audienta/ | CG3: partial | CH3: http://www.primariabessarabka.md/ru/page/kontaktn-dann http://www.primariabessarabka.md/ru/page/primriya/primriya-209/apparat-primrii | CI3: partial | CJ3: https://www.congaz.md/kontaktnaya-informatsiya/ | CK3: da | CL3: https://primariacodru.md/contacte-codru/ | CM3: da | CN3: http://primaria-glodeni.md/ro/page/contacte http://primaria-glodeni.md/ro/page/primaria/primaria-208/aparatul-primariei http://primaria-glodeni.md/ro/page/primaria/primarul/biografia-primarului http://primaria-glodeni.md/ro/page/primaria/primaria-208/viceprimari | CO3: da | CP3: http://costesti.md/telefonul-direct/ http://costesti.md/primarie-apl/ | CQ3: partial | CR3: http://primarialeova.md/contacte/ | CS3: nu | CT3: Pagina web nefuncțională (ultima verificare 31.05.2020) | CU3: da | CV3: http://www.carpineni.md/contacte/ http://www.carpineni.md/secretar/ http://www.carpineni.md/viceprimar/ | CW3: da | CX3: http://primbriceni.md/contacte/ http://primbriceni.md/primarul/ http://primbriceni.md/viceprimar/ http://primbriceni.md/secretarul-consiliului/ http://primbriceni.md/aparatulprimariei/ | CY3: partial | CZ3: http://www.copceac.md/kontakty/ | DA3: da | DB3: http://primariaocnita.md/lista-functionarilor-publici-din-cadrul-primariei-orasului-ocnita/ http://primariaocnita.md/zile-de-audienta-si-date-de-contact/ | DC3: partial | DD3: https://anenii-noi.com/index.php/primaria/contacte/ https://anenii-noi.com/index.php/primaria/primarul-anenii-noi/ https://anenii-noi.com/index.php/consiliul-local/secretarul-consiliului/ | DE3: nu | DF3: nu este pagina web (ultima verificare 31.05.2020) | DG3: da | DH3: http://www.primariacricova.md/ro/contacte.html http://www.primariacricova.md/ro/aparatul-primariei--personalul-primariei-.html | DI3: partial | DJ3: https://bacioi.md/contacte/ https://bacioi.md/aparatul-primariei/ | DK3: partial | DL3: http://www.primariastefanvoda.md/index.php?pag=page&id=26&l= http://www.primariastefanvoda.md/?pag=aparatul&opa=directie&id=28&l= | DM3: partial | DN3: https://singera.md/contact.html | DO3: nu | DP3: site nefuncțional (ultima verificare 31.05.2020) | DQ3: nu | DR3: Nu are pagină web (ultima verificare 31.05.2020) | DS3: partial | DT3: http://cupcini.md/contacte/ | DU3: nu | DV3: Nu are pagină web (ultima verificare 31.05.2020) | DW3: da | DX3: http://truseni.md/index.php/ro/kontakty http://truseni.md/index.php/ro/kontakty-i-audientsiya | DY3: partial | DZ3: http://www.pelinia.md/contacte/ http://www.pelinia.md/aparatul-primariei/ | EA3: nu | EB3: nu sînt informații pe web | EC3: nu | ED3: Nu are pagină web (ultima verificare 31.05.2020) | EE3: partial | EF3: http://talmaza.md/index.php?pag=feedback&id=896&l=ro http://talmaza.md/index.php?pag=page&id=1196&l=ro | EG3: partial | EH3: https://budesti.md/contacte/ | EI3: partial | EJ3: http://varnita.md/contact | EK3: partial | EL3: http://larga.md/ro/prim-ria/contacte.html http://larga.md/ro/prim-ria/aparatul-prim-riei.html | EM3: da | EN3: http://www.primariatelenesti.md/contacte/ http://www.primariatelenesti.md/primar/ http://www.primariatelenesti.md/viceprimar/ http://www.primariatelenesti.md/secretar/ | EO3: nu | EP3: nu sînt informații pe web | EQ3: nu | ER3: pagina web nefuncțională (ultima verificare la 2.06.2020) | ES3: nu | ET3: pagina web nefuncțională (ultima verificare la 2.06.2020) | EU3: nu | EV3: pagina web nefuncțională (ultima verificare la 2.06.2020) | EW3: partial | EX3: http://zaim.md/ro/page/contacte http://zaim.md/ro/page/primaria/primaria-208/aparatul-primariei | EY3: da | EZ3: https://comrat.md/kontakty.html https://comrat.md/rukovodstvo.html
A4: Q3 | B4: C20003 | C4: 4 | D4: Sunt disponibile pe site-ul oficial numele, date de contact și afilierea politică a consilierilor locali ? | E4: Are the names of the officials, contact data and political affiliation of the local counselors published on the web site? | F4: acc | G4: acc3 | H4: acc3k | I4: 1 | J4: da | K4: yes | L4: nu | M4: no | N4: partial | O4: partially | P4: -------- | Q4: -------- | R4: -------- | S4: -------- | T4: -------- | U4: -------- | V4: -------- | W4: -------- | X4: N/A | Y4: N/A | Z4: -------- | AA4: -------- | AB4: 1 | AC4: 0 | AD4: =AB4/2 -> 0.5 | AI4: N/A | AK4: partial | AL4: https://www.chisinau.md/pageview.php?l=ro&idc=415&t=/Consiliul/Componenta/Consilierii-CMC&year=2019&& | AM4: partial | AN4: http://balti.md/consilieri/ http://balti.md/consiliul/graficul-de-audienta/ | AO4: partial | AP4: http://primariacahul.md/index.php/consiliul-orasenesc/componenta/74-lista-consilierilor-in-consiliul-orasenesc-cahul | AQ4: partial | AR4: http://ungheni.md/consilieri/ | AS4: partial | AT4: http://www.primsoroca.md/ro/componenta-consiliului | AU4: partial | AV4: https://www.orhei.md/index.php?pag=page&id=924&l=ro | AW4: da | AX4: https://ceadir-lunga.md/munitsipalnyj-sovet/sovetniki | AY4: da | AZ4: http://www.straseni.md/consilieri/ | BA4: partial | BB4: http://primariadrochia.md/person-category/consilieri/ | BC4: partial | BD4: http://www.durlesti.md/ro/componenta-consiliului.html | BE4: partial | BF4: https://primaria.causeni.org/consiliul-orasenesc/ | BG4: partial | BH4: http://primariaedinet.md/?page_id=57 | BI4: nu | BJ4: nu sînt informații pe web | BK4: partial | BL4: https://www.vulcanestimd.com/deputatskie-okruga | BM4: partial | BN4: http://calarasi-primaria.md/consilieri/ | BO4: partial | BP4: http://ialoveni.md/lista-consilierilor/ | BQ4: partial | BR4: http://primariafloresti.md/consilieri/ | BS4: da | BT4: http://taraclia.md/ru/page/mstny-sovt/mstny-sovt-215/mstn-sovtniki-i-sfr-otvtstvnnosti | BU4: da | BV4: https://falesti.md/index.php/consilieri.html | BW4: da | BX4: http://primariasingerei.md/ro/page/consiliul-local/consilieri-si-programul-de-audienta | BY4: partial | BZ4: http://primarianisporeni.md/structura/consiliul-orasenesc/ | CA4: da | CB4: http://cimislia.md/ro/page/consiliul-local/consiliul-local-214/consilieri-locali-si-domeniile-de-responsabilitate | CC4: partial | CD4: http://riscani.com/ro/page/consiliul-local/consiliul-local-2015-2019/consilieri-locali-si-domeniile-de-responsabilitate | CE4: partial | CF4: http://primaria-rezina.md/componenta/ | CG4: partial | CH4: http://www.primariabessarabka.md/ru/page/mstny-sovt/mstny-sovt-215/mstn-sovtniki-i-sfr-otvtstvnnosti | CI4: partial | CJ4: https://www.congaz.md/spetsializirovannye-komitety/ | CK4: partial | CL4: https://primariacodru.md/consiliul-local/ | CM4: partial | CN4: http://primaria-glodeni.md/ro/page/consilieri-locali-si-domeniile-de-responsabilitate-216/desopre-consiliul-local/consilieri-locali-si-domeniile-de-responsabilitate | CO4: nu | CP4: nu sînt informații pe web | CQ4: partial | CR4: http://primarialeova.md/consilieri/ | CS4: nu | CT4: Pagina web nefuncțională (ultima verificare 31.05.2020) | CU4: partial | CV4: http://www.carpineni.md/consilieri-in-perioada-2019-2023/ | CW4: partial | CX4: http://primbriceni.md/componenta-consiliului/ | CY4: da | CZ4: http://www.copceac.md/selskij-sovet/ | DA4: da | DB4: http://primariaocnita.md/lista-consilierilor-in-consiliul-orasenesc-ocnita-2015-2019/ | DC4: partial | DD4: https://anenii-noi.com/index.php/consiliul-local/lista-membrilor/ | DE4: nu | DF4: nu este pagina web (ultima verificare 31.05.2020) | DG4: partial | DH4: http://www.primariacricova.md/ro/componenta-consiliului.html | DI4: partial | DJ4: https://bacioi.md/consilieri-locali/ | DK4: nu | DL4: nu sînt informații pe web | DM4: partial | DN4: https://singera.md/consilierii-locali.html | DO4: nu | DP4: site nefuncțional (ultima verificare 31.05.2020) | DQ4: nu | DR4: Nu are pagină web (ultima verificare 31.05.2020) | DS4: partial | DT4: http://cupcini.md/componenta-consiliului/ | DU4: nu | DV4: Nu are pagină web (ultima verificare 31.05.2020) | DW4: partial | DX4: http://truseni.md/index.php/ro/spisok-sovetnikov | DY4: partial | DZ4: http://www.pelinia.md/consilieri/ | EA4: nu | EB4: nu sînt informații pe web | EC4: nu | ED4: Nu are pagină web (ultima verificare 31.05.2020) | EE4: da | EF4: http://talmaza.md/index.php?pag=page&id=1195&l=ro | EG4: partial | EH4: https://budesti.md/consilieri/12-lista-consilierilor-ai-consiliului-local-budeti.html | EI4: nu | EJ4: nu sînt informații pe web | EK4: partial | EL4: http://larga.md/ro/consiliul-comunal/consilieri.html | EM4: da | EN4: http://www.primariatelenesti.md/consilieri/ | EO4: partial | EP4: https://magdacesti.md/componenta/ | EQ4: nu | ER4: pagina web nefuncțională (ultima verificare la 2.06.2020) | ES4: nu | ET4: pagina web nefuncțională (ultima verificare la 2.06.2020) | EU4: nu | EV4: pagina web nefuncțională (ultima verificare la 2.06.2020) | EW4: da | EX4: http://zaim.md/ro/page/consiliul-local/consiliul-local-214/consilieri-locali-si-domeniile-de-responsabilitate | EY4: da | EZ4: https://comrat.md/municipalnye-sovetniki.html
A5: Q4 | B5: C20004 | C5: 5 | D5: Anunţul referitor la desfăşurarea şedinţei publice este adus la cunoştinţă cetăţenilor (cu cel puţin 5 zile înaintea şedinţelor ordinare şi cu cel puţin 3 zile înaintea celor extraordinare)? | E5: Is the announcement about the public session made public to citizens (at least 5 days before the ordinary meetings and at least 3 days before the extraordinary meeting)? | F5: acc | G5: acc4 | H5: acc4k | I5: 1 | J5: da | K5: yes | L5: nu | M5: no | N5: partial/panou informativ | O5: partially/bliboard | P5: 0-10% | Q5: 0-10% | R5: 10-30% | S5: 10-30% | T5: 30-60% | U5: 30-60% | V5: 60-90% | W5: 60-90% | X5: N/A | Y5: N/A | Z5: -------- | AA5: -------- | AB5: 1 | AC5: 0 | AD5: =AB5/2 -> 0.5 | AE5: =$AB5*(1/5) -> 0.2 | AF5: =$AB5*(2/5) -> 0.4 | AG5: =$AB5*(3/5) -> 0.6 | AH5: =$AB5*(4/5) -> 0.8 | AI5: N/A | AK5: da | AL5: https://www.chisinau.md/libt.php?l=ro&idc=412&t=/Consiliul/Activitatea-Consiliului/Sedintele-CMC&year=2019& https://www.chisinau.md/libview.php?l=ro&idc=403&id=28036&t=/Presa/Comunicate-de-presa/edinta-Consiliului-municipal-Chiinau https://www.chisinau.md/libview.php?l=ro&idc=403&id=27982&t=/Presa/Comunicate-de-presa/edinta-Consiliului-municipal-Chiinau https://www.chisinau.md/libview.php?l=ro&idc=403&id=28116&t=/Presa/Comunicate-de-presa/edinta-Consiliului-municipal-Chiinau https://www.chisinau.md/libview.php?l=ro&idc=403&id=27827&t=/Presa/Comunicate-de-presa/edinta-Consiliului-municipal-Chiinau https://www.chisinau.md/libview.php?l=ro&idc=403&id=27206&t=/Presa/Comunicate-de-presa/edinta-Consiliului-municipal-Chiinau https://www.chisinau.md/libview.php?l=ro&idc=403&id=27297&t=/Presa/Comunicate-de-presa/Continuarea-edintei-Consiliului-municipal-Chiinau https://www.chisinau.md/libview.php?l=ro&idc=403&id=27763&t=/Presa/Comunicate-de-presa/edinta-Consiliului-municipal-Chiinau https://www.chisinau.md/libview.php?l=ro&idc=403&id=26637&t=/Presa/Comunicate-de-presa/Continuarea-edintei-Consiliului-municipal-Chiinau https://www.chisinau.md/libview.php?l=ro&idc=403&id=26530&t=/Presa/Comunicate-de-presa/Convocarea-edintei-ordinare-a-Consiliului-municipal-Chiinau https://www.chisinau.md/libview.php?l=ro&idc=403&id=25476&t=/Presa/Comunicate-de-presa/Continuarea-edintei-Consiliului-municipal-Chiinau https://www.chisinau.md/libview.php?l=ro&idc=403&id=25252&t=/Presa/Comunicate-de-presa/Convocarea-edintei-extraordinare-a-Consiliului-municipal-Chiinau https://www.chisinau.md/libview.php?l=ro&idc=403&id=25032&t=/Presa/Comunicate-de-presa/Convocarea-edintei-de-indata-a-Consiliului-municipal-Chiinau | AM5: da | AN5: http://balti.md/consiliul/sedinte/ | AO5: da | AP5: http://primariacahul.md/index.php/consiliul-orasenesc/proiecte-de-decizii http://primariacahul.md/index.php/20-informatii-publice/1195-se-convoaca-sedinta-ordinara-a-consiliului-municipal-cahul-la-data-de-30-mai-2019 | AQ5: nu | AR5: nu sînt informații pe web | AS5: da | AT5: http://www.primsoroca.md/ro/dispozitiile-primarului?ArticleFileSearch%5BYear%5D=2019&ArticleFileSearch%5BMonth%5D=&ArticleFileSearch%5BDay%5D= | AU5: da | AV5: https://www.orhei.md/index.php?pag=news&id=907&l=ro https://www.orhei.md/index.php?pag=news&id=737&l=ro | AW5: partial/panou informativ | AX5: https://ceadir-lunga.md/novosti/item/3035-na-sleduyushchej-nedele-sostoitsya-zasedanie-chadyr-lungskogo-soveta https://ceadir-lunga.md/novosti/item/3040-izvestna-povestka-dnya-zasedaniya-munitsipalnogo-soveta https://ceadir-lunga.md/novosti/item/3012-izvestna-povestka-dnya-ocherednogo-zasedaniya-munitsipalnogo-soveta https://ceadir-lunga.md/novosti/item/2994-v-chadyr-lunge-sostoitsya-pervoe-zasedanie-novogo-soveta https://ceadir-lunga.md/novosti/item/2944-v-pyatnitsu-sostoitsya-vneocherednoe-zasedanie-soveta | AY5: 60-90% | AZ5: http://www.straseni.md/dispozitia-nr-261-cu-privire-la-convocarea-consiliului-municipal-straseni/ http://www.straseni.md/dispozitia-nr-264-cu-privire-la-convocarea-consiliului-municipal/ http://actelocale.gov.md/ral/act/cu-privire-la-convocarea-consiliului-municipal-174987.html http://actelocale.gov.md/ral/act/cu-privire-la-convocarea-consiliului-municipal-200218.html http://actelocale.gov.md/ral/act/cu-privire-la-convocarea-consiliului-municipal-214572.html http://actelocale.gov.md/ral/act/cu-privire-la-convocarea-consiliului-municipal-323135.html http://actelocale.gov.md/ral/act/cu-privire-la-convocarea-consiliului-municipal-376151.html | BA5: nu | BB5: nu sînt informații pe web | BC5: da | BD5: http://www.durlesti.md/ro/proiecte-de-decizii.html | BE5: 0-10% | BF5: https://primaria.causeni.org/wp-content/uploads/2019/06/cu-privire-la-convocarea-%c8%99edin%c8%9bei.pdf | BG5: da | BH5: http://primariaedinet.md/?cat=47 | BI5: nu | BJ5: nu sînt informații pe web | BK5: nu | BL5: nu sînt informații pe web | BM5: 30-60% | BN5: http://calarasi-primaria.md/2019/12/27/sedinta-extraordinara-a-consiliului-orasenesc-calarasi/ http://calarasi-primaria.md/2019/12/17/convocare-sedinta-extraordinara-a-consiliului-orasenesc-calarasi-20-decembrie-2019/ http://calarasi-primaria.md/2019/11/29/convocare-sedinta-ordinara-a-consiliului-orasenesc-calarasi-06-decembrie-2019/ | BO5: da | BP5: http://ialoveni.md/news/page/16/ | BQ5: 10-30% | BR5: http://primariafloresti.md/proiecte-de-decizii/ http://primariafloresti.md/dispozitiile-primarului/ | BS5: 0-10% | BT5: http://taraclia.md/ru/page/mstny-sovt/mstny-sovt-215/zasdaniya-sovta/vnochrdno-zasdani-sovta-09092019 | BU5: da | BV5: https://falesti.md/index.php/proiecte-de-decizii.html | BW5: 0-10% | BX5: http://primariasingerei.md/ro/page/consiliul-local/sedintele-consiliului | BY5: nu | BZ5: nu sînt informații pe web | CA5: da | CB5: http://cimislia.md/ro/page/primaria/noutatile-primariei-384?item=sedinta-extraordinara-a-consiliului-orasenesc-cimislia-18112019 http://cimislia.md/ro/page/primaria/noutatile-primariei-384?item=in-data-de-18-septembrie-2019-se-convoaca-sedinta-extraordinara-a-consiliului-orasenesc-cimislia http://cimislia.md/ro/page/primaria/noutatile-primariei-384?item=sedinta-ordinara-a-consiliului-orasenesc-cimislia-20-august-2019-ora-0900 http://cimislia.md/ro/page/primaria/noutatile-primariei-384?item=in-data-de-05-iulie-2019-ora-0900-primarul-gheorghe-raileanu-convoaca-sedinta-extraordinara-a-consiliului-orasenesc-cimislia http://cimislia.md/ro/page/primaria/noutatile-primariei-384?item=se-convoaca-consiliul-orasenesc-cimislia-in-sedinta-ordinara-23052019-ora-1400 http://cimislia.md/ro/page/primaria/noutatile-primariei-384?item=sedinta-ordinara-a-cosiliului-orasenesc-cimislia-22032019 http://cimislia.md/ro/page/primaria/noutatile-primariei-384?item=sedinta-ordinara-a-consiliului-orasenesc-cimislia-18012019 http://cimislia.md/ro/page/primaria/noutatile-primariei-384?item=se-anunta-sedinta-consiliului-orasenesc-cimislia-5476&fbclid=IwAR1BbSqHNrL7HGJHHOUlCq4gZP9aNfXJJ-UjQRp8MPTBzzNNirfHCKWlQq4 http://cimislia.md/ro/page/primaria/noutatile-primariei-384?item=sedinta-de-inaugurare-a-consiliului-orasenesc-cimislia-12-noiembrie | CC5: da | CD5: http://riscani.com/ro/page/consiliul-local/consiliul-local-2015-2019/sedintele-consiliului/ordinea-de-zi | CE5: da | CF5: http://primaria-rezina.md/dispozitiile-primarului/ | CG5: nu | CH5: nu sînt informații pe web | CI5: 30-60% | CJ5: https://www.congaz.md/ekstrennoe-zasedanie-kongazskogo-selskogo-soveta-sostoitsya-27-noyabrya/ https://www.congaz.md/ocherednoe-zasedanie-selskogo-soveta-sostoitsya-4-sentyabrya/ https://www.congaz.md/povestka-dnya-zasedaniya-kongazskogo-selskogo-soveta-15-07-2019/ https://www.congaz.md/zasedanie-kongaszkogo-selskogo-soveta-sostoitsya-25-marta-v-povestke-23-voprosa/ | CK5: nu | CL5: nu sînt informații pe web | CM5: 30-60% | CN5: http://primaria-glodeni.md/ro/page/consilieri-locali-si-domeniile-de-responsabilitate-216/sedintele-consiliului/ordinea-de-zi http://primaria-glodeni.md/ro/page/primaria/activitatea-curenta/noutatile-primariei?item=sedinta-ordinara-a-consiliului-orasenesc-glodeni-din-28062019 | CO5: 30-60% | CP5: http://costesti.md/2019/01/19/se-anunta-prima-sedinta-extraordinara-a-consiliului-local-costesti-din-acest-an-2/ http://costesti.md/2019/04/18/se-anunta-sedinta-ordinara-a-consiliului-local-costesti-4/ http://costesti.md/2019/08/13/se-anunta-sedinta-ordinara-a-consiliului-local-costesti-5/ http://costesti.md/2019/09/17/se-anunta-sedinta-extraordinara-a-consiliului-local-costesti-5/ | CQ5: nu | CR5: nu sînt informații pe web | CS5: partial/panou informativ | CT5: Conform răspunsului din chestionar | CU5: 30-60% | CV5: http://www.carpineni.md/wp-content/uploads/2019/11/Dispozi-ie-4-Cu-privire-la-convocarea-consiliului.pdf http://www.carpineni.md/wp-content/uploads/2019/11/Dispozi-ie-59-Cu-privire-la-convocarea-consiliului.pdf http://www.carpineni.md/wp-content/uploads/2019/03/Dispozi-ie-consiliu.pdf http://www.carpineni.md/dispozitie-cu-privire-la-sedinta-consiliului-local-carpineni/ http://www.carpineni.md/wp-content/uploads/2019/12/Dispozi-ie-172-cu-privire-la-convocarea-consiliului.pdf | CW5: nu | CX5: nu sînt informații pe web | CY5: 30-60% | CZ5: http://www.copceac.md/2019/12/03/rasporyazheniem-primara-ocherednoe-zasedanie-mestnogo-soveta-sozyvaetsya-6-dekabrya-v-1400-ch/ http://www.copceac.md/2019/11/15/pervoe-uchreditelnoe-zasedanie-mestnogo-soveta-naznacheno-na-18-noyabrya-v-1500-ch/ http://www.copceac.md/2019/04/09/rasporyazheniem-primara-ot-5-aprelya-2019-goda-vneocherednoe-zasedanie-mestnogo-soveta-sozyvaetsya-12-aprelya-v-1500-ch-so-sleduyushhej-povestkoj-dnya/ http://www.copceac.md/2019/02/04/rasporyazheniem-primara-zasedanie-mestnogo-soveta-sozyvaetsya-8-fevralya-v-1500/ | DA5: 30-60% | DB5: http://primariaocnita.md/dispozitii-2019/ | DC5: 60-90% | DD5: https://anenii-noi.com/index.php/cu-privire-la-convocarea-sedintei-ordinare-a-consiliului-orasenesc/ https://anenii-noi.com/index.php/dispozitie-nr-48-din-24-mai-2019-cu-privire-la-convocarea-sedintei-a-consiliului-orasenesc/ https://anenii-noi.com/wp-content/uploads/2019/06/1.pdf https://anenii-noi.com/index.php/dispozitia-primarului-cu-privire-la-convocarea-sedintei-extraordinare-a-consiliului-orasenesc/ https://anenii-noi.com/index.php/dispozitia-primarului-cu-privire-la-convocarea-sedintei-extraordinare-a-consiliului-orasenesc-4/ https://anenii-noi.com/index.php/cu-privire-la-convocarea-sedintei-extraordinare-a-consiliului-orasenesc-4/ https://anenii-noi.com/index.php/cu-privire-la-convocarea-sedintei-extraordinare-a-consiliului-orasenesc-5/ https://anenii-noi.com/wp-content/uploads/2019/11/1.pdf https://anenii-noi.com/index.php/cu-privire-la-convocarea-sedintei-extraordinare-a-consiliului-orasenesc-6/ | DE5: nu | DF5: nu este pagina web (ultima verificare 31.05.2020) | DG5: 30-60% | DH5: http://www.primariacricova.md/ro/dispozitii.html http://www.primariacricova.md/images/u/12/files/2019/09/DISPOZITIA%20CONVOCARE%20SEDINTA%20EXTRAORDINARA.pdf | DI5: nu | DJ5: nu sînt informații pe web | DK5: 0-10% | DL5: http://www.primariastefanvoda.md/?pag=news&opa=view&id=230&tip=anunt&start=&l= | DM5: nu | DN5: nu sînt informații pe web | DO5: nu | DP5: site nefuncțional (ultima verificare 31.05.2020) | DQ5: nu | DR5: Nu are pagină web (ultima verificare 31.05.2020) | DS5: nu | DT5: nu sînt informații pe web | DU5: nu | DV5: Nu are pagină web (ultima verificare 31.05.2020) | DW5: 60-90% | DX5: http://truseni.md/index.php/ro/sobraniya-soveta | DY5: nu | DZ5: nu sînt informații pe web | EA5: nu | EB5: nu sînt informații pe web | EC5: nu | ED5: Nu are pagină web (ultima verificare 31.05.2020) | EE5: 30-60% | EF5: http://talmaza.md/index.php?pag=news&id=1197&rid=542&l=ro http://talmaza.md/index.php?pag=news&id=1197&rid=469&l=ro http://talmaza.md/index.php?pag=news&id=1197&rid=437&l=ro http://talmaza.md/index.php?pag=news&id=1180&rid=551&l=ro http://talmaza.md/index.php?pag=news&id=1180&rid=554&l=ro | EG5: 10-30% | EH5: https://budesti.md/dispozitii/1660-dispoziie-nr-72-d-din-07062019.html https://budesti.md/dispozitii/1556-dispoziie-nr-25-d-din-22022019.html | EI5: 60-90% | EJ5: http://varnita.md/category/avize/page/2 http://varnita.md/dispozitie-cu-privire-la-convocarea-sedintei-ordinare-consiliului-satesc | EK5: 0-10% | EL5: http://larga.md/ro/469-%C8%99edin%C8%9Ba-a-1-a-a-noului-consiliu-format.html | EM5: da | EN5: http://www.primariatelenesti.md/articole/anunturi/ | EO5: 60-90% | EP5: https://magdacesti.md/2019/03/22/anunt-29-martie-2019-convocarea-sedintei-consiliului-satesc-magdacesti/ https://magdacesti.md/2019/07/10/16-iulie-2019-sedinta-ordinara-a-consiliului-satesc/ https://magdacesti.md/2019/09/04/10-septembrie-2019-sedinta-ordinara-a-consiliului-satesc/ https://magdacesti.md/2019/12/13/anunt-4/ | EQ5: nu | ER5: pagina web nefuncțională (ultima verificare la 2.06.2020) | ES5: nu | ET5: pagina web nefuncțională (ultima verificare la 2.06.2020) | EU5: nu | EV5: pagina web nefuncțională (ultima verificare la 2.06.2020) | EW5: 0-10% | EX5: http://zaim.md/ro/page/transparenta/finantele-publice-locale/cheltuielile-pentru-institutii-subordonate http://zaim.md/upload/actelocale/D.%20nr.3-a,2019.PDF | EY5: nu | EZ5: nu sînt informații pe web
A6: Q5 | B6: C20005 | C6: 6 | D6: Cuprind anunțurile referitor la desfăşurarea şedinţei publice data, ora, locul desfăşurării şedinţei şi ordinea de zi a acesteia ? | E6: Does the announcements related to the public session contains information about the hour, place, date, and the agenda? | F6: acc | G6: acc5 | H6: acc5k | I6: 1 | J6: da | K6: yes | L6: nu | M6: no | N6: partial | O6: partially | P6: 0-10% | Q6: 0-10% | R6: 10-30% | S6: 10-30% | T6: 30-60% | U6: 30-60% | V6: 60-90% | W6: 60-90% | X6: N/A | Y6: N/A | Z6: -------- | AA6: -------- | AB6: 1 | AC6: 0 | AD6: =AB6/2 -> 0.5 | AE6: =$AB6*(1/5) -> 0.2 | AF6: =$AB6*(2/5) -> 0.4 | AG6: =$AB6*(3/5) -> 0.6 | AH6: =$AB6*(4/5) -> 0.8 | AI6: N/A | AK6: da | AL6: https://www.chisinau.md/libt.php?l=ro&idc=412&t=/Consiliul/Activitatea-Consiliului/Sedintele-CMC&year=2019& https://www.chisinau.md/libview.php?l=ro&idc=403&id=28036&t=/Presa/Comunicate-de-presa/edinta-Consiliului-municipal-Chiinau https://www.chisinau.md/libview.php?l=ro&idc=403&id=27982&t=/Presa/Comunicate-de-presa/edinta-Consiliului-municipal-Chiinau https://www.chisinau.md/libview.php?l=ro&idc=403&id=28116&t=/Presa/Comunicate-de-presa/edinta-Consiliului-municipal-Chiinau https://www.chisinau.md/libview.php?l=ro&idc=403&id=27827&t=/Presa/Comunicate-de-presa/edinta-Consiliului-municipal-Chiinau https://www.chisinau.md/libview.php?l=ro&idc=403&id=27206&t=/Presa/Comunicate-de-presa/edinta-Consiliului-municipal-Chiinau https://www.chisinau.md/libview.php?l=ro&idc=403&id=27297&t=/Presa/Comunicate-de-presa/Continuarea-edintei-Consiliului-municipal-Chiinau https://www.chisinau.md/libview.php?l=ro&idc=403&id=27763&t=/Presa/Comunicate-de-presa/edinta-Consiliului-municipal-Chiinau https://www.chisinau.md/libview.php?l=ro&idc=403&id=26637&t=/Presa/Comunicate-de-presa/Continuarea-edintei-Consiliului-municipal-Chiinau https://www.chisinau.md/libview.php?l=ro&idc=403&id=26530&t=/Presa/Comunicate-de-presa/Convocarea-edintei-ordinare-a-Consiliului-municipal-Chiinau https://www.chisinau.md/libview.php?l=ro&idc=403&id=25476&t=/Presa/Comunicate-de-presa/Continuarea-edintei-Consiliului-municipal-Chiinau https://www.chisinau.md/libview.php?l=ro&idc=403&id=25252&t=/Presa/Comunicate-de-presa/Convocarea-edintei-extraordinare-a-Consiliului-municipal-Chiinau https://www.chisinau.md/libview.php?l=ro&idc=403&id=25032&t=/Presa/Comunicate-de-presa/Convocarea-edintei-de-indata-a-Consiliului-municipal-Chiinau | AM6: da | AN6: http://balti.md/consiliul/sedinte/ | AO6: da | AP6: http://primariacahul.md/index.php/consiliul-orasenesc/proiecte-de-decizii http://primariacahul.md/index.php/20-informatii-publice/1195-se-convoaca-sedinta-ordinara-a-consiliului-municipal-cahul-la-data-de-30-mai-2019 | AQ6: nu | AR6: nu sînt informații pe web | AS6: da | AT6: http://www.primsoroca.md/ro/dispozitiile-primarului?ArticleFileSearch%5BYear%5D=2019&ArticleFileSearch%5BMonth%5D=&ArticleFileSearch%5BDay%5D= http://www.primsoroca.md/ro/sedinte-ordinea-de-zi?ArticleFileSearch%5BYear%5D=2019&ArticleFileSearch%5BMonth%5D=&ArticleFileSearch%5BDay%5D= | AU6: da | AV6: https://www.orhei.md/index.php?pag=news&id=907&l=ro https://www.orhei.md/index.php?pag=news&id=737&l=ro | AW6: partial | AX6: https://ceadir-lunga.md/novosti/item/3035-na-sleduyushchej-nedele-sostoitsya-zasedanie-chadyr-lungskogo-soveta https://ceadir-lunga.md/novosti/item/3040-izvestna-povestka-dnya-zasedaniya-munitsipalnogo-soveta https://ceadir-lunga.md/novosti/item/3012-izvestna-povestka-dnya-ocherednogo-zasedaniya-munitsipalnogo-soveta https://ceadir-lunga.md/novosti/item/2994-v-chadyr-lunge-sostoitsya-pervoe-zasedanie-novogo-soveta https://ceadir-lunga.md/novosti/item/2944-v-pyatnitsu-sostoitsya-vneocherednoe-zasedanie-soveta | AY6: da | AZ6: http://www.straseni.md/dispozitia-nr-261-cu-privire-la-convocarea-consiliului-municipal-straseni/ http://www.straseni.md/dispozitia-nr-264-cu-privire-la-convocarea-consiliului-municipal/ http://actelocale.gov.md/ral/act/cu-privire-la-convocarea-consiliului-municipal-174987.html http://actelocale.gov.md/ral/act/cu-privire-la-convocarea-consiliului-municipal-200218.html http://actelocale.gov.md/ral/act/cu-privire-la-convocarea-consiliului-municipal-214572.html http://actelocale.gov.md/ral/act/cu-privire-la-convocarea-consiliului-municipal-323135.html http://actelocale.gov.md/ral/act/cu-privire-la-convocarea-consiliului-municipal-376151.html | BA6: nu | BB6: nu sînt informații pe web | BC6: da | BD6: http://www.durlesti.md/ro/proiecte-de-decizii.html | BE6: da | BF6: https://primaria.causeni.org/wp-content/uploads/2019/06/cu-privire-la-convocarea-%c8%99edin%c8%9bei.pdf | BG6: da | BH6: http://primariaedinet.md/?cat=48 | BI6: nu | BJ6: nu sînt informații pe web | BK6: nu | BL6: nu sînt informații pe web | BM6: da | BN6: http://calarasi-primaria.md/2019/12/27/sedinta-extraordinara-a-consiliului-orasenesc-calarasi/ http://calarasi-primaria.md/2019/12/17/convocare-sedinta-extraordinara-a-consiliului-orasenesc-calarasi-20-decembrie-2019/ http://calarasi-primaria.md/2019/11/29/convocare-sedinta-ordinara-a-consiliului-orasenesc-calarasi-06-decembrie-2019/ | BO6: da | BP6: http://ialoveni.md/news/page/16/ | BQ6: 10-30% | BR6: http://primariafloresti.md/proiecte-de-decizii/ http://primariafloresti.md/dispozitiile-primarului/ | BS6: 0-10% | BT6: http://taraclia.md/ru/page/mstny-sovt/mstny-sovt-215/zasdaniya-sovta/vnochrdno-zasdani-sovta-09092020 | BU6: da | BV6: https://falesti.md/index.php/proiecte-de-decizii.html | BW6: 30-60% | BX6: http://primariasingerei.md/ro/page/consiliul-local/sedintele-consiliului | BY6: nu | BZ6: nu sînt informații pe web | CA6: da | CB6: http://cimislia.md/ro/page/primaria/noutatile-primariei-384?item=sedinta-extraordinara-a-consiliului-orasenesc-cimislia-18112019 http://cimislia.md/ro/page/primaria/noutatile-primariei-384?item=in-data-de-18-septembrie-2019-se-convoaca-sedinta-extraordinara-a-consiliului-orasenesc-cimislia http://cimislia.md/ro/page/primaria/noutatile-primariei-384?item=sedinta-ordinara-a-consiliului-orasenesc-cimislia-20-august-2019-ora-0900 http://cimislia.md/ro/page/primaria/noutatile-primariei-384?item=in-data-de-05-iulie-2019-ora-0900-primarul-gheorghe-raileanu-convoaca-sedinta-extraordinara-a-consiliului-orasenesc-cimislia http://cimislia.md/ro/page/primaria/noutatile-primariei-384?item=se-convoaca-consiliul-orasenesc-cimislia-in-sedinta-ordinara-23052019-ora-1400 http://cimislia.md/ro/page/primaria/noutatile-primariei-384?item=sedinta-ordinara-a-cosiliului-orasenesc-cimislia-22032019 http://cimislia.md/ro/page/primaria/noutatile-primariei-384?item=sedinta-ordinara-a-consiliului-orasenesc-cimislia-18012019 http://cimislia.md/ro/page/primaria/noutatile-primariei-384?item=se-anunta-sedinta-consiliului-orasenesc-cimislia-5476&fbclid=IwAR1BbSqHNrL7HGJHHOUlCq4gZP9aNfXJJ-UjQRp8MPTBzzNNirfHCKWlQq4 http://cimislia.md/ro/page/primaria/noutatile-primariei-384?item=sedinta-de-inaugurare-a-consiliului-orasenesc-cimislia-12-noiembrie | CC6: da | CD6: http://riscani.com/ro/page/consiliul-local/consiliul-local-2015-2019/sedintele-consiliului/ordinea-de-zi | CE6: da | CF6: http://primaria-rezina.md/dispozitiile-primarului/ | CG6: nu | CH6: nu sînt informații pe web | CI6: 30-60% | CJ6: https://www.congaz.md/ekstrennoe-zasedanie-kongazskogo-selskogo-soveta-sostoitsya-27-noyabrya/ https://www.congaz.md/ocherednoe-zasedanie-selskogo-soveta-sostoitsya-4-sentyabrya/ https://www.congaz.md/povestka-dnya-zasedaniya-kongazskogo-selskogo-soveta-15-07-2019/ https://www.congaz.md/zasedanie-kongaszkogo-selskogo-soveta-sostoitsya-25-marta-v-povestke-23-voprosa/ | CK6: nu | CL6: nu sînt informații pe web | CM6: 30-60% | CN6: http://primaria-glodeni.md/ro/page/consilieri-locali-si-domeniile-de-responsabilitate-216/sedintele-consiliului/ordinea-de-zi http://primaria-glodeni.md/ro/page/primaria/activitatea-curenta/noutatile-primariei?item=sedinta-ordinara-a-consiliului-orasenesc-glodeni-din-28062019 | CO6: 30-60% | CP6: http://costesti.md/2019/01/19/se-anunta-prima-sedinta-extraordinara-a-consiliului-local-costesti-din-acest-an-2/ http://costesti.md/2019/04/18/se-anunta-sedinta-ordinara-a-consiliului-local-costesti-4/ http://costesti.md/2019/08/13/se-anunta-sedinta-ordinara-a-consiliului-local-costesti-5/ http://costesti.md/2019/09/17/se-anunta-sedinta-extraordinara-a-consiliului-local-costesti-5/ | CQ6: nu | CR6: nu sînt informații pe web | CS6: nu | CT6: Pagina web nefuncțională (ultima verificare 31.05.2020) | CU6: 30-60% | CV6: http://www.carpineni.md/wp-content/uploads/2019/11/Dispozi-ie-4-Cu-privire-la-convocarea-consiliului.pdf http://www.carpineni.md/wp-content/uploads/2019/11/Dispozi-ie-59-Cu-privire-la-convocarea-consiliului.pdf http://www.carpineni.md/wp-content/uploads/2019/03/Dispozi-ie-consiliu.pdf http://www.carpineni.md/dispozitie-cu-privire-la-sedinta-consiliului-local-carpineni/ http://www.carpineni.md/wp-content/uploads/2019/12/Dispozi-ie-172-cu-privire-la-convocarea-consiliului.pdf | CW6: nu | CX6: nu sînt informații pe web | CY6: 30-60% | CZ6: http://www.copceac.md/2019/12/03/rasporyazheniem-primara-ocherednoe-zasedanie-mestnogo-soveta-sozyvaetsya-6-dekabrya-v-1400-ch/ http://www.copceac.md/2019/11/15/pervoe-uchreditelnoe-zasedanie-mestnogo-soveta-naznacheno-na-18-noyabrya-v-1500-ch/ http://www.copceac.md/2019/04/09/rasporyazheniem-primara-ot-5-aprelya-2019-goda-vneocherednoe-zasedanie-mestnogo-soveta-sozyvaetsya-12-aprelya-v-1500-ch-so-sleduyushhej-povestkoj-dnya/ http://www.copceac.md/2019/02/04/rasporyazheniem-primara-zasedanie-mestnogo-soveta-sozyvaetsya-8-fevralya-v-1500/ | DA6: 30-60% | DB6: http://primariaocnita.md/dispozitii-2019/ | DC6: 60-90% | DD6: https://anenii-noi.com/index.php/cu-privire-la-convocarea-sedintei-ordinare-a-consiliului-orasenesc/ https://anenii-noi.com/index.php/dispozitie-nr-48-din-24-mai-2019-cu-privire-la-convocarea-sedintei-a-consiliului-orasenesc/ https://anenii-noi.com/wp-content/uploads/2019/06/1.pdf https://anenii-noi.com/index.php/dispozitia-primarului-cu-privire-la-convocarea-sedintei-extraordinare-a-consiliului-orasenesc/ https://anenii-noi.com/index.php/dispozitia-primarului-cu-privire-la-convocarea-sedintei-extraordinare-a-consiliului-orasenesc-4/ https://anenii-noi.com/index.php/cu-privire-la-convocarea-sedintei-extraordinare-a-consiliului-orasenesc-4/ https://anenii-noi.com/index.php/cu-privire-la-convocarea-sedintei-extraordinare-a-consiliului-orasenesc-5/ https://anenii-noi.com/wp-content/uploads/2019/11/1.pdf https://anenii-noi.com/index.php/cu-privire-la-convocarea-sedintei-extraordinare-a-consiliului-orasenesc-6/ | DE6: nu | DF6: nu este pagina web (ultima verificare 31.05.2020) | DG6: 30-60% | DH6: http://www.primariacricova.md/ro/dispozitii.html http://www.primariacricova.md/images/u/12/files/2019/09/DISPOZITIA%20CONVOCARE%20SEDINTA%20EXTRAORDINARA.pdf | DI6: nu | DJ6: nu sînt informații pe web | DK6: 0-10% | DL6: http://www.primariastefanvoda.md/?pag=news&opa=view&id=230&tip=anunt&start=&l= | DM6: nu | DN6: nu sînt informații pe web | DO6: nu | DP6: site nefuncțional (ultima verificare 31.05.2020) | DQ6: nu | DR6: Nu are pagină web (ultima verificare 31.05.2020) | DS6: nu | DT6: nu sînt informații pe web | DU6: nu | DV6: Nu are pagină web (ultima verificare 31.05.2020) | DW6: 60-90% | DX6: http://truseni.md/index.php/ro/sobraniya-soveta | DY6: nu | DZ6: nu sînt informații pe web | EA6: nu | EB6: nu sînt informații pe web | EC6: nu | ED6: Nu are pagină web (ultima verificare 31.05.2020) | EE6: 30-60% | EF6: http://talmaza.md/index.php?pag=news&id=1197&rid=542&l=ro http://talmaza.md/index.php?pag=news&id=1197&rid=469&l=ro http://talmaza.md/index.php?pag=news&id=1197&rid=437&l=ro http://talmaza.md/index.php?pag=news&id=1180&rid=551&l=ro http://talmaza.md/index.php?pag=news&id=1180&rid=554&l=ro | EG6: 10-30% | EH6: https://budesti.md/dispozitii/1660-dispoziie-nr-72-d-din-07062019.html https://budesti.md/dispozitii/1556-dispoziie-nr-25-d-din-22022019.html | EI6: 60-90% | EJ6: http://varnita.md/category/avize/page/2 http://varnita.md/dispozitie-cu-privire-la-convocarea-sedintei-ordinare-consiliului-satesc | EK6: 0-10% | EL6: http://larga.md/ro/469-%C8%99edin%C8%9Ba-a-1-a-a-noului-consiliu-format.html | EM6: da | EN6: http://www.primariatelenesti.md/articole/anunturi/ | EO6: 60-90% | EP6: https://magdacesti.md/2019/03/22/anunt-29-martie-2019-convocarea-sedintei-consiliului-satesc-magdacesti/ https://magdacesti.md/2019/07/10/16-iulie-2019-sedinta-ordinara-a-consiliului-satesc/ https://magdacesti.md/2019/09/04/10-septembrie-2019-sedinta-ordinara-a-consiliului-satesc/ https://magdacesti.md/2019/12/13/anunt-4/ | EQ6: nu | ER6: pagina web nefuncțională (ultima verificare la 2.06.2020) | ES6: nu | ET6: pagina web nefuncțională (ultima verificare la 2.06.2020) | EU6: nu | EV6: pagina web nefuncțională (ultima verificare la 2.06.2020) | EW6: 0-10% | EX6: http://zaim.md/ro/page/transparenta/finantele-publice-locale/cheltuielile-pentru-institutii-subordonate http://zaim.md/upload/actelocale/D.%20nr.3-a,2019.PDF | EY6: nu | EZ6: nu sînt informații pe web
A7: Q6 | B7: C20006 | C7: 7 | D7: Proiectele de decizii/dispoziţii şi materialele aferente acestora din anul 2019 au fost aduse la cunoștința publicului pînă la şedinţa autorităţii publice (cel puţin 3 zile lucrătoare înainte de data desfăşurării şedinţei)? | E7: Were the draft decisions/ provisions and relevant materials in 2019 of public hearings announced before the public authority's meeting (at least 3 working days before the date of the meeting)? | F7: acc | G7: acc6 | H7: acc6k | I7: 2 | J7: da | K7: yes | L7: nu | M7: no | N7: partial/panou informativ | O7: partially/bliboard | P7: 0-10% | Q7: 0-10% | R7: 10-30% | S7: 10-30% | T7: 30-60% | U7: 30-60% | V7: 60-90% | W7: 60-90% | X7: N/A | Y7: N/A | Z7: -------- | AA7: -------- | AB7: 2 | AC7: 0 | AD7: =AB7/2 -> 1 | AE7: =$AB7*(1/5) -> 0.4 | AF7: =$AB7*(2/5) -> 0.8 | AG7: =$AB7*(3/5) -> 1.2 | AH7: =$AB7*(4/5) -> 1.6 | AI7: N/A | AK7: 30-60% | AL7: https://www.chisinau.md/lib.php?l=ro&idc=616&t=/Consiliul/Activitatea-Consiliului/Proiecte-de-decizii/&year=2019 | AM7: da | AN7: http://balti.md/consiliul/sedinte/ | AO7: da | AP7: http://primariacahul.md/index.php/consiliul-orasenesc/proiecte-de-decizii | AQ7: nu | AR7: nu sînt informații pe web | AS7: da | AT7: http://www.primsoroca.md/ro/proiecte-de-decizii?ArticleFileSearch%5BYear%5D=2019&ArticleFileSearch%5BMonth%5D=&ArticleFileSearch%5BDay%5D=&page=1&per-page=10 | AU7: da | AV7: https://www.orhei.md/index.php?pag=news&id=762&l=ro | AW7: nu | AX7: nu sînt informații pe web | AY7: nu | AZ7: nu sînt informații pe web | BA7: 0-10% | BB7: https://primariadrochia.md/category/proiecte-de-decizii/ | BC7: da | BD7: http://www.durlesti.md/ro/proiecte-de-decizii.html | BE7: partial/panou informativ | BF7: https://primaria.causeni.org/consultare-publica/ | BG7: nu | BH7: nu sînt informații pe web | BI7: nu | BJ7: nu sînt informații pe web | BK7: nu | BL7: nu sînt informații pe web | BM7: partial/panou informativ | BN7: http://calarasi-primaria.md/2019/11/29/convocare-sedinta-ordinara-a-consiliului-orasenesc-calarasi-06-decembrie-2019/ | BO7: nu | BP7: nu sînt informații pe web | BQ7: 0-10% | BR7: http://primariafloresti.md/proiecte-de-decizii/ | BS7: nu | BT7: nu sînt informații pe web | BU7: da | BV7: https://falesti.md/index.php/proiecte-de-decizii.html | BW7: da | BX7: http://primariasingerei.md/ro/page/consiliul-local/consilieri-si-programul-de-audienta/arhiva-deciziilor-consiliului-local?year=2019&month=1 | BY7: nu | BZ7: nu sînt informații pe web | CA7: da | CB7: http://cimislia.md/ro/page/consiliul-local/consiliul-local-214/sedintele-consiliului/proiecte-de-decizii | CC7: nu | CD7: nu sînt informații pe web | CE7: nu | CF7: nu sînt informații pe web | CG7: nu | CH7: nu sînt informații pe web | CI7: nu | CJ7: nu sînt informații pe web | CK7: nu | CL7: nu sînt informații pe web | CM7: 60-90% | CN7: http://primaria-glodeni.md/ro/page/transparenta/proiecte-de-decizii-propuse-spre-consultare-cu-publicul-si-materialele-aferente | CO7: nu | CP7: nu sînt informații pe web | CQ7: partial/panou informativ | CR7: Conform răspunsului din chestionar | CS7: nu | CT7: Pagina web nefuncțională (ultima verificare 31.05.2020) | CU7: 30-60% | CV7: http://www.carpineni.md/articole/proiecte-de-documente/ | CW7: nu | CX7: nu sînt informații pe web | CY7: nu | CZ7: nu sînt informații pe web | DA7: 0-10% | DB7: Conform răspunsului din chestionar | DC7: partial/panou informativ | DD7: https://anenii-noi.com/index.php/2019/03/ | DE7: nu | DF7: nu este pagina web (ultima verificare 31.05.2020) | DG7: nu | DH7: nu sînt informații pe web | DI7: nu | DJ7: nu sînt informații pe web | DK7: 0-10% | DL7: http://www.primariastefanvoda.md/index.php?pag=proiecte&l=&start=40 | DM7: nu | DN7: nu sînt informații pe web | DO7: nu | DP7: site nefuncțional (ultima verificare 31.05.2020) | DQ7: nu | DR7: Nu are pagină web (ultima verificare 31.05.2020) | DS7: nu | DT7: nu sînt informații pe web | DU7: nu | DV7: Nu are pagină web (ultima verificare 31.05.2020) | DW7: 30-60% | DX7: http://truseni.md/index.php/ro/proiecte-de-decizii | DY7: nu | DZ7: nu sînt informații pe web | EA7: 0-10% | EB7: http://peresecina.md/proiecte-de-decizii/ | EC7: nu | ED7: Nu are pagină web (ultima verificare 31.05.2020) | EE7: nu | EF7: nu sînt informații pe web | EG7: 0-10% | EH7: https://www.budesti.md/proiecteacte/ | EI7: 60-90% | EJ7: http://varnita.md/category/trasparenta-decizionala http://varnita.md/category/avize http://varnita.md/anunt-5 http://varnita.md/category/avize/page/4 | EK7: nu | EL7: nu sînt informații pe web | EM7: 10-30% | EN7: http://www.primariatelenesti.md/articole/proiecte-de-documente/ | EO7: 60-90% | EP7: https://magdacesti.md/consiliul-local/transparenta-decizionala/proiecte-de-decizii/ | EQ7: nu | ER7: pagina web nefuncțională (ultima verificare la 2.06.2020) | ES7: nu | ET7: pagina web nefuncțională (ultima verificare la 2.06.2020) | EU7: nu | EV7: pagina web nefuncțională (ultima verificare la 2.06.2020) | EW7: 0-10% | EX7: http://zaim.md/ro/page/transparenta/consultari-publice/proiecte-de-decizii-propuse-spre-consultare-cu-publicul-si-materialele-aferente | EY7: nu | EZ7: nu sînt informații pe web
A8: Q7 | B8: C20007 | C8: 8 | D8: Există un instrument online care permite publicului să depună și să urmărească reclamațiile/cererile lor ? | E8: Is there any online tool that allows the public to follow its requests and complaints? | F8: acc | G8: acc7 | H8: acc7k | I8: 1 | J8: da | K8: yes | L8: nu | M8: no | N8: partial | O8: partially | P8: -------- | Q8: -------- | R8: -------- | S8: -------- | T8: -------- | U8: -------- | V8: -------- | W8: -------- | X8: N/A | Y8: N/A | Z8: -------- | AA8: -------- | AB8: 1 | AC8: 0 | AD8: =AB8/2 -> 0.5 | AI8: N/A | AK8: partial | AL8: https://www.chisinau.md/slidefeed.php?l=ro&idc=424&t=/Petitii/ | AM8: partial | AN8: http://balti.md/relatii-cu-publicul/petitii-si-audienta-cetatenilor/contact/ | AO8: partial | AP8: http://primariacahul.md/index.php/2015-07-28-12-11-02 | AQ8: partial | AR8: http://ungheni.md/ | AS8: partial | AT8: http://www.primsoroca.md/ro/contacte | AU8: partial | AV8: https://www.orhei.md/index.php?pag=feedback&id=561&l=ro | AW8: partial | AX8: https://ceadir-lunga.md/webportal/?q=node/34 https://ceadir-lunga.md/webportal/?q=node/34/webform-results | AY8: nu | AZ8: nu sînt informații pe web | BA8: partial | BB8: https://primariadrochia.md/scrie-primarului/ | BC8: nu | BD8: nu sînt informații pe web | BE8: nu | BF8: nu sînt informații pe web | BG8: partial | BH8: http://primariaedinet.md/?page_id=296 | BI8: partial | BJ8: https://primariahincesti.md/ | BK8: partial | BL8: https://www.vulcanestimd.com/contact | BM8: partial | BN8: http://calarasi-primaria.md/ | BO8: partial | BP8: http://ialoveni.md/write-to-mayor/ | BQ8: partial | BR8: http://primariafloresti.md/ | BS8: partial | BT8: http://taraclia.md/ro/page/contacte | BU8: nu | BV8: nu sînt informații pe web | BW8: nu | BX8: nu sînt informații pe web | BY8: nu | BZ8: nu sînt informații pe web | CA8: partial | CB8: http://cimislia.md/ro/page/cetateni-si-business/audierea-cetatenilor/depune-o-plangere | CC8: partial | CD8: http://riscani.com/ro/page/contacte http://riscani.com/ro/page/transparenta/dialogul-cu-cetatenii/adreseaza-o-intrebare-primarului | CE8: nu | CF8: nu sînt informații pe web | CG8: partial | CH8: http://www.primariabessarabka.md/ru/page/grazhdan-i-bizns/prim-grazhdan/zargistriruytsy-onlayn-na-prim http://www.primariabessarabka.md/ru/page/prozrachnosty/dialog-s-grazhdanami/zadayt-vopros-primaru | CI8: partial | CJ8: https://www.congaz.md/napisat-v-meriyu/ | CK8: nu | CL8: nu sînt informații pe web | CM8: partial | CN8: http://primaria-glodeni.md/ro/page/cetateni-si-business/audierea-cetatenilor/depune-o-plangere | CO8: nu | CP8: nu sînt informații pe web | CQ8: nu | CR8: nu sînt informații pe web | CS8: nu | CT8: Pagina web nefuncțională (ultima verificare 31.05.2020) | CU8: partial | CV8: http://www.carpineni.md/scrieti-adresa-primariei/ | CW8: nu | CX8: nu sînt informații pe web | CY8: partial | CZ8: http://webportal.copceac.md/?q=dialog | DA8: nu | DB8: nu sînt informații pe web | DC8: partial | DD8: https://anenii-noi.com/index.php/primaria/scrie-primarului/ | DE8: nu | DF8: nu este pagina web (ultima verificare 31.05.2020) | DG8: partial | DH8: http://www.primariacricova.md/ro/intrebari-pentru-primar.html | DI8: nu | DJ8: nu sînt informații pe web | DK8: partial | DL8: http://www.primariastefanvoda.md/index.php?pag=petitie&l= | DM8: nu | DN8: nu sînt informații pe web | DO8: nu | DP8: site nefuncțional (ultima verificare 31.05.2020) | DQ8: nu | DR8: Nu are pagină web (ultima verificare 31.05.2020) | DS8: nu | DT8: nu sînt informații pe web | DU8: nu | DV8: Nu are pagină web (ultima verificare 31.05.2020) | DW8: nu | DX8: nu sînt informații pe web | DY8: nu | DZ8: nu sînt informații pe web | EA8: nu | EB8: nu sînt informații pe web | EC8: nu | ED8: Nu are pagină web (ultima verificare 31.05.2020) | EE8: partial | EF8: http://talmaza.md/index.php?pag=feedback&id=896&l=ro | EG8: nu | EH8: nu sînt informații pe web | EI8: nu | EJ8: nu sînt informații pe web | EK8: partial | EL8: http://larga.md/ro/prim-ria/contacte.html | EM8: partial | EN8: http://www.primariatelenesti.md/scrieti-adresa-primariei/ | EO8: nu | EP8: nu sînt informații pe web | EQ8: nu | ER8: pagina web nefuncțională (ultima verificare la 2.06.2020) | ES8: nu | ET8: pagina web nefuncțională (ultima verificare la 2.06.2020) | EU8: nu | EV8: pagina web nefuncțională (ultima verificare la 2.06.2020) | EW8: partial | EX8: http://zaim.md/ro/page/cetateni-si-business/audierea-cetatenilor/depune-o-plangere | EY8: partial | EZ8: https://comrat.md/index.php?do=feedback
A9: Q8 | B9: C20008 | C9: 9 | D9: Autoritățile publice locale au răspuns la cererea persoanei fizice de solicitare a informațiilor în conformitate cu cerințele și termenii legali ? | E9: Has the local public authority responded to the individual's request for information in accordance with legal requirements and terms? | F9: acc | G9: acc8 | H9: acc8k | I9: 4 | J9: da | K9: yes | L9: nu | M9: no | N9: partial | O9: partially | P9: -------- | Q9: -------- | R9: -------- | S9: -------- | T9: -------- | U9: -------- | V9: -------- | W9: -------- | X9: N/A | Y9: N/A | Z9: -------- | AA9: -------- | AB9: 4 | AC9: 0 | AD9: =AB9/2 -> 2 | AI9: N/A | AK9: nu | AL9: Nu a furnizat informația solicitată | AM9: da | AN9: Răspuns oferit potrivit cerințelor și termenilor legali | AO9: nu | AP9: Nu a furnizat informația solicitată | AQ9: nu | AR9: Nu a furnizat informația solicitată | AS9: nu | AT9: Nu a furnizat informația solicitată | AU9: nu | AV9: Nu a furnizat informația solicitată | AW9: nu | AX9: Nu a furnizat informația solicitată | AY9: da | AZ9: Răspuns oferit potrivit cerințelor și termenilor legali | BA9: nu | BB9: Nu a furnizat informația solicitată | BC9: nu | BD9: Nu a furnizat informația solicitată | BE9: nu | BF9: Nu a furnizat informația solicitată | BG9: da | BH9: Răspuns oferit potrivit cerințelor și termenilor legali | BI9: da | BJ9: Răspuns oferit potrivit cerințelor și termenilor legali | BK9: nu | BL9: Nu a furnizat informația solicitată | BM9: da | BN9: Răspuns oferit potrivit cerințelor și termenilor legali | BO9: da | BP9: Răspuns oferit potrivit cerințelor și termenilor legali | BQ9: nu | BR9: Nu a furnizat informația solicitată | BS9: nu | BT9: Nu a furnizat informația solicitată | BU9: da | BV9: Răspuns oferit potrivit cerințelor și termenilor legali | BW9: da | BX9: Răspuns oferit potrivit cerințelor și termenilor legali | BY9: da | BZ9: Răspuns oferit potrivit cerințelor și termenilor legali | CA9: da | CB9: Răspuns oferit potrivit cerințelor și termenilor legali | CC9: nu | CD9: Nu a furnizat informația solicitată | CE9: da | CF9: Răspuns oferit potrivit cerințelor și termenilor legali | CG9: nu | CH9: Nu a furnizat informația solicitată | CI9: nu | CJ9: Nu a furnizat informația solicitată | CK9: da | CL9: Răspuns oferit potrivit cerințelor și termenilor legali | CM9: nu | CN9: Nu a furnizat informația solicitată | CO9: da | CP9: Răspuns oferit potrivit cerințelor și termenilor legali | CQ9: da | CR9: Răspuns oferit potrivit cerințelor și termenilor legali | CS9: nu | CT9: Nu a furnizat informația solicitată | CU9: da | CV9: Răspuns oferit potrivit cerințelor și termenilor legali | CW9: nu | CX9: Nu a furnizat informația solicitată | CY9: nu | CZ9: Nu a furnizat informația solicitată | DA9: da | DB9: Răspuns oferit potrivit cerințelor și termenilor legali | DC9: nu | DD9: Nu a furnizat informația solicitată | DE9: da | DF9: Răspuns oferit potrivit cerințelor și termenilor legali | DG9: da | DH9: Răspuns oferit potrivit cerințelor și termenilor legali | DI9: da | DJ9: Răspuns oferit potrivit cerințelor și termenilor legali | DK9: nu | DL9: Nu a furnizat informația solicitată | DM9: nu | DN9: Nu a furnizat informația solicitată | DO9: nu | DP9: Nu a furnizat informația solicitată | DQ9: da | DR9: Răspuns oferit potrivit cerințelor și termenilor legali | DS9: nu | DT9: Nu a furnizat informația solicitată | DU9: da | DV9: Răspuns oferit potrivit cerințelor și termenilor legali | DW9: nu | DX9: Nu a furnizat informația solicitată | DY9: nu | DZ9: Nu a furnizat informația solicitată | EA9: da | EB9: Răspuns oferit potrivit cerințelor și termenilor legali | EC9: nu | ED9: Nu a furnizat informația solicitată | EE9: da | EF9: Răspuns oferit potrivit cerințelor și termenilor legali | EG9: nu | EH9: Nu a furnizat informația solicitată | EI9: da | EJ9: Răspuns oferit potrivit cerințelor și termenilor legali | EK9: nu | EL9: Nu a furnizat informația solicitată | EM9: da | EN9: Răspuns oferit potrivit cerințelor și termenilor legali | EO9: da | EP9: Răspuns oferit potrivit cerințelor și termenilor legali | EQ9: nu | ER9: Nu a furnizat informația solicitată | ES9: nu | ET9: Nu a furnizat informația solicitată | EU9: nu | EV9: Nu a furnizat informația solicitată | EW9: nu | EX9: Nu a furnizat informația solicitată | EY9: da | EZ9: Răspuns oferit potrivit cerințelor și termenilor legali
A10: Q8a | B10: C20008a | C10: 10 | D10: Autoritățile publice locale au răspuns la chestionarul IDIS „Viitorul” în conformitate cu cerințele și termenii legii privind accesul la informație? | E10: Did the local public authority answer the IDIS “Viitorul” questionnaire in accordance with the requirements and terms of the law on access to information? | F10: acc | G10: acc9 | H10: acc9k | I10: 4 | J10: da | K10: yes | L10: nu | M10: no | N10: partial | O10: partially | P10: -------- | Q10: -------- | R10: -------- | S10: -------- | T10: -------- | U10: -------- | V10: -------- | W10: -------- | X10: N/A | Y10: N/A | Z10: -------- | AA10: -------- | AB10: 4 | AC10: 0 | AD10: =AB10/2 -> 2 | AK10: da | AL10: Chestionar completat și recepționat | AM10: da | AN10: Chestionar completat și recepționat | AO10: nu | AP10: Nu a fost completat chestionarul | AQ10: nu | AR10: Nu a fost completat chestionarul | AS10: nu | AT10: Nu a fost completat chestionarul | AU10: da | AV10: Chestionar completat și recepționat | AW10: nu | AX10: Nu a fost completat chestionarul | AY10: da | AZ10: Chestionar completat și recepționat | BA10: nu | BB10: Nu a fost completat chestionarul | BC10: da | BD10: Chestionar completat și recepționat | BE10: nu | BF10: Nu a fost completat chestionarul | BG10: nu | BH10: Nu a fost completat chestionarul | BI10: nu | BJ10: Nu a fost completat chestionarul | BK10: nu | BL10: Nu a fost completat chestionarul | BM10: da | BN10: Chestionar completat și recepționat | BO10: nu | BP10: Nu a fost completat chestionarul | BQ10: nu | BR10: Nu a fost completat chestionarul | BS10: nu | BT10: Nu a fost completat chestionarul | BU10: da | BV10: Chestionar completat și recepționat | BW10: nu | BX10: Nu a fost completat chestionarul | BY10: nu | BZ10: Nu a fost completat chestionarul | CA10: da | CB10: Chestionar completat și recepționat | CC10: nu | CD10: Nu a fost completat chestionarul | CE10: da | CF10: Chestionar completat și recepționat | CG10: nu | CH10: Nu a fost completat chestionarul | CI10: nu | CJ10: Nu a fost completat chestionarul | CK10: nu | CL10: Nu a fost completat chestionarul | CM10: da | CN10: Chestionar completat și recepționat | CO10: nu | CP10: Nu a fost completat chestionarul | CQ10: da | CR10: Chestionar completat și recepționat | CS10: da | CT10: Chestionar completat și recepționat | CU10: da | CV10: Chestionar completat și recepționat | CW10: nu | CX10: Nu a fost completat chestionarul | CY10: da | CZ10: Chestionar completat și recepționat | DA10: da | DB10: Chestionar completat și recepționat | DC10: da | DD10: Chestionar completat și recepționat | DE10: nu | DF10: Nu a fost completat chestionarul | DG10: da | DH10: Chestionar completat și recepționat | DI10: nu | DJ10: Nu a fost completat chestionarul | DK10: nu | DL10: Nu a fost completat chestionarul | DM10: nu | DN10: Nu a fost completat chestionarul | DO10: nu | DP10: Nu a fost completat chestionarul | DQ10: nu | DR10: Nu a fost completat chestionarul | DS10: nu | DT10: Nu a fost completat chestionarul | DU10: da | DV10: Chestionar completat și recepționat | DW10: da | DX10: Chestionar completat și recepționat | DY10: nu | DZ10: Nu a fost completat chestionarul | EA10: da | EB10: Chestionar completat și recepționat | EC10: nu | ED10: Nu a fost completat chestionarul | EE10: da | EF10: Chestionar completat și recepționat | EG10: nu | EH10: Nu a fost completat chestionarul | EI10: da | EJ10: Chestionar completat și recepționat | EK10: nu | EL10: Nu a fost completat chestionarul | EM10: da | EN10: Chestionar completat și recepționat | EO10: nu | EP10: Nu a fost completat chestionarul | EQ10: nu | ER10: Nu a fost completat chestionarul | ES10: nu | ET10: Nu a fost completat chestionarul | EU10: nu | EV10: Nu a fost completat chestionarul | EW10: nu | EX10: Nu a fost completat chestionarul | EY10: nu | EZ10: Nu a fost completat chestionarul
A11: Q9 | B11: C20009 | C11: 11 | D11: Au fost organizate consultări publice pentru proiectele de decizii/dispoziţii în anul 2019 ? | E11: Were any public consultations organized for the drafts of decisions/provisions for 2019? | F11: par | G11: par1 | H11: par1k | I11: 3 | J11: da | K11: yes | L11: nu | M11: no | N11: partial/panou informativ | O11: partially/bilboard | P11: 0-10% | Q11: 0-10% | R11: 10-30% | S11: 10-30% | T11: 30-60% | U11: 30-60% | V11: 60-90% | W11: 60-90% | X11: N/A | Y11: N/A | Z11: -------- | AA11: -------- | AB11: 3 | AC11: 0 | AD11: =AB11/2 -> 1.5 | AE11: =$AB11*(1/5) -> 0.6 | AF11: =$AB11*(2/5) -> 1.2 | AG11: =$AB11*(3/5) -> 1.8 | AH11: =$AB11*(4/5) -> 2.4 | AI11: N/A | AK11: 10-30% | AL11: https://www.chisinau.md/libtd.php?l=ro&idc=999&year=2019&month=&day=&t=/Informatii/Transparenta-decizionala/Procesul-decizional/Consultare-publica/&page=3 https://www.chisinau.md/libtd.php?l=ro&idc=1001&t=/Informatii/Transparenta-decizionala/Procesul-decizional/Dezbatere-publica/&year=2019 | AM11: 0-10% | AN11: http://balti.md/consultari-publice/proiecte-de-decizii/ | AO11: 0-10% | AP11: http://primariacahul.md/index.php/anunturi-privind-consultari-publice | AQ11: nu | AR11: nu sînt informații pe web | AS11: 0-10% | AT11: http://www.primsoroca.md/ro/audieri-publice-2 http://www.primsoroca.md/ro/audieri-publice-3 http://www.primsoroca.md/ro/consultari-publice-ale-proiectelor-de-decizii | AU11: 30-60% | AV11: https://www.orhei.md/index.php?pag=news&id=761&l=ro&start=40 | AW11: nu | AX11: nu sînt informații pe web | AY11: 0-10% | AZ11: http://www.straseni.md/articole/consultari-publice/page/2/ | BA11: nu | BB11: nu sînt informații pe web | BC11: nu | BD11: nu sînt informații pe web | BE11: partial/panou informativ | BF11: https://primaria.causeni.org/consultare-publica/ | BG11: nu | BH11: nu sînt informații pe web | BI11: nu | BJ11: nu sînt informații pe web | BK11: nu | BL11: nu sînt informații pe web | BM11: 30-60% | BN11: http://calarasi-primaria.md/category/proiecte-de-decizii/ http://calarasi-primaria.md/consultari-publice/ | BO11: 0-10% | BP11: http://ialoveni.md/invitatie-la-consultari-publice-2/ http://ialoveni.md/anunt-2/ | BQ11: nu | BR11: nu sînt informații pe web | BS11: nu | BT11: nu sînt informații pe web | BU11: 0-10% | BV11: https://falesti.md/index.php/cp.html | BW11: nu | BX11: nu sînt informații pe web | BY11: nu | BZ11: nu sînt informații pe web | CA11: partial/panou informativ | CB11: http://cimislia.md/upload/Anunt.%20Consultare%20publica.%20Dezbateri.pdf http://cimislia.md/ro/page/transparenta/consultari-publice/proiecte-de-decizii-propuse-spre-consultare-cu-publicul-si-materialele-aferente http://cimislia.md/ro/page/primaria/noutatile-primariei-384?item=va-invitam-sa-participati-la-dezbateri-publice-24-mai-ora-1000 http://cimislia.md/ro/page/primaria/noutatile-primariei-384?item=primaria-cimislia-lanseaza-un-nou-proces-de-consultarea-publica-parerea-ta-conteaza | CC11: nu | CD11: nu sînt informații pe web | CE11: 10-30% | CF11: http://primaria-rezina.md/consultari-publice/ | CG11: nu | CH11: nu sînt informații pe web | CI11: nu | CJ11: nu sînt informații pe web | CK11: nu | CL11: nu sînt informații pe web | CM11: 60-90% | CN11: http://primaria-glodeni.md/ro/page/transparenta/proiecte-de-decizii-propuse-spre-consultare-cu-publicul-si-materialele-aferente | CO11: nu | CP11: nu sînt informații pe web | CQ11: nu | CR11: nu sînt informații pe web | CS11: nu | CT11: Pagina web nefuncțională (ultima verificare 31.05.2020) | CU11: 30-60% | CV11: http://www.carpineni.md/articole/consultari-publice/ | CW11: nu | CX11: nu sînt informații pe web | CY11: nu | CZ11: nu sînt informații pe web | DA11: 0-10% | DB11: Conform răspunsului din chestionar | DC11: 0-10% | DD11: https://anenii-noi.com/index.php/consultare-publica-a-proiectelor-de-decizii/ | DE11: nu | DF11: nu este pagina web (ultima verificare 31.05.2020) | DG11: 0-10% | DH11: Confprm răspunsului din chestionar | DI11: nu | DJ11: nu sînt informații pe web | DK11: nu | DL11: nu sînt informații pe web | DM11: nu | DN11: nu sînt informații pe web | DO11: nu | DP11: site nefuncțional (ultima verificare 31.05.2020) | DQ11: nu | DR11: Nu are pagină web (ultima verificare 31.05.2020) | DS11: nu | DT11: nu sînt informații pe web | DU11: nu | DV11: Nu are pagină web (ultima verificare 31.05.2020) | DW11: 10-30% | DX11: http://truseni.md/index.php/ro/obshchestvennyj-slushaniya http://truseni.md/index.php/ro/prozrachnost-reshenij | DY11: nu | DZ11: nu sînt informații pe web | EA11: 0-10% | EB11: http://peresecina.md/consultari-publice-ale-proiectelor/ | EC11: nu | ED11: Nu are pagină web (ultima verificare 31.05.2020) | EE11: nu | EF11: nu sînt informații pe web | EG11: 0-10% | EH11: https://www.budesti.md/proiecteacte/ | EI11: 60-90% | EJ11: http://varnita.md/category/avize http://varnita.md/anunt-5 http://varnita.md/category/avize/page/2 | EK11: nu | EL11: nu sînt informații pe web | EM11: 10-30% | EN11: http://www.primariatelenesti.md/articole/consultari-publice/ | EO11: 10-30% | EP11: https://magdacesti.md/2019/07/04/anunt-3/ https://magdacesti.md/2019/11/26/anunt-privind-organizarea-consultarilor-publice-a-proiectelor-de-decizii/ | EQ11: nu | ER11: pagina web nefuncțională (ultima verificare la 2.06.2020) | ES11: nu | ET11: pagina web nefuncțională (ultima verificare la 2.06.2020) | EU11: nu | EV11: pagina web nefuncțională (ultima verificare la 2.06.2020) | EW11: 0-10% | EX11: http://zaim.md/ro/page/transparenta/finantele-publice-locale/cheltuielile-pentru-institutii-subordonate?item=proiecte-de-decizii-expuse-spre-consultare-publica | EY11: 0-10% | EZ11: https://comrat.md/2430-v-komrate-projdut-publichnye-slushanija-po-strategii-socio-jekonomicheskogo-razvitija-mkomrat-na-2019-2025g.html
A12: Q10 | B12: C20010 | C12: 12 | D12: Anunţul privind organizarea consultărilor publice este făcut public de autoritatea publică cu cel puțin 10 zile pînă la adoptarea deciziei ? | E12: Is the announcement regarding the organization of public consultations made public by the public authority at least 10 days before the decision? | F12: par | G12: par2 | H12: par2k | I12: 2 | J12: da | K12: yes | L12: nu | M12: no | N12: partial/panou informativ | O12: partially/bilboard | P12: 0-10% | Q12: 0-10% | R12: 10-30% | S12: 10-30% | T12: 30-60% | U12: 30-60% | V12: 60-90% | W12: 60-90% | X12: N/A | Y12: N/A | Z12: -------- | AA12: -------- | AB12: 2 | AC12: 0 | AD12: =AB12/2 -> 1 | AE12: =$AB12*(1/5) -> 0.4 | AF12: =$AB12*(2/5) -> 0.8 | AG12: =$AB12*(3/5) -> 1.2 | AH12: =$AB12*(4/5) -> 1.6 | AI12: N/A | AK12: 10-30% | AL12: https://www.chisinau.md/libtd.php?l=ro&idc=999&year=2019&month=&day=&t=/Informatii/Transparenta-decizionala/Procesul-decizional/Consultare-publica/&page=3 https://www.chisinau.md/libtd.php?l=ro&idc=1001&t=/Informatii/Transparenta-decizionala/Procesul-decizional/Dezbatere-publica/&year=2019 | AM12: 0-10% | AN12: http://balti.md/consultari-publice/proiecte-de-decizii/ | AO12: 0-10% | AP12: http://primariacahul.md/index.php/anunturi-privind-consultari-publice | AQ12: nu | AR12: nu sînt informații pe web | AS12: 0-10% | AT12: http://www.primsoroca.md/ro/audieri-publice-2 http://www.primsoroca.md/ro/audieri-publice-3 http://www.primsoroca.md/ro/consultari-publice-ale-proiectelor-de-decizii | AU12: 30-60% | AV12: https://www.orhei.md/index.php?pag=news&id=761&l=ro&start=41 | AW12: nu | AX12: nu sînt informații pe web | AY12: 0-10% | AZ12: http://www.straseni.md/articole/consultari-publice/page/2/ | BA12: nu | BB12: nu sînt informații pe web | BC12: nu | BD12: nu sînt informații pe web | BE12: partial/panou informativ | BF12: https://primaria.causeni.org/consultare-publica/ | BG12: nu | BH12: nu sînt informații pe web | BI12: nu | BJ12: nu sînt informații pe web | BK12: nu | BL12: nu sînt informații pe web | BM12: 30-60% | BN12: http://calarasi-primaria.md/category/proiecte-de-decizii/ http://calarasi-primaria.md/consultari-publice/ | BO12: 0-10% | BP12: http://ialoveni.md/invitatie-la-consultari-publice-2/ http://ialoveni.md/anunt-2/ | BQ12: nu | BR12: nu sînt informații pe web | BS12: nu | BT12: nu sînt informații pe web | BU12: 0-10% | BV12: https://falesti.md/index.php/cp.html | BW12: nu | BX12: nu sînt informații pe web | BY12: nu | BZ12: nu sînt informații pe web | CA12: partial/panou informativ | CB12: http://cimislia.md/upload/Anunt.%20Consultare%20publica.%20Dezbateri.pdf http://cimislia.md/ro/page/transparenta/consultari-publice/proiecte-de-decizii-propuse-spre-consultare-cu-publicul-si-materialele-aferente http://cimislia.md/ro/page/primaria/noutatile-primariei-384?item=va-invitam-sa-participati-la-dezbateri-publice-24-mai-ora-1000 http://cimislia.md/ro/page/primaria/noutatile-primariei-384?item=primaria-cimislia-lanseaza-un-nou-proces-de-consultarea-publica-parerea-ta-conteaza | CC12: nu | CD12: nu sînt informații pe web | CE12: nu | CF12: nu sînt informații pe web | CG12: nu | CH12: nu sînt informații pe web | CI12: nu | CJ12: nu sînt informații pe web | CK12: nu | CL12: nu sînt informații pe web | CM12: 30-60% | CN12: http://primaria-glodeni.md/ro/page/transparenta/proiecte-de-decizii-propuse-spre-consultare-cu-publicul-si-materialele-aferente | CO12: nu | CP12: nu sînt informații pe web | CQ12: nu | CR12: nu sînt informații pe web | CS12: nu | CT12: Pagina web nefuncțională (ultima verificare 31.05.2020) | CU12: nu | CV12: nu sînt informații pe web | CW12: nu | CX12: nu sînt informații pe web | CY12: nu | CZ12: nu sînt informații pe web | DA12: nu | DB12: nu sînt informații pe web | DC12: 0-10% | DD12: https://anenii-noi.com/index.php/consultare-publica-a-proiectelor-de-decizii/ | DE12: nu | DF12: nu este pagina web (ultima verificare 31.05.2020) | DG12: nu | DH12: nu sînt informații pe web | DI12: nu | DJ12: nu sînt informații pe web | DK12: nu | DL12: nu sînt informații pe web | DM12: nu | DN12: nu sînt informații pe web | DO12: nu | DP12: site nefuncțional (ultima verificare 31.05.2020) | DQ12: nu | DR12: Nu are pagină web (ultima verificare 31.05.2020) | DS12: nu | DT12: nu sînt informații pe web | DU12: nu | DV12: Nu are pagină web (ultima verificare 31.05.2020) | DW12: 10-30% | DX12: http://truseni.md/index.php/ro/obshchestvennyj-slushaniya http://truseni.md/index.php/ro/prozrachnost-reshenij | DY12: nu | DZ12: nu sînt informații pe web | EA12: 0-10% | EB12: http://peresecina.md/consultari-publice-ale-proiectelor/ | EC12: nu | ED12: Nu are pagină web (ultima verificare 31.05.2020) | EE12: nu | EF12: nu sînt informații pe web | EG12: nu | EH12: nu sînt informații pe web | EI12: 30-60% | EJ12: http://varnita.md/category/avize http://varnita.md/anunt-5 http://varnita.md/category/avize/page/3 | EK12: nu | EL12: nu sînt informații pe web | EM12: 10-30% | EN12: http://www.primariatelenesti.md/articole/consultari-publice/ | EO12: 10-30% | EP12: https://magdacesti.md/2019/07/04/anunt-3/ https://magdacesti.md/2019/11/26/anunt-privind-organizarea-consultarilor-publice-a-proiectelor-de-decizii/ | EQ12: nu | ER12: pagina web nefuncțională (ultima verificare la 2.06.2020) | ES12: nu | ET12: pagina web nefuncțională (ultima verificare la 2.06.2020) | EU12: nu | EV12: pagina web nefuncțională (ultima verificare la 2.06.2020) | EW12: nu | EX12: nu sînt informații pe web | EY12: 0-10% | EZ12: https://comrat.md/2430-v-komrate-projdut-publichnye-slushanija-po-strategii-socio-jekonomicheskogo-razvitija-mkomrat-na-2019-2025g.html
A13: Q11 | B13: C20011 | C13: 13 | D13: Anunţul privind organizarea consultărilor publice conține termenul-limită de prezentare a recomandărilor, modalitatea în care părţile interesate pot prezenta sau expedia recomandări, datele de contact ale persoanelor responsabile de recepţionarea şi examinarea recomandărilor (numele şi prenumele, numărul de telefon, adresa electronică) ? | E13: Does the announcement regarding the organization of public consultations contains deadline for submitting recommendations, the method in which interested parties may send recommendations, contact details of the persons responsible for examining the recommendations (name, phone number, email address)? | F13: par | G13: par3 | H13: par3k | I13: 1 | J13: da | K13: yes | L13: nu | M13: no | N13: partial | O13: partially | P13: 0-10% | Q13: 0-10% | R13: 10-30% | S13: 10-30% | T13: 30-60% | U13: 30-60% | V13: 60-90% | W13: 60-90% | X13: N/A | Y13: N/A | Z13: -------- | AA13: -------- | AB13: 1 | AC13: 0 | AD13: =AB13/2 -> 0.5 | AE13: =$AB13*(1/5) -> 0.2 | AF13: =$AB13*(2/5) -> 0.4 | AG13: =$AB13*(3/5) -> 0.6 | AH13: =$AB13*(4/5) -> 0.8 | AI13: N/A | AK13: 10-30% | AL13: https://www.chisinau.md/libtd.php?l=ro&idc=999&year=2019&month=&day=&t=/Informatii/Transparenta-decizionala/Procesul-decizional/Consultare-publica/&page=3 https://www.chisinau.md/libtd.php?l=ro&idc=1001&t=/Informatii/Transparenta-decizionala/Procesul-decizional/Dezbatere-publica/&year=2019 | AM13: 0-10% | AN13: http://balti.md/consultari-publice/proiecte-de-decizii/ | AO13: nu | AP13: nu sînt informații pe web | AQ13: nu | AR13: nu sînt informații pe web | AS13: da | AT13: http://www.primsoroca.md/ro/audieri-publice-2 http://www.primsoroca.md/ro/audieri-publice-3 http://www.primsoroca.md/ro/consultari-publice-ale-proiectelor-de-decizii | AU13: da | AV13: https://www.orhei.md/index.php?pag=news&id=761&l=ro&start=42 https://www.orhei.md/index.php?pag=news&id=761&rid=3182&l=ro | AW13: nu | AX13: nu sînt informații pe web | AY13: partial | AZ13: http://www.straseni.md/articole/consultari-publice/page/2/ | BA13: nu | BB13: nu sînt informații pe web | BC13: nu | BD13: nu sînt informații pe web | BE13: nu | BF13: nu sînt informații pe web | BG13: nu | BH13: nu sînt informații pe web | BI13: nu | BJ13: nu sînt informații pe web | BK13: nu | BL13: nu sînt informații pe web | BM13: 0-10% | BN13: http://calarasi-primaria.md/category/proiecte-de-decizii/ http://calarasi-primaria.md/consultari-publice/ | BO13: 0-10% | BP13: http://ialoveni.md/invitatie-la-consultari-publice-2/ http://ialoveni.md/anunt-2/ | BQ13: nu | BR13: nu sînt informații pe web | BS13: nu | BT13: nu sînt informații pe web | BU13: 0-10% | BV13: https://falesti.md/index.php/cp.html | BW13: nu | BX13: nu sînt informații pe web | BY13: nu | BZ13: nu sînt informații pe web | CA13: 0-10% | CB13: http://cimislia.md/upload/Anunt.%20Consultare%20publica.%20Dezbateri.pdf http://cimislia.md/ro/page/transparenta/consultari-publice/proiecte-de-decizii-propuse-spre-consultare-cu-publicul-si-materialele-aferente http://cimislia.md/ro/page/primaria/noutatile-primariei-384?item=va-invitam-sa-participati-la-dezbateri-publice-24-mai-ora-1000 http://cimislia.md/ro/page/primaria/noutatile-primariei-384?item=primaria-cimislia-lanseaza-un-nou-proces-de-consultarea-publica-parerea-ta-conteaza | CC13: nu | CD13: nu sînt informații pe web | CE13: nu | CF13: nu sînt informații pe web | CG13: nu | CH13: nu sînt informații pe web | CI13: nu | CJ13: nu sînt informații pe web | CK13: nu | CL13: nu sînt informații pe web | CM13: nu | CN13: nu sînt informații pe web | CO13: nu | CP13: nu sînt informații pe web | CQ13: nu | CR13: nu sînt informații pe web | CS13: nu | CT13: Pagina web nefuncțională (ultima verificare 31.05.2020) | CU13: nu | CV13: nu sînt informații pe web | CW13: nu | CX13: nu sînt informații pe web | CY13: nu | CZ13: nu sînt informații pe web | DA13: nu | DB13: nu sînt informații pe web | DC13: 0-10% | DD13: https://anenii-noi.com/index.php/consultare-publica-a-proiectelor-de-decizii/ | DE13: nu | DF13: nu este pagina web (ultima verificare 31.05.2020) | DG13: nu | DH13: nu sînt informații pe web | DI13: nu | DJ13: nu sînt informații pe web | DK13: nu | DL13: nu sînt informații pe web | DM13: nu | DN13: nu sînt informații pe web | DO13: nu | DP13: site nefuncțional (ultima verificare 31.05.2020) | DQ13: nu | DR13: Nu are pagină web (ultima verificare 31.05.2020) | DS13: nu | DT13: nu sînt informații pe web | DU13: nu | DV13: Nu are pagină web (ultima verificare 31.05.2020) | DW13: 10-30% | DX13: http://truseni.md/index.php/ro/obshchestvennyj-slushaniya http://truseni.md/index.php/ro/prozrachnost-reshenij | DY13: nu | DZ13: nu sînt informații pe web | EA13: 0-10% | EB13: http://peresecina.md/consultari-publice-ale-proiectelor/ | EC13: nu | ED13: Nu are pagină web (ultima verificare 31.05.2020) | EE13: nu | EF13: nu sînt informații pe web | EG13: nu | EH13: nu sînt informații pe web | EI13: 60-90% | EJ13: http://varnita.md/category/avize http://varnita.md/anunt-5 http://varnita.md/category/avize/page/4 | EK13: nu | EL13: nu sînt informații pe web | EM13: nu | EN13: nu sînt informații pe web | EO13: 10-30% | EP13: https://magdacesti.md/2019/07/04/anunt-3/ https://magdacesti.md/2019/11/26/anunt-privind-organizarea-consultarilor-publice-a-proiectelor-de-decizii/ | EQ13: nu | ER13: pagina web nefuncțională (ultima verificare la 2.06.2020) | ES13: nu | ET13: pagina web nefuncțională (ultima verificare la 2.06.2020) | EU13: nu | EV13: pagina web nefuncțională (ultima verificare la 2.06.2020) | EW13: nu | EX13: nu sînt informații pe web | EY13: 0-10% | EZ13: https://comrat.md/2430-v-komrate-projdut-publichnye-slushanija-po-strategii-socio-jekonomicheskogo-razvitija-mkomrat-na-2019-2025g.html
A14: Q12 | B14: C20012 | C14: 14 | D14: Autoritățile publice au creat consilii consultative, grupuri de lucru permanente sau grupuri de lucru ad-hoc care participă la procesul decizional ? | E14: Are created by the public authorities advisory boards, working groups, permanent or ad hoc working groups participating in the decision making process? | F14: par | G14: par4 | H14: par4k | I14: 2 | J14: da | K14: yes | L14: nu | M14: no | N14: partial | O14: partially | P14: -------- | Q14: -------- | R14: -------- | S14: -------- | T14: -------- | U14: -------- | V14: -------- | W14: -------- | X14: N/A | Y14: N/A | Z14: -------- | AA14: -------- | AB14: 2 | AC14: 0 | AD14: =AB14/2 -> 1 | AI14: N/A | AK14: nu | AL14: nu sînt informații pe web | AM14: nu | AN14: nu sînt informații pe web | AO14: nu | AP14: nu sînt informații pe web | AQ14: nu | AR14: nu sînt informații pe web | AS14: nu | AT14: nu sînt informații pe web | AU14: nu | AV14: nu sînt informații pe web | AW14: nu | AX14: nu sînt informații pe web | AY14: partial | AZ14: http://www.straseni.md/coalitia-locala-pentru-transparenta-bugetara-din-municipiul-straseni/ | BA14: nu | BB14: nu sînt informații pe web | BC14: nu | BD14: nu sînt informații pe web | BE14: nu | BF14: nu sînt informații pe web | BG14: nu | BH14: nu sînt informații pe web | BI14: nu | BJ14: nu sînt informații pe web | BK14: nu | BL14: nu sînt informații pe web | BM14: nu | BN14: nu sînt informații pe web | BO14: nu | BP14: nu sînt informații pe web | BQ14: nu | BR14: nu sînt informații pe web | BS14: nu | BT14: nu sînt informații pe web | BU14: nu | BV14: nu sînt informații pe web | BW14: nu | BX14: nu sînt informații pe web | BY14: nu | BZ14: nu sînt informații pe web | CA14: nu | CB14: nu sînt informații pe web | CC14: nu | CD14: nu sînt informații pe web | CE14: nu | CF14: nu sînt informații pe web | CG14: nu | CH14: nu sînt informații pe web | CI14: nu | CJ14: nu sînt informații pe web | CK14: nu | CL14: nu sînt informații pe web | CM14: nu | CN14: nu sînt informații pe web | CO14: nu | CP14: nu sînt informații pe web | CQ14: nu | CR14: nu sînt informații pe web | CS14: nu | CT14: Pagina web nefuncțională (ultima verificare 31.05.2020) | CU14: nu | CV14: nu sînt informații pe web | CW14: nu | CX14: nu sînt informații pe web | CY14: nu | CZ14: nu sînt informații pe web | DA14: nu | DB14: nu sînt informații pe web | DC14: nu | DD14: nu sînt informații pe web | DE14: nu | DF14: nu este pagina web (ultima verificare 31.05.2020) | DG14: nu | DH14: nu sînt informații pe web | DI14: nu | DJ14: nu sînt informații pe web | DK14: nu | DL14: nu sînt informații pe web | DM14: nu | DN14: nu sînt informații pe web | DO14: nu | DP14: site nefuncțional (ultima verificare 31.05.2020) | DQ14: nu | DR14: Nu are pagină web (ultima verificare 31.05.2020) | DS14: nu | DT14: nu sînt informații pe web | DU14: nu | DV14: Nu are pagină web (ultima verificare 31.05.2020) | DW14: nu | DX14: nu sînt informații pe web | DY14: nu | DZ14: nu sînt informații pe web | EA14: nu | EB14: nu sînt informații pe web | EC14: nu | ED14: Nu are pagină web (ultima verificare 31.05.2020) | EE14: nu | EF14: nu sînt informații pe web | EG14: nu | EH14: nu sînt informații pe web | EI14: nu | EJ14: nu sînt informații pe web | EK14: partial | EL14: http://larga.md/ro/443-prima-%C8%99edin%C8%9B%C4%83-a-consiliul-v%C3%A2rstnicilor-l%C4%83rgeni-%D1%81%D0%BE%D0%B2%D0%B5%D1%82-%D1%81%D1%82%D0%B0%D1%80%D0%B5%D0%B9%D1%88%D0%B8%D0%BD.html | EM14: nu | EN14: nu sînt informații pe web | EO14: nu | EP14: nu sînt informații pe web | EQ14: nu | ER14: pagina web nefuncțională (ultima verificare la 2.06.2020) | ES14: nu | ET14: pagina web nefuncțională (ultima verificare la 2.06.2020) | EU14: nu | EV14: pagina web nefuncțională (ultima verificare la 2.06.2020) | EW14: nu | EX14: nu sînt informații pe web | EY14: da | EZ14: nu sînt informații pe web
A15: Q13 | B15: C20013 | C15: 15 | D15: Autorităţile publice au elaborat, aprobat și adus la cunoștință regulile interne de informare, consultare şi participare în procesul de elaborare şi adoptare a deciziilor? | E15: Does the public authorities drafted, approved and announced the internal rules of informing, consultation and participation in the process of drafting and adoption of decisions? | F15: par | G15: par5 | H15: par5k | I15: 2 | J15: da | K15: yes | L15: nu | M15: no | N15: partial | O15: partially | P15: -------- | Q15: -------- | R15: -------- | S15: -------- | T15: -------- | U15: -------- | V15: -------- | W15: -------- | X15: N/A | Y15: N/A | Z15: -------- | AA15: -------- | AB15: 2 | AC15: 0 | AD15: =AB15/2 -> 1 | AI15: N/A | AK15: da | AL15: https://www.chisinau.md/doc.php?l=ro&idc=511&id=1162 | AM15: da | AN15: http://balti.md/consultari-publice/proceduri-de-informare/ | AO15: da | AP15: http://primariacahul.md/index.php/reguli-interne-de-organizare/550-regulile-interne-de-organizare-a-procedurilor-de-asigurare-a-transparentei-in-procesul-de-elaborare-si-adoptare-a-deciziilor-consiliului-orasenesc-cahul-elaborate-in-cadrul-proiectului-impreuna-cu-cetatenii-pentru-o-mai-buna-guvernare-a-orasului-cahul | AQ15: da | AR15: http://ungheni.md/wp-content/uploads/2020/02/Regulament-cu-privire-la-asigurarea-transparent%CC%A7ei-decizionale.pdf | AS15: nu | AT15: nu sînt informații pe web | AU15: da | AV15: https://orhei.md/media/files/files/7_20_cu_privire_la_aprobarea_regulilor_interne_de_organizare_a_procedurilor_de_asigurare_a_transparentei_in_procesul_de_elaborare_si_adoptare_a_deciziilor_6334404.pdf | AW15: nu | AX15: nu sînt informații pe web | AY15: da | AZ15: http://www.straseni.md/regulamente-interne-privind-procedurile-de-consultare-publica/ | BA15: nu | BB15: nu sînt informații pe web | BC15: nu | BD15: nu sînt informații pe web | BE15: nu | BF15: nu sînt informații pe web | BG15: nu | BH15: nu sînt informații pe web | BI15: nu | BJ15: nu sînt informații pe web | BK15: nu | BL15: nu sînt informații pe web | BM15: nu | BN15: nu sînt informații pe web | BO15: nu | BP15: nu sînt informații pe web | BQ15: nu | BR15: nu sînt informații pe web | BS15: nu | BT15: nu sînt informații pe web | BU15: da | BV15: https://falesti.md/index.php/regulamentul.html | BW15: da | BX15: http://primariasingerei.md/ro/page/consiliul-local/consilieri-si-programul-de-audienta/arhiva-deciziilor-consiliului-local?year=2017&month=1 | BY15: nu | BZ15: nu sînt informații pe web | CA15: nu | CB15: nu sînt informații pe web | CC15: nu | CD15: nu sînt informații pe web | CE15: nu | CF15: nu sînt informații pe web | CG15: da | CH15: http://www.primariabessarabka.md/ru/page/primriya/primriya-209/vnutrnni-rglamnt | CI15: nu | CJ15: nu sînt informații pe web | CK15: nu | CL15: nu sînt informații pe web | CM15: nu | CN15: nu sînt informații pe web | CO15: nu | CP15: nu sînt informații pe web | CQ15: nu | CR15: nu sînt informații pe web | CS15: nu | CT15: Pagina web nefuncțională (ultima verificare 31.05.2020) | CU15: nu | CV15: nu sînt informații pe web | CW15: nu | CX15: nu sînt informații pe web | CY15: nu | CZ15: nu sînt informații pe web | DA15: nu | DB15: nu sînt informații pe web | DC15: nu | DD15: nu sînt informații pe web | DE15: nu | DF15: nu este pagina web (ultima verificare 31.05.2020) | DG15: nu | DH15: nu sînt informații pe web | DI15: nu | DJ15: nu sînt informații pe web | DK15: da | DL15: http://www.primariastefanvoda.md/files/7018_regulile_interne_transparenta_decizionala_in_cadrul_apl_or._stefan_voda,_anexa_la_decizia_co_stefan_voda_nr._3.2_din_09.04.2019.pdf | DM15: nu | DN15: nu sînt informații pe web | DO15: nu | DP15: site nefuncțional (ultima verificare 31.05.2020) | DQ15: nu | DR15: Nu are pagină web (ultima verificare 31.05.2020) | DS15: nu | DT15: nu sînt informații pe web | DU15: nu | DV15: Nu are pagină web (ultima verificare 31.05.2020) | DW15: nu | DX15: nu sînt informații pe web | DY15: da | DZ15: http://www.pelinia.md/regulament-de-organizare-procedurilor-de-asigurare-transparentei-procesul-deelaborare-si-adoptare-deciziilor-consiliului-comunal-pelinia-raionul-drochia/ | EA15: nu | EB15: nu sînt informații pe web | EC15: nu | ED15: Nu are pagină web (ultima verificare 31.05.2020) | EE15: nu | EF15: nu sînt informații pe web | EG15: da | EH15: https://budesti.md/regulament/1415-regulament-consultari-publice.html | EI15: nu | EJ15: nu sînt informații pe web | EK15: nu | EL15: nu sînt informații pe web | EM15: nu | EN15: nu sînt informații pe web | EO15: da | EP15: https://magdacesti.md/consiliul-local/transparenta-decizionala/regulile-interne-de-informareconsultare-si-participare-in-procesul-de-elaborare-si-adoptare-a-deciziilor-consiliului-satesc-magdacesti/ | EQ15: nu | ER15: pagina web nefuncțională (ultima verificare la 2.06.2020) | ES15: nu | ET15: pagina web nefuncțională (ultima verificare la 2.06.2020) | EU15: nu | EV15: pagina web nefuncțională (ultima verificare la 2.06.2020) | EW15: nu | EX15: nu sînt informații pe web | EY15: nu | EZ15: nu sînt informații pe web
A16: Q14 | B16: C20014 | C16: 16 | D16: Sînt aduse la cunoștință informații despre coordonatorul procesului de consultare publică, responsabil de asigurarea transparenţei procesului decizional din autoritatea respectivă ? | E16: Is the information about the public consultation coordinator, responsible for ensuring the transparency of decision-making authority made public? | F16: par | G16: par6 | H16: par6k | I16: 2 | J16: da | K16: yes | L16: nu | M16: no | N16: partial | O16: partially | P16: -------- | Q16: -------- | R16: -------- | S16: -------- | T16: -------- | U16: -------- | V16: -------- | W16: -------- | X16: N/A | Y16: N/A | Z16: -------- | AA16: -------- | AB16: 2 | AC16: 0 | AD16: =AB16/2 -> 1 | AI16: N/A | AK16: partial | AL16: Informații neactualizate https://www.chisinau.md/doc.php?l=ro&idc=776&id=16556&t=/Informatii/Transparenta-Decizionala/LISTA-persoanelor-responsabile-de-coordonarea-procesului-de-consultare-publica-cu-societatea-civila-in-procesul-decizional-din-cadrul-subdiviziunilor-structural-ale-Primariei-municipiului-Chiinau https://www.chisinau.md/public/publications/16556569_md_baza_date_tra.pdf | AM16: da | AN16: http://balti.md/consultari-publice/coordonator-de-proces/ | AO16: da | AP16: http://primariacahul.md/index.php/coordonator-proces-de-consultare-publica/549-coordonator-de-consultare-publica | AQ16: nu | AR16: nu sînt informații pe web | AS16: nu | AT16: nu sînt informații pe web | AU16: nu | AV16: nu sînt informații pe web | AW16: nu | AX16: nu sînt informații pe web | AY16: da | AZ16: http://www.straseni.md/regulamente-interne-privind-procedurile-de-consultare-publica/ | BA16: nu | BB16: nu sînt informații pe web | BC16: nu | BD16: nu sînt informații pe web | BE16: nu | BF16: nu sînt informații pe web | BG16: nu | BH16: nu sînt informații pe web | BI16: nu | BJ16: nu sînt informații pe web | BK16: nu | BL16: nu sînt informații pe web | BM16: nu | BN16: nu sînt informații pe web | BO16: nu | BP16: nu sînt informații pe web | BQ16: nu | BR16: nu sînt informații pe web | BS16: nu | BT16: nu sînt informații pe web | BU16: nu | BV16: nu sînt informații pe web | BW16: nu | BX16: nu sînt informații pe web | BY16: nu | BZ16: nu sînt informații pe web | CA16: nu | CB16: nu sînt informații pe web | CC16: nu | CD16: nu sînt informații pe web | CE16: nu | CF16: nu sînt informații pe web | CG16: nu | CH16: nu sînt informații pe web | CI16: nu | CJ16: nu sînt informații pe web | CK16: nu | CL16: nu sînt informații pe web | CM16: nu | CN16: nu sînt informații pe web | CO16: nu | CP16: nu sînt informații pe web | CQ16: nu | CR16: nu sînt informații pe web | CS16: nu | CT16: Pagina web nefuncțională (ultima verificare 31.05.2020) | CU16: nu | CV16: nu sînt informații pe web | CW16: nu | CX16: nu sînt informații pe web | CY16: nu | CZ16: nu sînt informații pe web | DA16: nu | DB16: nu sînt informații pe web | DC16: nu | DD16: nu sînt informații pe web | DE16: nu | DF16: nu este pagina web (ultima verificare 31.05.2020) | DG16: nu | DH16: nu sînt informații pe web | DI16: nu | DJ16: nu sînt informații pe web | DK16: nu | DL16: nu sînt informații pe web | DM16: nu | DN16: nu sînt informații pe web | DO16: nu | DP16: site nefuncțional (ultima verificare 31.05.2020) | DQ16: nu | DR16: Nu are pagină web (ultima verificare 31.05.2020) | DS16: nu | DT16: nu sînt informații pe web | DU16: nu | DV16: Nu are pagină web (ultima verificare 31.05.2020) | DW16: nu | DX16: nu sînt informații pe web | DY16: nu | DZ16: nu sînt informații pe web | EA16: nu | EB16: nu sînt informații pe web | EC16: nu | ED16: Nu are pagină web (ultima verificare 31.05.2020) | EE16: nu | EF16: nu sînt informații pe web | EG16: nu | EH16: nu sînt informații pe web | EI16: nu | EJ16: nu sînt informații pe web | EK16: nu | EL16: nu sînt informații pe web | EM16: nu | EN16: nu sînt informații pe web | EO16: nu | EP16: nu sînt informații pe web | EQ16: nu | ER16: pagina web nefuncțională (ultima verificare la 2.06.2020) | ES16: nu | ET16: pagina web nefuncțională (ultima verificare la 2.06.2020) | EU16: nu | EV16: pagina web nefuncțională (ultima verificare la 2.06.2020) | EW16: nu | EX16: nu sînt informații pe web | EY16: nu | EZ16: nu sînt informații pe web
A17: Q15 | B17: C20015 | C17: 17 | D17: În cazul organizării consultărilor publice şi recepţionării recomandărilor din partea părţilor interesate, autoritatea publică locală a întocmit și publicat sinteze a recomandărilor? | E17: After public consultations, does the local authority compiled and published summaries of the recommendations received from stakeholders? | F17: par | G17: par7 | H17: par7k | I17: 2 | J17: da | K17: yes | L17: nu | M17: no | N17: partial/panou informativ | O17: partially/bilboard | P17: 0-10% | Q17: 0-10% | R17: 10-30% | S17: 10-30% | T17: 30-60% | U17: 30-60% | V17: 60-90% | W17: 60-90% | X17: N/A | Y17: N/A | Z17: -------- | AA17: -------- | AB17: 2 | AC17: 0 | AD17: =AB17/2 -> 1 | AE17: =$AB17*(1/5) -> 0.4 | AF17: =$AB17*(2/5) -> 0.8 | AG17: =$AB17*(3/5) -> 1.2 | AH17: =$AB17*(4/5) -> 1.6 | AI17: N/A | AK17: 0-10% | AL17: https://www.chisinau.md/libt.php?l=ro&idc=1056&t=/Informatii/Transparenta-decizionala/Sinteza-recomandarilor | AM17: 0-10% | AN17: http://balti.md/consultari-publice/proiecte-de-decizii/page/2/ | AO17: nu | AP17: nu sînt informații pe web | AQ17: nu | AR17: nu sînt informații pe web | AS17: nu | AT17: nu sînt informații pe web | AU17: nu | AV17: nu sînt informații pe web | AW17: nu | AX17: nu sînt informații pe web | AY17: nu | AZ17: nu sînt informații pe web | BA17: nu | BB17: nu sînt informații pe web | BC17: nu | BD17: nu sînt informații pe web | BE17: nu | BF17: nu sînt informații pe web | BG17: nu | BH17: nu sînt informații pe web | BI17: nu | BJ17: nu sînt informații pe web | BK17: nu | BL17: nu sînt informații pe web | BM17: partial/panou informativ | BN17: Conform răspunsului din chestionar | BO17: nu | BP17: nu sînt informații pe web | BQ17: nu | BR17: nu sînt informații pe web | BS17: nu | BT17: nu sînt informații pe web | BU17: nu | BV17: nu sînt informații pe web | BW17: nu | BX17: nu sînt informații pe web | BY17: nu | BZ17: nu sînt informații pe web | CA17: 0-10% | CB17: http://cimislia.md/upload/Proces%20verbal%20Audieri%20Publice.pdf | CC17: nu | CD17: nu sînt informații pe web | CE17: nu | CF17: nu sînt informații pe web | CG17: nu | CH17: nu sînt informații pe web | CI17: nu | CJ17: nu sînt informații pe web | CK17: nu | CL17: nu sînt informații pe web | CM17: nu | CN17: nu sînt informații pe web | CO17: nu | CP17: nu sînt informații pe web | CQ17: nu | CR17: nu sînt informații pe web | CS17: nu | CT17: Pagina web nefuncțională (ultima verificare 31.05.2020) | CU17: nu | CV17: nu sînt informații pe web | CW17: nu | CX17: nu sînt informații pe web | CY17: nu | CZ17: nu sînt informații pe web | DA17: partial/panou informativ | DB17: Conform răspunsului din chestionar | DC17: partial/panou informativ | DD17: Conform răspunsului din chestionar | DE17: nu | DF17: nu este pagina web (ultima verificare 31.05.2020) | DG17: nu | DH17: nu sînt informații pe web | DI17: nu | DJ17: nu sînt informații pe web | DK17: nu | DL17: nu sînt informații pe web | DM17: nu | DN17: nu sînt informații pe web | DO17: nu | DP17: site nefuncțional (ultima verificare 31.05.2020) | DQ17: nu | DR17: Nu are pagină web (ultima verificare 31.05.2020) | DS17: nu | DT17: nu sînt informații pe web | DU17: nu | DV17: Nu are pagină web (ultima verificare 31.05.2020) | DW17: partial/panou informativ | DX17: Conform răspunsului din chestionar | DY17: nu | DZ17: nu sînt informații pe web | EA17: nu | EB17: nu sînt informații pe web | EC17: nu | ED17: Nu are pagină web (ultima verificare 31.05.2020) | EE17: nu | EF17: nu sînt informații pe web | EG17: nu | EH17: nu sînt informații pe web | EI17: nu | EJ17: nu sînt informații pe web | EK17: nu | EL17: nu sînt informații pe web | EM17: nu | EN17: nu sînt informații pe web | EO17: nu | EP17: nu sînt informații pe web | EQ17: nu | ER17: pagina web nefuncțională (ultima verificare la 2.06.2020) | ES17: nu | ET17: pagina web nefuncțională (ultima verificare la 2.06.2020) | EU17: nu | EV17: pagina web nefuncțională (ultima verificare la 2.06.2020) | EW17: nu | EX17: nu sînt informații pe web | EY17: nu | EZ17: nu sînt informații pe web
A18: Q16 | B18: C20016 | C18: 18 | D18: Sinteza recomandărilor parvenite cuprinde motivația autorităților publice de acceptare sau respingere a recomandărilor ? | E18: Does the summary of recommendations includes public authorities' motivation of accepting or rejecting the recommendations? | F18: par | G18: par8 | H18: par8k | I18: 2 | J18: da | K18: yes | L18: nu | M18: no | N18: partial | O18: partially | P18: 0-10% | Q18: 0-10% | R18: 10-30% | S18: 10-30% | T18: 30-60% | U18: 30-60% | V18: 60-90% | W18: 60-90% | X18: N/A | Y18: N/A | Z18: -------- | AA18: -------- | AB18: 2 | AC18: 0 | AD18: =AB18/2 -> 1 | AE18: =$AB18*(1/5) -> 0.4 | AF18: =$AB18*(2/5) -> 0.8 | AG18: =$AB18*(3/5) -> 1.2 | AH18: =$AB18*(4/5) -> 1.6 | AI18: N/A | AK18: 0-10% | AL18: https://www.chisinau.md/libt.php?l=ro&idc=1056&t=/Informatii/Transparenta-decizionala/Sinteza-recomandarilor | AM18: 0-10% | AN18: http://balti.md/consultari-publice/proiecte-de-decizii/page/2/ | AO18: nu | AP18: nu sînt informații pe web | AQ18: nu | AR18: nu sînt informații pe web | AS18: nu | AT18: nu sînt informații pe web | AU18: nu | AV18: nu sînt informații pe web | AW18: nu | AX18: nu sînt informații pe web | AY18: nu | AZ18: nu sînt informații pe web | BA18: nu | BB18: nu sînt informații pe web | BC18: nu | BD18: nu sînt informații pe web | BE18: nu | BF18: nu sînt informații pe web | BG18: nu | BH18: nu sînt informații pe web | BI18: nu | BJ18: nu sînt informații pe web | BK18: nu | BL18: nu sînt informații pe web | BM18: nu | BN18: nu sînt informații pe web | BO18: nu | BP18: nu sînt informații pe web | BQ18: nu | BR18: nu sînt informații pe web | BS18: nu | BT18: nu sînt informații pe web | BU18: nu | BV18: nu sînt informații pe web | BW18: nu | BX18: nu sînt informații pe web | BY18: nu | BZ18: nu sînt informații pe web | CA18: 0-10% | CB18: http://cimislia.md/upload/Proces%20verbal%20Audieri%20Publice.pdf | CC18: nu | CD18: nu sînt informații pe web | CE18: nu | CF18: nu sînt informații pe web | CG18: nu | CH18: nu sînt informații pe web | CI18: nu | CJ18: nu sînt informații pe web | CK18: nu | CL18: nu sînt informații pe web | CM18: nu | CN18: nu sînt informații pe web | CO18: nu | CP18: nu sînt informații pe web | CQ18: nu | CR18: nu sînt informații pe web | CS18: nu | CT18: Pagina web nefuncțională (ultima verificare 31.05.2020) | CU18: nu | CV18: nu sînt informații pe web | CW18: nu | CX18: nu sînt informații pe web | CY18: nu | CZ18: nu sînt informații pe web | DA18: nu | DB18: nu sînt informații pe web | DC18: nu | DD18: nu sînt informații pe web | DE18: nu | DF18: nu este pagina web (ultima verificare 31.05.2020) | DG18: nu | DH18: nu sînt informații pe web | DI18: nu | DJ18: nu sînt informații pe web | DK18: nu | DL18: nu sînt informații pe web | DM18: nu | DN18: nu sînt informații pe web | DO18: nu | DP18: site nefuncțional (ultima verificare 31.05.2020) | DQ18: nu | DR18: Nu are pagină web (ultima verificare 31.05.2020) | DS18: nu | DT18: nu sînt informații pe web | DU18: nu | DV18: Nu are pagină web (ultima verificare 31.05.2020) | DW18: nu | DX18: nu sînt informații pe web | DY18: nu | DZ18: nu sînt informații pe web | EA18: nu | EB18: nu sînt informații pe web | EC18: nu | ED18: Nu are pagină web (ultima verificare 31.05.2020) | EE18: nu | EF18: nu sînt informații pe web | EG18: nu | EH18: nu sînt informații pe web | EI18: nu | EJ18: nu sînt informații pe web | EK18: nu | EL18: nu sînt informații pe web | EM18: nu | EN18: nu sînt informații pe web | EO18: nu | EP18: nu sînt informații pe web | EQ18: nu | ER18: pagina web nefuncțională (ultima verificare la 2.06.2020) | ES18: nu | ET18: pagina web nefuncțională (ultima verificare la 2.06.2020) | EU18: nu | EV18: pagina web nefuncțională (ultima verificare la 2.06.2020) | EW18: nu | EX18: nu sînt informații pe web | EY18: nu | EZ18: nu sînt informații pe web
A19: Q17 | B19: C20017 | C19: 19 | D19: Autorităţile publice întocmesc şi aduc la cunoştinţa publicului rapoarte anuale privind transparenţa în procesul decizional ? | E19: Does the public authorities draw up and make public annual reports on transparency in decision making? | F19: par | G19: par9 | H19: par9k | I19: 2 | J19: da | K19: yes | L19: nu | M19: no | N19: partial | O19: partially | P19: -------- | Q19: -------- | R19: -------- | S19: -------- | T19: -------- | U19: -------- | V19: -------- | W19: -------- | X19: N/A | Y19: N/A | Z19: -------- | AA19: -------- | AB19: 2 | AC19: 0 | AD19: =AB19/2 -> 1 | AI19: N/A | AK19: da | AL19: https://www.chisinau.md/lib.php?l=ro&idc=776&t=/Informatii/Rapoarte-anualeTransparenta-PMC | AM19: da | AN19: http://balti.md/raportul-pentru-anul-2019/ | AO19: nu | AP19: nu sînt informații pe web | AQ19: nu | AR19: nu sînt informații pe web | AS19: nu | AT19: nu sînt informații pe web | AU19: nu | AV19: nu sînt informații pe web | AW19: nu | AX19: nu sînt informații pe web | AY19: nu | AZ19: nu sînt informații pe web | BA19: nu | BB19: nu sînt informații pe web | BC19: nu | BD19: nu sînt informații pe web | BE19: nu | BF19: nu sînt informații pe web | BG19: nu | BH19: nu sînt informații pe web | BI19: nu | BJ19: nu sînt informații pe web | BK19: nu | BL19: nu sînt informații pe web | BM19: nu | BN19: nu sînt informații pe web | BO19: nu | BP19: nu sînt informații pe web | BQ19: nu | BR19: nu sînt informații pe web | BS19: nu | BT19: nu sînt informații pe web | BU19: nu | BV19: nu sînt informații pe web | BW19: nu | BX19: nu sînt informații pe web | BY19: nu | BZ19: nu sînt informații pe web | CA19: nu | CB19: nu sînt informații pe web | CC19: nu | CD19: nu sînt informații pe web | CE19: nu | CF19: nu sînt informații pe web | CG19: nu | CH19: nu sînt informații pe web | CI19: nu | CJ19: nu sînt informații pe web | CK19: da | CL19: https://primariacodru.md/2020/02/04/raport-din-03-februarie-2020-privind-transparenta-in-procesul-decizional-in-autoritatea-administratiei-publice-locale-pentru-anul-2019/ | CM19: nu | CN19: nu sînt informații pe web | CO19: nu | CP19: nu sînt informații pe web | CQ19: nu | CR19: nu sînt informații pe web | CS19: nu | CT19: Pagina web nefuncțională (ultima verificare 31.05.2020) | CU19: nu | CV19: nu sînt informații pe web | CW19: nu | CX19: nu sînt informații pe web | CY19: nu | CZ19: nu sînt informații pe web | DA19: nu | DB19: nu sînt informații pe web | DC19: nu | DD19: nu sînt informații pe web | DE19: nu | DF19: nu este pagina web (ultima verificare 31.05.2020) | DG19: nu | DH19: nu sînt informații pe web | DI19: nu | DJ19: nu sînt informații pe web | DK19: nu | DL19: nu sînt informații pe web | DM19: nu | DN19: nu sînt informații pe web | DO19: nu | DP19: site nefuncțional (ultima verificare 31.05.2020) | DQ19: nu | DR19: Nu are pagină web (ultima verificare 31.05.2020) | DS19: nu | DT19: nu sînt informații pe web | DU19: nu | DV19: Nu are pagină web (ultima verificare 31.05.2020) | DW19: nu | DX19: nu sînt informații pe web | DY19: nu | DZ19: nu sînt informații pe web | EA19: nu | EB19: nu sînt informații pe web | EC19: nu | ED19: Nu are pagină web (ultima verificare 31.05.2020) | EE19: nu | EF19: nu sînt informații pe web | EG19: nu | EH19: nu sînt informații pe web | EI19: nu | EJ19: nu sînt informații pe web | EK19: nu | EL19: nu sînt informații pe web | EM19: nu | EN19: nu sînt informații pe web | EO19: nu | EP19: nu sînt informații pe web | EQ19: nu | ER19: pagina web nefuncțională (ultima verificare la 2.06.2020) | ES19: nu | ET19: pagina web nefuncțională (ultima verificare la 2.06.2020) | EU19: nu | EV19: pagina web nefuncțională (ultima verificare la 2.06.2020) | EW19: nu | EX19: nu sînt informații pe web | EY19: nu | EZ19: nu sînt informații pe web
A20: Q18 | B20: C20018 | C20: 20 | D20: Poate publicul participa la toate ședințele comisiilor de specialitate ale consiliului local ? | E20: Can the public participate at all meetings of the special committees of the local council? | F20: par | G20: par10 | H20: par10k | I20: 2 | J20: da | K20: yes | L20: nu | M20: no | N20: partial | O20: partially | P20: -------- | Q20: -------- | R20: -------- | S20: -------- | T20: -------- | U20: -------- | V20: -------- | W20: -------- | X20: N/A | Y20: N/A | Z20: -------- | AA20: -------- | AB20: 2 | AC20: 0 | AD20: =AB20/2 -> 1 | AI20: N/A | AK20: da | AL20: Conform răspunsului din chestionar | AM20: da | AN20: Conform răspunsului din chestionar | AO20: nu | AP20: nu sînt informații pe web | AQ20: nu | AR20: nu sînt informații pe web | AS20: nu | AT20: nu sînt informații pe web | AU20: da | AV20: Conform răspunsului din chestionar | AW20: nu | AX20: nu sînt informații pe web | AY20: da | AZ20: Conform răspunsului din chestionar | BA20: nu | BB20: nu sînt informații pe web | BC20: da | BD20: Conform răspunsului din chestionar | BE20: nu | BF20: nu sînt informații pe web | BG20: nu | BH20: nu sînt informații pe web | BI20: nu | BJ20: nu sînt informații pe web | BK20: nu | BL20: nu sînt informații pe web | BM20: da | BN20: Conform răspunsului din chestionar | BO20: nu | BP20: nu sînt informații pe web | BQ20: nu | BR20: nu sînt informații pe web | BS20: nu | BT20: nu sînt informații pe web | BU20: da | BV20: Conform răspunsului din chestionar | BW20: nu | BX20: nu sînt informații pe web | BY20: nu | BZ20: nu sînt informații pe web | CA20: da | CB20: Conform răspunsului din chestionar | CC20: nu | CD20: nu sînt informații pe web | CE20: da | CF20: Conform răspunsului din chestionar | CG20: nu | CH20: nu sînt informații pe web | CI20: nu | CJ20: nu sînt informații pe web | CK20: nu | CL20: nu sînt informații pe web | CM20: da | CN20: Conform răspunsului din chestionar | CO20: nu | CP20: nu sînt informații pe web | CQ20: da | CR20: Conform răspunsului din chestionar | CS20: da | CT20: Conform răspunsului din chestionar | CU20: da | CV20: Conform răspunsului din chestionar | CW20: nu | CX20: nu sînt informații pe web | CY20: da | CZ20: Conform răspunsului din chestionar | DA20: nu | DB20: nu sînt informații pe web | DC20: da | DD20: Conform răspunsului din chestionar | DE20: nu | DF20: nu este pagina web (ultima verificare 31.05.2020) | DG20: da | DH20: Conform răspunsului din chestionar | DI20: nu | DJ20: nu sînt informații pe web | DK20: nu | DL20: nu sînt informații pe web | DM20: nu | DN20: nu sînt informații pe web | DO20: nu | DP20: site nefuncțional (ultima verificare 31.05.2020) | DQ20: nu | DR20: Nu are pagină web (ultima verificare 31.05.2020) | DS20: nu | DT20: nu sînt informații pe web | DU20: nu | DV20: Nu are pagină web (ultima verificare 31.05.2020) | DW20: da | DX20: Conform răspunsului din chestionar | DY20: nu | DZ20: nu sînt informații pe web | EA20: da | EB20: Conform răspunsului din chestionar | EC20: nu | ED20: Nu are pagină web (ultima verificare 31.05.2020) | EE20: da | EF20: Conform răspunsului din chestionar | EG20: nu | EH20: nu sînt informații pe web | EI20: da | EJ20: Conform răspunsului din chestionar | EK20: nu | EL20: nu sînt informații pe web | EM20: da | EN20: Conform răspunsului din chestionar | EO20: nu | EP20: nu sînt informații pe web | EQ20: nu | ER20: pagina web nefuncțională (ultima verificare la 2.06.2020) | ES20: nu | ET20: pagina web nefuncțională (ultima verificare la 2.06.2020) | EU20: nu | EV20: pagina web nefuncțională (ultima verificare la 2.06.2020) | EW20: nu | EX20: nu sînt informații pe web | EY20: nu | EZ20: nu sînt informații pe web
A21: Q19 | B21: C20019 | C21: 21 | D21: Poate publicul participa la toate ședințele consiliului local ? | E21: Can the public participate at all meetings of the local council? | F21: par | G21: par11 | H21: par11k | I21: 2 | J21: da | K21: yes | L21: nu | M21: no | N21: partial | O21: partially | P21: -------- | Q21: -------- | R21: -------- | S21: -------- | T21: -------- | U21: -------- | V21: -------- | W21: -------- | X21: N/A | Y21: N/A | Z21: -------- | AA21: -------- | AB21: 2 | AC21: 0 | AD21: =AB21/2 -> 1 | AI21: N/A | AK21: da | AL21: Conform răspunsului din chestionar | AM21: da | AN21: Conform răspunsului din chestionar | AO21: partial | AP21: nu sînt informații pe web, dar accesul trebuie să fie asigurat conform cerințelor legale existente | AQ21: nu | AR21: nu sînt informații pe web | AS21: partial | AT21: nu sînt informații pe web, dar accesul trebuie să fie asigurat conform cerințelor legale existente | AU21: da | AV21: Conform răspunsului din chestionar | AW21: partial | AX21: nu sînt informații pe web, dar accesul trebuie să fie asigurat conform cerințelor legale existente | AY21: da | AZ21: Conform răspunsului din chestionar | BA21: partial | BB21: nu sînt informații pe web, dar accesul trebuie să fie asigurat conform cerințelor legale existente | BC21: da | BD21: Conform răspunsului din chestionar | BE21: partial | BF21: nu sînt informații pe web, dar accesul trebuie să fie asigurat conform cerințelor legale existente | BG21: partial | BH21: nu sînt informații pe web, dar accesul trebuie să fie asigurat conform cerințelor legale existente | BI21: partial | BJ21: nu sînt informații pe web, dar accesul trebuie să fie asigurat conform cerințelor legale existente | BK21: partial | BL21: nu sînt informații pe web, dar accesul trebuie să fie asigurat conform cerințelor legale existente | BM21: da | BN21: Conform răspunsului din chestionar | BO21: partial | BP21: nu sînt informații pe web, dar accesul trebuie să fie asigurat conform cerințelor legale existente | BQ21: partial | BR21: nu sînt informații pe web, dar accesul trebuie să fie asigurat conform cerințelor legale existente | BS21: partial | BT21: nu sînt informații pe web, dar accesul trebuie să fie asigurat conform cerințelor legale existente | BU21: da | BV21: Conform răspunsului din chestionar | BW21: partial | BX21: nu sînt informații pe web, dar accesul trebuie să fie asigurat conform cerințelor legale existente | BY21: partial | BZ21: nu sînt informații pe web, dar accesul trebuie să fie asigurat conform cerințelor legale existente | CA21: da | CB21: Conform răspunsului din chestionar | CC21: partial | CD21: nu sînt informații pe web, dar accesul trebuie să fie asigurat conform cerințelor legale existente | CE21: da | CF21: Conform răspunsului din chestionar | CG21: partial | CH21: nu sînt informații pe web, dar accesul trebuie să fie asigurat conform cerințelor legale existente | CI21: partial | CJ21: nu sînt informații pe web, dar accesul trebuie să fie asigurat conform cerințelor legale existente | CK21: partial | CL21: nu sînt informații pe web, dar accesul trebuie să fie asigurat conform cerințelor legale existente | CM21: da | CN21: Conform răspunsului din chestionar | CO21: partial | CP21: nu sînt informații pe web, dar accesul trebuie să fie asigurat conform cerințelor legale existente | CQ21: da | CR21: Conform răspunsului din chestionar | CS21: da | CT21: Conform răspunsului din chestionar | CU21: da | CV21: Conform răspunsului din chestionar | CW21: partial | CX21: nu sînt informații pe web, dar accesul trebuie să fie asigurat conform cerințelor legale existente | CY21: da | CZ21: Conform răspunsului din chestionar | DA21: da | DB21: Conform răspunsului din chestionar | DC21: da | DD21: Conform răspunsului din chestionar | DE21: partial | DF21: nu sînt informații, dar accesul trebuie să fie asigurat conform cerințelor legale existente | DG21: da | DH21: Conform răspunsului din chestionar | DI21: partial | DJ21: nu sînt informații pe web, dar accesul trebuie să fie asigurat conform cerințelor legale existente | DK21: partial | DL21: nu sînt informații pe web, dar accesul trebuie să fie asigurat conform cerințelor legale existente | DM21: partial | DN21: nu sînt informații pe web, dar accesul trebuie să fie asigurat conform cerințelor legale existente | DO21: partial | DP21: nu sînt informații, dar accesul trebuie să fie asigurat conform cerințelor legale existente | DQ21: partial | DR21: nu sînt informații, dar accesul trebuie să fie asigurat conform cerințelor legale existente | DS21: partial | DT21: nu sînt informații pe web, dar accesul trebuie să fie asigurat conform cerințelor legale existente | DU21: partial | DV21: nu sînt informații, dar accesul trebuie să fie asigurat conform cerințelor legale existente | DW21: da | DX21: Conform răspunsului din chestionar | DY21: partial | DZ21: nu sînt informații pe web, dar accesul trebuie să fie asigurat conform cerințelor legale existente | EA21: da | EB21: Conform răspunsului din chestionar | EC21: partial | ED21: nu sînt informații, dar accesul trebuie să fie asigurat conform cerințelor legale existente | EE21: da | EF21: Conform răspunsului din chestionar | EG21: partial | EH21: nu sînt informații pe web, dar accesul trebuie să fie asigurat conform cerințelor legale existente | EI21: da | EJ21: Conform răspunsului din chestionar | EK21: partial | EL21: nu sînt informații pe web, dar accesul trebuie să fie asigurat conform cerințelor legale existente | EM21: da | EN21: Conform răspunsului din chestionar | EO21: partial | EP21: nu sînt informații pe web, dar accesul trebuie să fie asigurat conform cerințelor legale existente | EQ21: partial | ER21: nu sînt informații, dar accesul trebuie să fie asigurat conform cerințelor legale existente | ES21: partial | ET21: nu sînt informații, dar accesul trebuie să fie asigurat conform cerințelor legale existente | EU21: partial | EV21: nu sînt informații, dar accesul trebuie să fie asigurat conform cerințelor legale existente | EW21: partial | EX21: nu sînt informații pe web, dar accesul trebuie să fie asigurat conform cerințelor legale existente | EY21: nu | EZ21: nu sînt informații pe web
A22: Q20 | B22: C20020 | C22: 22 | D22: Poate fi dat cuvînt publicului în timpul ședinței consiliului local la orice punct (subiect) de pe agendă, înainte de vot, chiar și fără aprobarea prealabilă de către consilieri ? | E22: Does the public have the right to express its opinion on the subjects from the agenda, before the voting procedure? | F22: par | G22: par12 | H22: par12k | I22: 2 | J22: da | K22: yes | L22: nu | M22: no | N22: partial | O22: partially | P22: -------- | Q22: -------- | R22: -------- | S22: -------- | T22: -------- | U22: -------- | V22: -------- | W22: -------- | X22: N/A | Y22: N/A | Z22: -------- | AA22: -------- | AB22: 2 | AC22: 0 | AD22: =AB22/2 -> 1 | AI22: N/A | AK22: da | AL22: Conform răspunsului din chestionar | AM22: nu | AN22: Conform răspunsului din chestionar | AO22: nu | AP22: nu sînt informații pe web | AQ22: nu | AR22: nu sînt informații pe web | AS22: nu | AT22: nu sînt informații pe web | AU22: da | AV22: Conform răspunsului din chestionar | AW22: nu | AX22: nu sînt informații pe web | AY22: da | AZ22: Conform răspunsului din chestionar | BA22: nu | BB22: nu sînt informații pe web | BC22: da | BD22: Conform răspunsului din chestionar | BE22: nu | BF22: nu sînt informații pe web | BG22: nu | BH22: nu sînt informații pe web | BI22: nu | BJ22: nu sînt informații pe web | BK22: nu | BL22: nu sînt informații pe web | BM22: da | BN22: Conform răspunsului din chestionar | BO22: nu | BP22: nu sînt informații pe web | BQ22: nu | BR22: nu sînt informații pe web | BS22: nu | BT22: nu sînt informații pe web | BU22: da | BV22: Conform răspunsului din chestionar | BW22: nu | BX22: nu sînt informații pe web | BY22: nu | BZ22: nu sînt informații pe web | CA22: nu | CB22: Conform răspunsului din chestionar | CC22: nu | CD22: nu sînt informații pe web | CE22: da | CF22: Conform răspunsului din chestionar | CG22: nu | CH22: nu sînt informații pe web | CI22: nu | CJ22: nu sînt informații pe web | CK22: nu | CL22: nu sînt informații pe web | CM22: da | CN22: Conform răspunsului din chestionar | CO22: nu | CP22: nu sînt informații pe web | CQ22: da | CR22: Conform răspunsului din chestionar | CS22: da | CT22: Conform răspunsului din chestionar | CU22: da | CV22: Conform răspunsului din chestionar | CW22: nu | CX22: nu sînt informații pe web | CY22: da | CZ22: Conform răspunsului din chestionar | DA22: da | DB22: Conform răspunsului din chestionar | DC22: da | DD22: Conform răspunsului din chestionar | DE22: nu | DF22: nu este pagina web (ultima verificare 31.05.2020) | DG22: nu | DH22: Conform răspunsului din chestionar | DI22: nu | DJ22: nu sînt informații pe web | DK22: nu | DL22: nu sînt informații pe web | DM22: nu | DN22: nu sînt informații pe web | DO22: nu | DP22: site nefuncțional (ultima verificare 31.05.2020) | DQ22: nu | DR22: Nu are pagină web (ultima verificare 31.05.2020) | DS22: nu | DT22: nu sînt informații pe web | DU22: nu | DV22: Nu are pagină web (ultima verificare 31.05.2020) | DW22: da | DX22: Conform răspunsului din chestionar | DY22: nu | DZ22: nu sînt informații pe web | EA22: da | EB22: Conform răspunsului din chestionar | EC22: nu | ED22: Nu are pagină web (ultima verificare 31.05.2020) | EE22: da | EF22: Conform răspunsului din chestionar | EG22: nu | EH22: nu sînt informații pe web | EI22: da | EJ22: Conform răspunsului din chestionar | EK22: nu | EL22: nu sînt informații pe web | EM22: da | EN22: Conform răspunsului din chestionar | EO22: nu | EP22: nu sînt informații pe web | EQ22: nu | ER22: pagina web nefuncțională (ultima verificare la 2.06.2020) | ES22: nu | ET22: pagina web nefuncțională (ultima verificare la 2.06.2020) | EU22: nu | EV22: pagina web nefuncțională (ultima verificare la 2.06.2020) | EW22: nu | EX22: nu sînt informații pe web | EY22: nu | EZ22: nu sînt informații pe web
A23: Q21 | B23: C20021 | C23: 23 | D23: Sînt înregistrate video/audio și difuzate online ședințele consiliului local ? | E23: Are published the video/audio recordings of all meetings of the local council ? | F23: par | G23: par13 | H23: par13k | I23: 2 | J23: da | K23: yes | L23: nu | M23: no | N23: partial | O23: partially | P23: -------- | Q23: -------- | R23: -------- | S23: -------- | T23: -------- | U23: -------- | V23: -------- | W23: -------- | X23: N/A | Y23: N/A | Z23: -------- | AA23: -------- | AB23: 2 | AC23: 0 | AD23: =AB23/2 -> 1 | AI23: N/A | AK23: partial | AL23: https://www.youtube.com/watch?v=LaZ-oMqJGfI https://www.youtube.com/watch?v=wAsZ5Deqyrw https://www.youtube.com/watch?v=qh07jk-YGeM https://www.youtube.com/watch?v=RnJOB_AcfIE https://www.youtube.com/watch?v=-NE8JpW2-_8 | AM23: da | AN23: http://balti.md/consiliul/sedinte/page/2/ | AO23: partial | AP23: https://www.youtube.com/watch?v=WiXeOFr2Vo8 https://www.youtube.com/watch?v=MvkglBMMbTg | AQ23: nu | AR23: nu sînt informații pe web | AS23: partial | AT23: https://www.youtube.com/channel/UCE_TthZwwESdQQ8Rrm1hJqw/videos | AU23: nu | AV23: nu sînt informații pe web | AW23: partial | AX23: https://ceadir-lunga.md/novosti/item/3064-ekstrennoe-zasedanie-soveta-chadyr-lungi-live | AY23: nu | AZ23: nu sînt informații pe web | BA23: partial | BB23: https://www.youtube.com/watch?v=JgMCVnoWdXw&list=PLbETWreOEuPo86L4Zj1IS2isMv6z7xDbf&index=20 https://www.youtube.com/watch?v=uEGTi1vF0e8 https://www.youtube.com/watch?v=7TOPobny9Rs&list=PLbETWreOEuPo86L4Zj1IS2isMv6z7xDbf&index=21 https://www.youtube.com/watch?v=kON76cgrZdc&list=PLbETWreOEuPo86L4Zj1IS2isMv6z7xDbf&index=22 | BC23: nu | BD23: nu sînt informații pe web | BE23: partial | BF23: https://www.youtube.com/watch?v=g-ZLiroqSXU&t=1s | BG23: nu | BH23: nu sînt informații pe web | BI23: nu | BJ23: nu sînt informații pe web | BK23: partial | BL23: https://www.youtube.com/watch?v=tVAz-VT66Lc https://www.youtube.com/watch?v=-JAfQJjidcI | BM23: da | BN23: https://www.youtube.com/channel/UCl07TgpsGovh7jGlqTMPr6g/videos | BO23: da | BP23: http://ialoveni.md/sedintele-consiliului/ | BQ23: partial | BR23: https://www.youtube.com/watch?v=snGSWYAVz0s | BS23: partial | BT23: https://www.facebook.com/tuk.md/videos/%D0%B7%D0%B0%D1%81%D0%B5%D0%B4%D0%B0%D0%BD%D0%B8%D0%B5-%D0%B3%D0%BE%D1%80%D0%BE%D0%B4%D1%81%D0%BA%D0%BE%D0%B3%D0%BE-%D1%81%D0%BE%D0%B2%D0%B5%D1%82%D0%B0-%D1%82%D0%B0%D1%80%D0%B0%D0%BA%D0%BB%D0%B8%D0%B8-131219-live-tuk/718827101856545/ | BU23: nu | BV23: nu sînt informații pe web | BW23: nu | BX23: nu sînt informații pe web | BY23: nu | BZ23: nu sînt informații pe web | CA23: nu | CB23: nu sînt informații pe web | CC23: nu | CD23: nu sînt informații pe web | CE23: partial | CF23: https://www.youtube.com/watch?v=W95rjxowjtE https://www.youtube.com/watch?v=wD_jLdYqgfE&t=5s https://www.youtube.com/watch?v=FTtS3fznBhw&t=2s | CG23: nu | CH23: nu sînt informații pe web | CI23: partial | CJ23: https://www.youtube.com/channel/UCGFNR4IVP-gj_GWTDCrvKJQ https://www.youtube.com/watch?v=JhcoViDYnGM | CK23: nu | CL23: nu sînt informații pe web | CM23: nu | CN23: nu sînt informații pe web | CO23: nu | CP23: nu sînt informații pe web | CQ23: partial | CR23: https://www.youtube.com/channel/UCd1MntVmkigyRzDWc_52rug/videos | CS23: nu | CT23: Pagina web nefuncțională (ultima verificare 31.05.2020) | CU23: nu | CV23: nu sînt informații pe web | CW23: nu | CX23: nu sînt informații pe web | CY23: partial | CZ23: https://www.youtube.com/channel/UC6vTpgf2EQMe9luv0QziFHg/videos | DA23: nu | DB23: nu sînt informații pe web | DC23: partial | DD23: https://www.youtube.com/channel/UChZG7H5cPlwF65oF74N-BcA | DE23: nu | DF23: nu este pagina web (ultima verificare 31.05.2020) | DG23: nu | DH23: nu sînt informații pe web | DI23: nu | DJ23: nu sînt informații pe web | DK23: partial | DL23: https://www.youtube.com/channel/UCDBas_VpFIbS-TP4w3gMfTw/videos | DM23: nu | DN23: nu sînt informații pe web | DO23: nu | DP23: site nefuncțional (ultima verificare 31.05.2020) | DQ23: nu | DR23: Nu are pagină web (ultima verificare 31.05.2020) | DS23: nu | DT23: nu sînt informații pe web | DU23: nu | DV23: Nu are pagină web (ultima verificare 31.05.2020) | DW23: partial | DX23: https://www.youtube.com/watch?v=8Kt-cRSL6aw https://www.youtube.com/watch?v=dFEeav8YYF0 | DY23: nu | DZ23: nu sînt informații pe web | EA23: nu | EB23: nu sînt informații pe web | EC23: nu | ED23: Nu are pagină web (ultima verificare 31.05.2020) | EE23: nu | EF23: nu sînt informații pe web | EG23: partial | EH23: https://budesti.md/video/ | EI23: nu | EJ23: nu sînt informații pe web | EK23: partial | EL23: https://www.youtube.com/user/primarialarga/videos | EM23: da | EN23: https://www.youtube.com/channel/UCZPiEYbeVECaTl-QnXFuQ1w/videos | EO23: nu | EP23: nu sînt informații pe web | EQ23: nu | ER23: pagina web nefuncțională (ultima verificare la 2.06.2020) | ES23: nu | ET23: pagina web nefuncțională (ultima verificare la 2.06.2020) | EU23: partial | EV23: https://www.youtube.com/channel/UCKL_sldZZRADZmkYWdn15lg/videos | EW23: nu | EX23: nu sînt informații pe web | EY23: da | EZ23: https://www.youtube.com/channel/UC4jl5WqGlN1j8IpN7PG8Ezw/videos
A24: Q22 | B24: C20022 | C24: 24 | D24: Deciziile adoptate de autoritățile publice sînt publicate, prin plasarea acestora pe pagina web oficială ? | E24: Are the approved decisions of the local public authority published on the web site? | F24: par | G24: par14 | H24: par14k | I24: 4 | J24: da | K24: yes | L24: nu | M24: no | N24: partial | O24: partially | P24: 0-10% | Q24: 0-10% | R24: 10-30% | S24: 10-30% | T24: 30-60% | U24: 30-60% | V24: 60-90% | W24: 60-90% | X24: N/A | Y24: N/A | Z24: -------- | AA24: -------- | AB24: 4 | AC24: 0 | AD24: =AB24/2 -> 2 | AE24: =$AB24*(1/5) -> 0.8 | AF24: =$AB24*(2/5) -> 1.6 | AG24: =$AB24*(3/5) -> 2.4 | AH24: =$AB24*(4/5) -> 3.2 | AI24: N/A | AK24: da | AL24: https://www.chisinau.md/libt.php?l=ro&idc=408&year=&month=&day=&t=/Consiliul/Activitatea-Consiliului/Decizii-CMC/&page=4 | AM24: da | AN24: http://balti.md/consiliul/sedinte/page/2/ | AO24: da | AP24: http://primariacahul.md/index.php/consiliul-orasenesc/decizii-aprobate | AQ24: nu | AR24: nu sînt informații pe web | AS24: da | AT24: http://www.primsoroca.md/ro/decizii?ArticleFileSearch%5BYear%5D=2019&ArticleFileSearch%5BMonth%5D=&ArticleFileSearch%5BDay%5D= | AU24: da | AV24: https://www.orhei.md/index.php?pag=news&id=908&l=ro | AW24: da | AX24: https://ceadir-lunga.md/webportal/?q=resenia | AY24: da | AZ24: http://www.straseni.md/dispozitii-si-decizii/ | BA24: nu | BB24: nu sînt informații pe web | BC24: 60-90% | BD24: http://www.durlesti.md/ro/deciziile-consiliului.html | BE24: nu | BF24: nu sînt informații pe web | BG24: da | BH24: http://primariaedinet.md/?page_id=3540 | BI24: nu | BJ24: nu sînt informații pe web | BK24: da | BL24: https://www.vulcanestimd.com/protokol | BM24: da | BN24: http://calarasi-primaria.md/deciziile-consiliului/ | BO24: da | BP24: http://ialoveni.md/decizii-ale-consiliului/ | BQ24: 0-10% | BR24: http://primariafloresti.md/deciziile-consiliului/ | BS24: nu | BT24: nu sînt informații pe web | BU24: da | BV24: https://falesti.md/index.php/deciziile-consiliului-local.html | BW24: partial | BX24: http://primariasingerei.md/ro/page/consiliul-local/consilieri-si-programul-de-audienta/arhiva-deciziilor-consiliului-local?year=2019&month=1 | BY24: 30-60% | BZ24: http://primarianisporeni.md/docs/decisions/ | CA24: da | CB24: http://cimislia.md/ro/page/consiliul-local/consiliul-local-214/arhiva-deciziilor-anterioare?year=2019&month=1 | CC24: 0-10% | CD24: http://riscani.com/ro/page/consiliul-local/arhiva-deciziilor?year=2019&month=1 | CE24: da | CF24: http://primaria-rezina.md/deciziile-consiliului/ | CG24: nu | CH24: nu sînt informații pe web | CI24: da | CJ24: http://actelocale.gov.md/widget_src/eyJzaG93X3BhZ2luYXRpb24iOnRydWUsInNob3dfc2VhcmNoIjpmYWxzZSwicmVzdWx0c19vbl9wYWdlIjoyOSwib2Zmc2V0IjowLCJmb250X2NvbG9yIjoicmdiYSgwLDAsMCwxKSIsImZvbnRfc2l6ZSI6MTQsImFwbCI6IjE4ODgyIiwidHlwZXMiOlsiMSJdfQ%3D%3D | CK24: nu | CL24: nu sînt informații pe web | CM24: da | CN24: http://primaria-glodeni.md/ro/page/consilieri-locali-si-domeniile-de-responsabilitate-216/arhiva-deciziilor-anterioare?year=2019&month=1 | CO24: 10-30% | CP24: http://costesti.md/category/deciziile-consiliului/ | CQ24: 30-60% | CR24: http://primarialeova.md/deciziile-consiliului/ | CS24: nu | CT24: Pagina web nefuncțională (ultima verificare 31.05.2020) | CU24: da | CV24: http://www.carpineni.md/ http://actelocale.gov.md/ral/search?q=&type=2 | CW24: nu | CX24: nu sînt informații pe web | CY24: nu | CZ24: nu sînt informații pe web | DA24: 60-90% | DB24: http://primariaocnita.md/decizii-2019/ | DC24: nu | DD24: nu sînt informații pe web | DE24: nu | DF24: nu este pagina web (ultima verificare 31.05.2020) | DG24: 60-90% | DH24: http://www.primariacricova.md/ro/deciziile-consiliului.html | DI24: 0-10% | DJ24: https://bacioi.md/decizii/ | DK24: da | DL24: http://www.primariastefanvoda.md/index.php?pag=sedinte&yr=2019&l= | DM24: da | DN24: http://actelocale.gov.md/ | DO24: nu | DP24: site nefuncțional (ultima verificare 31.05.2020) | DQ24: nu | DR24: Nu are pagină web (ultima verificare 31.05.2020) | DS24: nu | DT24: nu sînt informații pe web | DU24: nu | DV24: Nu are pagină web (ultima verificare 31.05.2020) | DW24: 30-60% | DX24: http://truseni.md/index.php/ro/prinyatye-resheniya | DY24: da | DZ24: http://www.pelinia.md/deciziile-consiliului-comunal-pelinia/ | EA24: 0-10% | EB24: http://peresecina.md/deciziile-consiliului-2/ | EC24: nu | ED24: Nu are pagină web (ultima verificare 31.05.2020) | EE24: 10-30% | EF24: http://talmaza.md/index.php?pag=news&id=1201&l=ro&start=10 | EG24: 0-10% | EH24: https://budesti.md/decizii/1555-decizie-nr-1-17-din-28022019.html | EI24: 60-90% | EJ24: http://varnita.md/category/decizii | EK24: nu | EL24: nu sînt informații pe web | EM24: da | EN24: http://www.primariatelenesti.md/deciziile-consiliului-local/ | EO24: 0-10% | EP24: https://magdacesti.md/consiliul-local/transparenta-decizionala/sedintele-consiliului-satesc/ | EQ24: nu | ER24: pagina web nefuncțională (ultima verificare la 2.06.2020) | ES24: nu | ET24: pagina web nefuncțională (ultima verificare la 2.06.2020) | EU24: nu | EV24: pagina web nefuncțională (ultima verificare la 2.06.2020) | EW24: 0-10% | EX24: http://zaim.md/ro/page/consiliul-local/consiliul-local-214/arhiva-deciziilor-anterioare?year=2019&month=1 | EY24: da | EZ24: https://comrat.md/reshenija-munsoveta.html
A25: Q23 | B25: C20023 | C25: 25 | D25: Sînt utilizate de autoritățile publice locale rețelele sociale pentru implicarea cetățenilor și diseminarea informațiilor publice ? | E25: Are social networks used by local public authorities to involve citizens and disseminate public information? | F25: par | G25: par15 | H25: par15k | I25: 2 | J25: da | K25: yes | L25: nu | M25: no | N25: partial | O25: partially | P25: -------- | Q25: -------- | R25: -------- | S25: -------- | T25: -------- | U25: -------- | V25: -------- | W25: -------- | X25: N/A | Y25: N/A | Z25: -------- | AA25: -------- | AB25: 2 | AC25: 0 | AD25: =AB25/2 -> 1 | AI25: N/A | AK25: da | AL25: https://www.facebook.com/primariachisinaumd/?fref=ts | AM25: da | AN25: https://www.facebook.com/primariabalti/ | AO25: da | AP25: https://www.facebook.com/primariamunicipuluicahul/ | AQ25: da | AR25: https://www.facebook.com/ungheni.md/ | AS25: da | AT25: https://www.facebook.com/primSoroca/ | AU25: da | AV25: https://www.facebook.com/orhei.md/ | AW25: nu | AX25: nu sînt informații pe web | AY25: da | AZ25: https://www.facebook.com/PrimariaStraseni/ | BA25: da | BB25: https://www.facebook.com/PrimariaDrochia/ | BC25: da | BD25: https://www.facebook.com/Prim%C4%83ria-or-Durle%C8%99ti-285512255690088/ | BE25: da | BF25: https://www.facebook.com/Primaria-Causeni-478149692315806/ | BG25: da | BH25: https://www.facebook.com/PrimariaEdinet/ | BI25: da | BJ25: https://www.facebook.com/Prim%C4%83ria-Municipiului-H%C3%A2nce%C8%99ti-1281867518499296/ | BK25: da | BL25: https://ok.ru/profile/556248519419 | BM25: da | BN25: https://www.facebook.com/PrimariaCalarasiMD | BO25: da | BP25: https://www.facebook.com/Prim%C4%83ria-Ialoveni-438740852928129/ | BQ25: nu | BR25: nu sînt informații pe web | BS25: da | BT25: https://www.facebook.com/primariataraclia/ | BU25: da | BV25: https://www.facebook.com/falestimd/ | BW25: da | BX25: https://www.facebook.com/primariaorasuluisingerei/ | BY25: da | BZ25: https://www.facebook.com/primariaorasului.nisporeni/?fref=ts | CA25: da | CB25: https://www.facebook.com/primaria.cimislia/?ref=br_rs | CC25: da | CD25: https://www.facebook.com/Prim%C4%83ria-R%C3%AE%C5%9Fcani-663133227099939/ | CE25: da | CF25: https://www.facebook.com/PrimariaRezina/ | CG25: da | CH25: https://www.facebook.com/PrimariaBasarabeasca/ | CI25: nu | CJ25: nu sînt informații pe web | CK25: nu | CL25: nu sînt informații pe web | CM25: da | CN25: https://www.facebook.com/PrimariaGlodeni | CO25: da | CP25: https://www.facebook.com/primariacostesti/ | CQ25: da | CR25: https://www.facebook.com/PrimariaLeova/ | CS25: da | CT25: https://www.facebook.com/PrimariaDonduseni/ | CU25: da | CV25: https://www.facebook.com/Prim%C4%83ria-comunei-C%C4%83rpineni-117719162186601/ | CW25: nu | CX25: nu sînt informații pe web | CY25: da | CZ25: https://www.facebook.com/copceac/ | DA25: partial | DB25: https://www.facebook.com/PrimariaOrasuluiOcnita/?fref=ts | DC25: da | DD25: https://www.facebook.com/primaria.aneniinoi.16 | DE25: da | DF25: https://www.facebook.com/profile.php?id=100033923633765 | DG25: da | DH25: https://www.facebook.com/primcricova/?ref=br_rs | DI25: da | DJ25: https://www.facebook.com/PrimariaComuneiBacioi/ | DK25: nu | DL25: nu sînt informații pe web | DM25: nu | DN25: nu sînt informații pe web | DO25: da | DP25: https://www.facebook.com/primaria.criuleni.3?fref=search&__tn__=%2Cd%2CP-R&eid=ARAySmq5kFgLBjKGeOhHGoJ0yUMI1EwjcSylHouATM8itAbwRRMFU8DtL26TzHjJGeucPiPXqs0fSBj1 | DQ25: nu | DR25: Nu are pagină web (ultima verificare 31.05.2020) | DS25: da | DT25: https://ok.ru/primariyag | DU25: nu | DV25: Nu are pagină web (ultima verificare 31.05.2020) | DW25: da | DX25: https://www.facebook.com/truseni/ | DY25: da | DZ25: https://www.facebook.com/primariapelinia/ | EA25: partial | EB25: https://www.facebook.com/peresecina/ | EC25: partial | ED25: https://www.facebook.com/CudragpentruSipoteni/ | EE25: da | EF25: https://www.facebook.com/satulTalmaza/?ref=search&__tn__=%2Cd%2CP-R&eid=ARCeCmZXIuTYLhBMtrAez5ji7LRXJ_MWnAS-uhnnMoMhnyssI4A6TDaJaPYs665iibhzRiVAiUY3Lu-x | EG25: da | EH25: https://www.facebook.com/primariabudestimd/ | EI25: da | EJ25: https://www.facebook.com/PrimariaVarnita/ | EK25: nu | EL25: nu sînt informații pe web | EM25: da | EN25: https://www.facebook.com/primariatelenesti/ | EO25: da | EP25: https://www.facebook.com/magdacesti.md/ | EQ25: partial | ER25: https://www.facebook.com/GuraGalbeneiCimislia/ | ES25: nu | ET25: pagina web nefuncțională (ultima verificare la 2.06.2020) | EU25: partial | EV25: https://www.facebook.com/pg/Prim%C4%83ria-Ruse%C5%9Ftii-Noi-oficial-1577189855875132/posts/ | EW25: da | EX25: https://www.facebook.com/primariazaim/ | EY25: da | EZ25: https://www.facebook.com/comratmd/
A26: Q24 | B26: C20024 | C26: 26 | D26: Sînt aduse la cunoștință publică anunțurile de intenție (planurile de achiziţii publice)? | E26: Are notices of intent (public procurement plans) made public? | F26: proc | G26: proc1 | H26: proc1k | I26: 2 | J26: da | K26: yes | L26: nu | M26: no | N26: partial/alte modalități | O26: partially/other ways | P26: -------- | Q26: -------- | R26: -------- | S26: -------- | T26: -------- | U26: -------- | V26: -------- | W26: -------- | X26: N/A | Y26: N/A | Z26: -------- | AA26: -------- | AB26: 2 | AC26: 0 | AD26: =AB26/2 -> 1 | AI26: N/A | AK26: da | AL26: https://www.chisinau.md/doct.php?l=ro&idc=493&id=25066&t=/Informatii/Licitatii-si-achizitii/Licitatii-si-achizitii-curente/PLANUL-de-achizitii-al-Aparatului-Primariei-municipiului-Chiinau-pentru-anul-2019 https://www.chisinau.md/doct.php?l=ro&idc=493&id=25065&t=/Informatii/Licitatii-si-achizitii/Licitatii-si-achizitii-curente/PLANUL-de-achizitii-al-Directiei-generale-arhitectura-urbanism-i-relatii-funciare-pe-anul-2019 https://www.chisinau.md/doct.php?l=ro&idc=493&id=25058&t=/Informatii/Licitatii-si-achizitii/Licitatii-si-achizitii-curente/PLANUL-de-achizitie-al-Directiei-generale-finante-pe-anul-2019 https://www.chisinau.md/doct.php?l=ro&idc=493&id=25038&t=/Informatii/Licitatii-si-achizitii/Licitatii-si-achizitii-curente/PLANUL-de-achizitii-publice-al-Directiei-Cultura-a-Primariei-municipiului-Chiinau-pentru-anul-2019 https://www.chisinau.md/doct.php?l=ro&idc=493&id=25237&t=/Informatii/Licitatii-si-achizitii/Licitatii-si-achizitii-curente/PLANUL-DE-ACHIZIII-pentru-necesitatile-Directiei-generale-economie-reforme-i-relatii-patrimoniale-pentru-anul-2019 https://www.chisinau.md/doct.php?l=ro&idc=493&id=25111&t=/Informatii/Licitatii-si-achizitii/Licitatii-si-achizitii-curente/PLANUL-achizitiilor-publice-pentru-anul-2019-in-cadrul-Directiei-generale-asistenta-sociala-i-sanatate http://comert.chisinau.md/libview.php?l=ro&idc=83&id=405&t=/Transparenta/Achizitii-publice/Planul-de-achizitii-pentru-anul-2019 | AM26: da | AN26: http://balti.md/transparenta/achizitii-publice/anunt-de-intentie/ http://balti.md/transparenta/achizitii-publice/planul-anual/ | AO26: nu | AP26: nu sînt informații pe web | AQ26: nu | AR26: nu sînt informații pe web | AS26: da | AT26: http://www.primsoroca.md/uploads/article/Plan_de_achizitii_2019_srGY.pdf http://www.primsoroca.md/uploads/article/img02386_TFwV.pdf | AU26: da | AV26: https://www.orhei.md/index.php?pag=news&id=764&rid=2718&l=ro https://www.orhei.md/index.php?pag=news&id=764&rid=3028&l=ro | AW26: da | AX26: https://ceadir-lunga.md/gosudarstvennye-zakupki/plan-zakupok-na-2018-god | AY26: da | AZ26: http://www.straseni.md/planul-de-achizie-al-primariei-municipiului-straseni-pentru-anul-2019/ | BA26: nu | BB26: nu sînt informații pe web | BC26: nu | BD26: nu sînt informații pe web | BE26: nu | BF26: nu sînt informații pe web | BG26: nu | BH26: nu sînt informații pe web | BI26: nu | BJ26: nu sînt informații pe web | BK26: nu | BL26: nu sînt informații pe web | BM26: da | BN26: http://calarasi-primaria.md/achizitii-publice/ | BO26: nu | BP26: nu sînt informații pe web | BQ26: da | BR26: http://primariafloresti.md/licitatii-si-achizitii/ | BS26: nu | BT26: nu sînt informații pe web | BU26: da | BV26: https://falesti.md/index.php/achizitii-publice/380-plan-achizitii-2019.html | BW26: nu | BX26: nu sînt informații pe web | BY26: nu | BZ26: nu sînt informații pe web | CA26: da | CB26: http://cimislia.md/upload/plan%20de%20achizitii.pdf | CC26: da | CD26: http://riscani.com/upload/actelocale/planul%20de%20achizi%C8%9Bii.pdf http://riscani.com/upload/actelocale/anun%C8%9B%20de%20inten%C8%9Bie.PDF | CE26: da | CF26: http://primaria-rezina.md/plan-de-achizitii/ | CG26: nu | CH26: nu sînt informații pe web | CI26: nu | CJ26: nu sînt informații pe web | CK26: nu | CL26: nu sînt informații pe web | CM26: nu | CN26: nu sînt informații pe web | CO26: nu | CP26: nu sînt informații pe web | CQ26: nu | CR26: nu sînt informații pe web | CS26: nu | CT26: Pagina web nefuncțională (ultima verificare 31.05.2020) | CU26: nu | CV26: nu sînt informații pe web | CW26: nu | CX26: nu sînt informații pe web | CY26: nu | CZ26: nu sînt informații pe web | DA26: nu | DB26: nu sînt informații pe web | DC26: nu | DD26: nu sînt informații pe web | DE26: nu | DF26: nu este pagina web (ultima verificare 31.05.2020) | DG26: da | DH26: http://www.primariacricova.md/ro/plan-achizi-ii.html | DI26: nu | DJ26: nu sînt informații pe web | DK26: da | DL26: http://www.primariastefanvoda.md/files/9124_planul_de_achizitii_publice_ale_primariei_or._stefan_voda_pe_anul_2019.pdf | DM26: nu | DN26: nu sînt informații pe web | DO26: nu | DP26: site nefuncțional (ultima verificare 31.05.2020) | DQ26: nu | DR26: Nu are pagină web (ultima verificare 31.05.2020) | DS26: nu | DT26: nu sînt informații pe web | DU26: nu | DV26: Nu are pagină web (ultima verificare 31.05.2020) | DW26: nu | DX26: nu sînt informații pe web | DY26: nu | DZ26: nu sînt informații pe web | EA26: nu | EB26: nu sînt informații pe web | EC26: nu | ED26: Nu are pagină web (ultima verificare 31.05.2020) | EE26: nu | EF26: nu sînt informații pe web | EG26: da | EH26: https://budesti.md/licitatii/1514-aprobarea-planului-de-achiziii-publice-pentru-anul-2019.html | EI26: da | EJ26: http://varnita.md/category/achizitii-publice/plan-de-achizitii | EK26: nu | EL26: nu sînt informații pe web | EM26: da | EN26: http://www.primariatelenesti.md/planul-achizitiilor-publice-pe-anul-2019/ | EO26: nu | EP26: nu sînt informații pe web | EQ26: nu | ER26: pagina web nefuncțională (ultima verificare la 2.06.2020) | ES26: nu | ET26: pagina web nefuncțională (ultima verificare la 2.06.2020) | EU26: nu | EV26: pagina web nefuncțională (ultima verificare la 2.06.2020) | EW26: nu | EX26: nu sînt informații pe web | EY26: nu | EZ26: nu sînt informații pe web
A27: Q25 | B27: C20025 | C27: 27 | D27: Sînt aduse la cunoștință publică anunţurile de participare la achiziţii publice? | E27: Are public procurement announcements made public? | F27: proc | G27: proc2 | H27: proc2k | I27: 2 | J27: da | K27: yes | L27: nu | M27: no | N27: partial/alte modalități | O27: partially/other ways | P27: 0-10% | Q27: 0-10% | R27: 10-30% | S27: 10-30% | T27: 30-60% | U27: 30-60% | V27: 60-90% | W27: 60-90% | X27: N/A | Y27: N/A | Z27: -------- | AA27: -------- | AB27: 2 | AC27: 0 | AD27: =AB27/2 -> 1 | AE27: =$AB27*(1/5) -> 0.4 | AF27: =$AB27*(2/5) -> 0.8 | AG27: =$AB27*(3/5) -> 1.2 | AH27: =$AB27*(4/5) -> 1.6 | AI27: N/A | AK27: 60-90% | AL27: https://www.chisinau.md/libt.php?l=ro&idc=493&year=2019&month=&day=&t=/Informatii/Licitatii-si-achizitii/Licitatii-si-achizitii-curente/&page=1 | AM27: 30-60% | AN27: http://balti.md/transparenta/achizitii-publice/invitatii-de-participare/page/6/ | AO27: 0-10% | AP27: http://primariacahul.md/index.php/informatii-publice/achizitii-publice?start=5 | AQ27: nu | AR27: nu sînt informații pe web | AS27: nu | AT27: nu sînt informații pe web | AU27: 0-10% | AV27: https://www.orhei.md/index.php?pag=news&id=764&l=ro | AW27: 0-10% | AX27: https://ceadir-lunga.md/webportal/?q=obiavlenia-zakupki | AY27: 0-10% | AZ27: http://www.straseni.md/articole/achizitii-publice/page/2/ | BA27: nu | BB27: nu sînt informații pe web | BC27: nu | BD27: nu sînt informații pe web | BE27: nu | BF27: nu sînt informații pe web | BG27: nu | BH27: nu sînt informații pe web | BI27: nu | BJ27: nu sînt informații pe web | BK27: nu | BL27: nu sînt informații pe web | BM27: nu | BN27: nu sînt informații pe web | BO27: nu | BP27: nu sînt informații pe web | BQ27: nu | BR27: nu sînt informații pe web | BS27: nu | BT27: nu sînt informații pe web | BU27: 0-10% | BV27: https://falesti.md/index.php/achizitii-publice.html | BW27: 0-10% | BX27: http://primariasingerei.md/ro/page/transparenta1/informatii-de-interes-public/achizitii-publice | BY27: nu | BZ27: nu sînt informații pe web | CA27: 0-10% | CB27: http://cimislia.md/ro/page/primaria/achizitii-publice-locale/anunturi-achizitii-publice | CC27: nu | CD27: nu sînt informații pe web | CE27: 0-10% | CF27: http://primaria-rezina.md/proceduri/ | CG27: nu | CH27: nu sînt informații pe web | CI27: nu | CJ27: nu sînt informații pe web | CK27: nu | CL27: nu sînt informații pe web | CM27: nu | CN27: nu sînt informații pe web | CO27: nu | CP27: nu sînt informații pe web | CQ27: 0-10% | CR27: http://primarialeova.md/achizitii-publice/ | CS27: nu | CT27: Pagina web nefuncțională (ultima verificare 31.05.2020) | CU27: 0-10% | CV27: http://www.carpineni.md/articole/transparenta/page/3/ http://www.carpineni.md/articole/achizitii-publice/page/2/ | CW27: nu | CX27: nu sînt informații pe web | CY27: nu | CZ27: nu sînt informații pe web | DA27: nu | DB27: nu sînt informații pe web | DC27: nu | DD27: nu sînt informații pe web | DE27: nu | DF27: nu este pagina web (ultima verificare 31.05.2020) | DG27: 10-30% | DH27: http://www.primariacricova.md/ro/anunturi-achizitii-publice.html | DI27: nu | DJ27: nu sînt informații pe web | DK27: nu | DL27: nu sînt informații pe web | DM27: nu | DN27: nu sînt informații pe web | DO27: nu | DP27: site nefuncțional (ultima verificare 31.05.2020) | DQ27: nu | DR27: Nu are pagină web (ultima verificare 31.05.2020) | DS27: nu | DT27: nu sînt informații pe web | DU27: nu | DV27: Nu are pagină web (ultima verificare 31.05.2020) | DW27: nu | DX27: nu sînt informații pe web | DY27: nu | DZ27: nu sînt informații pe web | EA27: nu | EB27: nu sînt informații pe web | EC27: nu | ED27: Nu are pagină web (ultima verificare 31.05.2020) | EE27: nu | EF27: nu sînt informații pe web | EG27: 0-10% | EH27: https://www.budesti.md/licitatii/ | EI27: 0-10% | EJ27: http://varnita.md/anunt-de-participare | EK27: nu | EL27: nu sînt informații pe web | EM27: nu | EN27: nu sînt informații pe web | EO27: nu | EP27: nu sînt informații pe web | EQ27: nu | ER27: pagina web nefuncțională (ultima verificare la 2.06.2020) | ES27: nu | ET27: pagina web nefuncțională (ultima verificare la 2.06.2020) | EU27: nu | EV27: pagina web nefuncțională (ultima verificare la 2.06.2020) | EW27: nu | EX27: nu sînt informații pe web | EY27: nu | EZ27: nu sînt informații pe web
A28: Q26 | B28: C20026 | C28: 28 | D28: Sînt aduse la cunoștință publică anunțurile de atribuire (rezultatele achizițiilor publice) ? | E28: Is public informed about award notices (public procurement's results)? | F28: proc | G28: proc3 | H28: proc3k | I28: 2 | J28: da | K28: yes | L28: nu | M28: no | N28: partial/alte modalități | O28: partially/other ways | P28: 0-10% | Q28: 0-10% | R28: 10-30% | S28: 10-30% | T28: 30-60% | U28: 30-60% | V28: 60-90% | W28: 60-90% | X28: N/A | Y28: N/A | Z28: -------- | AA28: -------- | AB28: 2 | AC28: 0 | AD28: =AB28/2 -> 1 | AE28: =$AB28*(1/5) -> 0.4 | AF28: =$AB28*(2/5) -> 0.8 | AG28: =$AB28*(3/5) -> 1.2 | AH28: =$AB28*(4/5) -> 1.6 | AI28: N/A | AK28: nu | AL28: nu sînt informații pe web | AM28: da | AN28: http://balti.md/transparenta/achizitii-publice/contracte/ | AO28: 0-10% | AP28: http://primariacahul.md/index.php/rezultate-achizitii-publice | AQ28: nu | AR28: nu sînt informații pe web | AS28: nu | AT28: nu sînt informații pe web | AU28: 0-10% | AV28: https://www.orhei.md/index.php?pag=news&id=764&l=ro | AW28: nu | AX28: nu sînt informații pe web | AY28: 0-10% | AZ28: http://www.straseni.md/articole/achizitii-publice/page/2/ | BA28: 0-10% | BB28: https://primariadrochia.md/documents/darea-de-seama-autobus-urban/ https://primariadrochia.md/licitatii/ https://primariadrochia.md/rapoarte/ | BC28: nu | BD28: nu sînt informații pe web | BE28: nu | BF28: nu sînt informații pe web | BG28: nu | BH28: nu sînt informații pe web | BI28: nu | BJ28: nu sînt informații pe web | BK28: nu | BL28: nu sînt informații pe web | BM28: nu | BN28: nu sînt informații pe web | BO28: nu | BP28: nu sînt informații pe web | BQ28: nu | BR28: nu sînt informații pe web | BS28: nu | BT28: nu sînt informații pe web | BU28: 0-10% | BV28: https://falesti.md/index.php/achizitii-publice/447-info-nr-md-1555942588946.html | BW28: nu | BX28: nu sînt informații pe web | BY28: nu | BZ28: nu sînt informații pe web | CA28: nu | CB28: nu sînt informații pe web | CC28: nu | CD28: nu sînt informații pe web | CE28: 0-10% | CF28: http://primaria-rezina.md/proceduri/ | CG28: nu | CH28: nu sînt informații pe web | CI28: nu | CJ28: nu sînt informații pe web | CK28: nu | CL28: nu sînt informații pe web | CM28: nu | CN28: nu sînt informații pe web | CO28: nu | CP28: nu sînt informații pe web | CQ28: nu | CR28: nu sînt informații pe web | CS28: nu | CT28: Pagina web nefuncțională (ultima verificare 31.05.2020) | CU28: nu | CV28: nu sînt informații pe web | CW28: nu | CX28: nu sînt informații pe web | CY28: nu | CZ28: nu sînt informații pe web | DA28: nu | DB28: nu sînt informații pe web | DC28: nu | DD28: nu sînt informații pe web | DE28: nu | DF28: nu este pagina web (ultima verificare 31.05.2020) | DG28: partial/alte modalități | DH28: http://www.primariacricova.md/ro/contracte-atribuite.html | DI28: nu | DJ28: nu sînt informații pe web | DK28: nu | DL28: nu sînt informații pe web | DM28: nu | DN28: nu sînt informații pe web | DO28: nu | DP28: site nefuncțional (ultima verificare 31.05.2020) | DQ28: nu | DR28: Nu are pagină web (ultima verificare 31.05.2020) | DS28: nu | DT28: nu sînt informații pe web | DU28: nu | DV28: Nu are pagină web (ultima verificare 31.05.2020) | DW28: nu | DX28: nu sînt informații pe web | DY28: nu | DZ28: nu sînt informații pe web | EA28: nu | EB28: nu sînt informații pe web | EC28: nu | ED28: Nu are pagină web (ultima verificare 31.05.2020) | EE28: nu | EF28: nu sînt informații pe web | EG28: nu | EH28: nu sînt informații pe web | EI28: nu | EJ28: nu sînt informații pe web | EK28: nu | EL28: nu sînt informații pe web | EM28: nu | EN28: nu sînt informații pe web | EO28: nu | EP28: nu sînt informații pe web | EQ28: nu | ER28: pagina web nefuncțională (ultima verificare la 2.06.2020) | ES28: nu | ET28: pagina web nefuncțională (ultima verificare la 2.06.2020) | EU28: nu | EV28: pagina web nefuncțională (ultima verificare la 2.06.2020) | EW28: nu | EX28: nu sînt informații pe web | EY28: nu | EZ28: nu sînt informații pe web
A29: Q27 | B29: C20027 | C29: 29 | D29: Sînt publicate pe web contractele de achiziții publice ? | E29: Are public procurement contracts published on the web? | F29: proc | G29: proc4 | H29: proc4k | I29: 3 | J29: da | K29: yes | L29: nu | M29: no | N29: partial/alte modalități | O29: partially/other ways | P29: 0-10% | Q29: 0-10% | R29: 10-30% | S29: 10-30% | T29: 30-60% | U29: 30-60% | V29: 60-90% | W29: 60-90% | X29: N/A | Y29: N/A | Z29: -------- | AA29: -------- | AB29: 3 | AC29: 0 | AD29: =AB29/2 -> 1.5 | AE29: =$AB29*(1/5) -> 0.6 | AF29: =$AB29*(2/5) -> 1.2 | AG29: =$AB29*(3/5) -> 1.8 | AH29: =$AB29*(4/5) -> 2.4 | AI29: N/A | AK29: nu | AL29: nu sînt informații pe web | AM29: da | AN29: http://balti.md/transparenta/achizitii-publice/contracte/ | AO29: 0-10% | AP29: http://primariacahul.md/index.php/65-contracte-atribuite | AQ29: nu | AR29: nu sînt informații pe web | AS29: nu | AT29: nu sînt informații pe web | AU29: nu | AV29: nu sînt informații pe web | AW29: nu | AX29: nu sînt informații pe web | AY29: 0-10% | AZ29: http://www.straseni.md/articole/achizitii-publice/page/2/ | BA29: nu | BB29: nu sînt informații pe web | BC29: nu | BD29: nu sînt informații pe web | BE29: nu | BF29: nu sînt informații pe web | BG29: nu | BH29: nu sînt informații pe web | BI29: nu | BJ29: nu sînt informații pe web | BK29: nu | BL29: nu sînt informații pe web | BM29: nu | BN29: nu sînt informații pe web | BO29: nu | BP29: nu sînt informații pe web | BQ29: nu | BR29: nu sînt informații pe web | BS29: nu | BT29: nu sînt informații pe web | BU29: nu | BV29: nu sînt informații pe web | BW29: nu | BX29: nu sînt informații pe web | BY29: nu | BZ29: nu sînt informații pe web | CA29: nu | CB29: nu sînt informații pe web | CC29: nu | CD29: nu sînt informații pe web | CE29: nu | CF29: nu sînt informații pe web | CG29: nu | CH29: nu sînt informații pe web | CI29: nu | CJ29: nu sînt informații pe web | CK29: nu | CL29: nu sînt informații pe web | CM29: nu | CN29: nu sînt informații pe web | CO29: nu | CP29: nu sînt informații pe web | CQ29: nu | CR29: nu sînt informații pe web | CS29: nu | CT29: Pagina web nefuncțională (ultima verificare 31.05.2020) | CU29: nu | CV29: nu sînt informații pe web | CW29: nu | CX29: nu sînt informații pe web | CY29: nu | CZ29: nu sînt informații pe web | DA29: nu | DB29: nu sînt informații pe web | DC29: nu | DD29: nu sînt informații pe web | DE29: nu | DF29: nu este pagina web (ultima verificare 31.05.2020) | DG29: nu | DH29: nu sînt informații pe web | DI29: nu | DJ29: nu sînt informații pe web | DK29: nu | DL29: nu sînt informații pe web | DM29: nu | DN29: nu sînt informații pe web | DO29: nu | DP29: site nefuncțional (ultima verificare 31.05.2020) | DQ29: nu | DR29: Nu are pagină web (ultima verificare 31.05.2020) | DS29: nu | DT29: nu sînt informații pe web | DU29: nu | DV29: Nu are pagină web (ultima verificare 31.05.2020) | DW29: nu | DX29: nu sînt informații pe web | DY29: nu | DZ29: nu sînt informații pe web | EA29: nu | EB29: nu sînt informații pe web | EC29: nu | ED29: Nu are pagină web (ultima verificare 31.05.2020) | EE29: nu | EF29: nu sînt informații pe web | EG29: nu | EH29: nu sînt informații pe web | EI29: 30-60% | EJ29: http://varnita.md/category/achizitii-publice/contracte | EK29: nu | EL29: nu sînt informații pe web | EM29: nu | EN29: nu sînt informații pe web | EO29: nu | EP29: nu sînt informații pe web | EQ29: nu | ER29: pagina web nefuncțională (ultima verificare la 2.06.2020) | ES29: nu | ET29: pagina web nefuncțională (ultima verificare la 2.06.2020) | EU29: nu | EV29: pagina web nefuncțională (ultima verificare la 2.06.2020) | EW29: nu | EX29: nu sînt informații pe web | EY29: nu | EZ29: nu sînt informații pe web
A30: Q28 | B30: C20028 | C30: 30 | D30: Sînt publicate pe pagina web oficială rapoartele de monitorizare a executării contractelor de achiziţie publică (trimestrial/semestrial şi anual) și Darea de seamă anuală privind achizițiile publice de valoare mică ? | E30: Are monitoring reports on the execution of public procurement contracts published on the official web page (quarterly/biannual and annual) and Annual report on low-value public procurement? | F30: proc | G30: proc5 | H30: proc5k | I30: 3 | J30: da | K30: yes | L30: nu | M30: no | N30: partial/alte modalități | O30: partially/other ways | P30: -------- | Q30: -------- | R30: -------- | S30: -------- | T30: -------- | U30: -------- | V30: -------- | W30: -------- | X30: N/A | Y30: N/A | Z30: -------- | AA30: -------- | AB30: 3 | AC30: 0 | AD30: =AB30/2 -> 1.5 | AI30: N/A | AK30: partial/alte modalități | AL30: https://www.chisinau.md/doct.php?l=ro&idc=493&id=26588&t=/Informatii/Licitatii-si-achizitii/Licitatii-si-achizitii-curente/RAPORT-privind-atribuirea-contractelor-de-achizitii-publice-pentru-lunile-ianuarie-iunie-2019-Directia-generala-asistenta-sociala-i-sanatate https://www.chisinau.md/doct.php?l=ro&idc=493&id=26012&t=/Informatii/Licitatii-si-achizitii/Licitatii-si-achizitii-curente/RAPORT-cu-privire-la-modificareaexecutarea-planului-i-monitorizarea-contractelor-de-achizitii-pentru-necesitatile-Directiei-generale-economie-reforme-i-relatii-patrimoniale-pentru-trimestrul-I-anul-2019 | AM30: da | AN30: http://balti.md/transparenta/achizitii-publice/rapoarte/ http://balti.md/wp-content/uploads/2020/01/Monitorizarea-contractelor-anual-2019-DEC.pdf http://balti.md/wp-content/uploads/2020/05/DEC-Darea-de-seam-vm-2019.pdf http://balti.md/wp-content/uploads/2020/05/DGFE-Darea-de-seam-vm-2019.pdf http://balti.md/wp-content/uploads/2020/05/DITS-Darea-de-seam-vm-2019.pdf http://balti.md/wp-content/uploads/2020/05/DASPF-Darea-de-seam-vm-2019.pdf | AO30: da | AP30: https://drive.google.com/file/d/1dxiV6dR7XaSi902guGJ_HNsttGT0FyFU/view https://drive.google.com/file/d/1JDF-7LmE6KnhYqwSULpGzkzi2Kn-aNEt/view | AQ30: nu | AR30: nu sînt informații pe web | AS30: partial/alte modalități | AT30: http://www.primsoroca.md/uploads/article/Darea_de_seama_achizitii_yPJe.pdf http://www.primsoroca.md/uploads/article/img02387_C1Q0.pdf | AU30: partial/alte modalități | AV30: https://www.orhei.md/index.php?pag=news&id=764&rid=2994&l=ro | AW30: nu | AX30: nu sînt informații pe web | AY30: partial/alte modalități | AZ30: http://www.straseni.md/darea-de-seama-privind-realizarea-achizitiilor-publice-de-valoare-mica-3/ http://www.straseni.md/raportul-privind-executarea-contractelor-pentru-primul-semestru-al-anului-2019/ | BA30: nu | BB30: nu sînt informații pe web | BC30: nu | BD30: nu sînt informații pe web | BE30: nu | BF30: nu sînt informații pe web | BG30: nu | BH30: nu sînt informații pe web | BI30: nu | BJ30: nu sînt informații pe web | BK30: nu | BL30: nu sînt informații pe web | BM30: partial/alte modalități | BN30: http://calarasi-primaria.md/raport-de-transparenta/ | BO30: nu | BP30: nu sînt informații pe web | BQ30: nu | BR30: nu sînt informații pe web | BS30: nu | BT30: nu sînt informații pe web | BU30: da | BV30: https://falesti.md/index.php/achizitii-publice/513-rp-monitorizare.html https://falesti.md/index.php/achizitii-publice/504-dare-de-seama.html | BW30: da | BX30: http://primariasingerei.md/ro/page/transparenta1/informatii-de-interes-public/achizitii-publice?item=raport-cu-privire-la-monitorizarea-contractelor-de-achizitii-publice http://primariasingerei.md/upload/Darea%20%20de%20%20seam%C4%83%20%20contracte%20%20de%20%20mic%C4%83%20%20valoare%20%202019.pdf | BY30: nu | BZ30: nu sînt informații pe web | CA30: nu | CB30: nu sînt informații pe web | CC30: nu | CD30: nu sînt informații pe web | CE30: da | CF30: http://primaria-rezina.md/rapoarte/ | CG30: nu | CH30: nu sînt informații pe web | CI30: nu | CJ30: nu sînt informații pe web | CK30: nu | CL30: https://primariacodru.md/2020/02/11/darea-de-seama-privind-contractele-de-valoare-mica-pentru-anul-2019/ | CM30: nu | CN30: nu sînt informații pe web | CO30: nu | CP30: nu sînt informații pe web | CQ30: partial/alte modalități | CR30: Pe pagina web este publicată doar Darea de seamă pentru achizițiile de valoare mică, iar Raportul pentru monitorizarea executării contractelor de achiziții a fost anexat la chestionarul completat http://primarialeova.md/wp-content/uploads/sites/10/2020/01/DS-2019-corect-1.pdf | CS30: nu | CT30: Pagina web nefuncțională (ultima verificare 31.05.2020) | CU30: partial/alte modalități | CV30: http://www.carpineni.md/wp-content/uploads/2019/11/Raport-narativ-privind-executarea-bugetului-Institu-iei-Publice-Prim-ria-C-rpineni-pentru-trimestrul-III-anul-2019.pdf | CW30: nu | CX30: nu sînt informații pe web | CY30: nu | CZ30: nu sînt informații pe web | DA30: partial/alte modalități | DB30: http://primariaocnita.md/realizarea-achizitiilor-publice-de-valoare-mica-2019/ | DC30: nu | DD30: nu sînt informații pe web | DE30: nu | DF30: nu este pagina web (ultima verificare 31.05.2020) | DG30: partial/alte modalități | DH30: http://www.primariacricova.md/images/u/12/files/2019/06/Semestrul%20I%202019.PDF | DI30: nu | DJ30: nu sînt informații pe web | DK30: nu | DL30: nu sînt informații pe web | DM30: nu | DN30: nu sînt informații pe web | DO30: nu | DP30: site nefuncțional (ultima verificare 31.05.2020) | DQ30: nu | DR30: Nu are pagină web (ultima verificare 31.05.2020) | DS30: nu | DT30: nu sînt informații pe web | DU30: nu | DV30: Nu are pagină web (ultima verificare 31.05.2020) | DW30: nu | DX30: nu sînt informații pe web | DY30: nu | DZ30: nu sînt informații pe web | EA30: nu | EB30: nu sînt informații pe web | EC30: nu | ED30: Nu are pagină web (ultima verificare 31.05.2020) | EE30: nu | EF30: nu sînt informații pe web | EG30: nu | EH30: nu sînt informații pe web | EI30: nu | EJ30: nu sînt informații pe web | EK30: nu | EL30: nu sînt informații pe web | EM30: partial/alte modalități | EN30: http://www.primariatelenesti.md/darea-de-seama-privind-achizitionarea-achizitiilor-publice-de-valoare-mica-pe-anul-2019-primaria-telenesti/ | EO30: nu | EP30: nu sînt informații pe web | EQ30: nu | ER30: pagina web nefuncțională (ultima verificare la 2.06.2020) | ES30: nu | ET30: pagina web nefuncțională (ultima verificare la 2.06.2020) | EU30: nu | EV30: pagina web nefuncțională (ultima verificare la 2.06.2020) | EW30: nu | EX30: nu sînt informații pe web | EY30: nu | EZ30: nu sînt informații pe web
A31: Q29 | B31: C20029 | C31: 31 | D31: Anunțurile privind desfășurarea licitațiilor de vînzare/locațiune/arendă a bunurilor proprietate a unităţii administrativ-teritoriale sînt publicate pe pagina web oficială? | E31: Is published the announcements regarding auctions / contests / direct negotiations selling / renting / leasing property belonging to territorial-administrative unit? | F31: prop | G31: prop1 | H31: prop1k | I31: 2 | J31: da | K31: yes | L31: nu | M31: no | N31: partial/panou informativ | O31: partially/bilboard | P31: 0-10% | Q31: 0-10% | R31: 10-30% | S31: 10-30% | T31: 30-60% | U31: 30-60% | V31: 60-90% | W31: 60-90% | X31: N/A | Y31: N/A | Z31: -------- | AA31: -------- | AB31: 2 | AC31: 0 | AD31: =AB31/2 -> 1 | AE31: =$AB31*(1/5) -> 0.4 | AF31: =$AB31*(2/5) -> 0.8 | AG31: =$AB31*(3/5) -> 1.2 | AH31: =$AB31*(4/5) -> 1.6 | AI31: N/A | AK31: da | AL31: http://capital-imobil.md/ro/auctions/ https://www.chisinau.md/libview.php?l=ro&idc=403&id=27418&t=/Presa/Comunicate-de-presa/Licitatie-privind-acordarea-dreptului-de-locatiune-a-incaperilor-cu-alta-destinatie-decat-cea-locativa-proprietatea-municipiului-Chiinau https://www.chisinau.md/libview.php?l=ro&idc=403&id=27291&t=/Presa/Comunicate-de-presa/Licitatie-privind-acordarea-dreptului-de-locatiune-a-incaperilor-cu-alta-destinatie-decat-cea-locativa-proprietatea-municipiului-Chiinau https://www.chisinau.md/libview.php?l=ro&idc=403&id=27269&t=/Presa/Comunicate-de-presa/Desfaurarea-licitatiei-funciare-privind-vanzarea-cumpararea-i-acordarea-dreptului-de-superficie-a-terenurilor-din-intravilanul-municipiului-Chiinau https://www.chisinau.md/libview.php?l=ro&idc=403&id=27253&t=/Presa/Comunicate-de-presa/Licitatie-funciara-privind-vanzarea-cumpararea-i-acordarea-dreptului-de-superficie-a-terenurilor-din-intravilanul-municipiului-Chiinau https://www.chisinau.md/libview.php?l=ro&idc=403&id=27197&t=/Presa/Comunicate-de-presa/Licitatie-privind-acordarea-dreptului-de-locatiune-a-incaperilor-cu-alta-destinatie-decat-cea-locativa-proprietatea-municipiului-Chiinau https://www.chisinau.md/libview.php?l=ro&idc=403&id=27088&t=/Presa/Comunicate-de-presa/Licitatie-funciara-privind-vanzarea-cumpararea-i-acordarea-dreptului-de-superficie-a-terenurilor-din-intravilanul-municipiului-Chiinau https://www.chisinau.md/libview.php?l=ro&idc=403&id=25504&t=/Presa/Comunicate-de-presa/Licitatie-privind-acordarea-dreptului-de-locatiune-a-incaperilor-cu-alta-destinatie-decat-cea-locativa-proprietatea-municipiului-Chiinau | AM31: da | AN31: http://balti.md/transparenta/licitatii-funciare-imobiliare/ | AO31: nu | AP31: nu sînt informații pe web | AQ31: nu | AR31: nu sînt informații pe web | AS31: nu | AT31: nu sînt informații pe web | AU31: nu | AV31: nu sînt informații pe web | AW31: partial/panou informativ | AX31: https://ceadir-lunga.md/ob-yavleniya/item/2726-primeriya-munitsipiya-chadyr-lunga-ob-yavlyaet-o-provedenii-auktsiona | AY31: nu | AZ31: nu sînt informații pe web | BA31: nu | BB31: nu sînt informații pe web | BC31: N/A | BD31: nu sînt informații pe web | BE31: nu | BF31: nu sînt informații pe web | BG31: nu | BH31: nu sînt informații pe web | BI31: nu | BJ31: nu sînt informații pe web | BK31: nu | BL31: nu sînt informații pe web | BM31: N/A | BN31: nu sînt informații pe web | BO31: nu | BP31: nu sînt informații pe web | BQ31: nu | BR31: nu sînt informații pe web | BS31: nu | BT31: nu sînt informații pe web | BU31: N/A | BV31: nu sînt informații pe web | BW31: nu | BX31: nu sînt informații pe web | BY31: nu | BZ31: nu sînt informații pe web | CA31: nu | CB31: nu sînt informații pe web | CC31: nu | CD31: nu sînt informații pe web | CE31: nu | CF31: nu sînt informații pe web | CG31: nu | CH31: nu sînt informații pe web | CI31: nu | CJ31: nu sînt informații pe web | CK31: nu | CL31: nu sînt informații pe web | CM31: nu | CN31: nu sînt informații pe web | CO31: da | CP31: http://costesti.md/2019/07/27/primaria-costesti-anunta-licitatie-de-vinzare-cumparare-cu-strigare-a-mai-multe-loturi-de-teren-3/ http://costesti.md/2019/02/15/primaria-costesti-anunta-licitatie-de-vinzare-cumparare-cu-strigare-a-mai-multe-loturi-de-teren-2/ | CQ31: N/A | CR31: nu sînt informații pe web | CS31: nu | CT31: Pagina web nefuncțională (ultima verificare 31.05.2020) | CU31: 0-10% | CV31: http://www.carpineni.md/licitatie-cu-strigare-privind-vanzarea-si-darea-in-arenda-a-terenurilor-din-domeniul-public-si-privat-al-comunei-carpineni/ | CW31: nu | CX31: nu sînt informații pe web | CY31: nu | CZ31: nu sînt informații pe web | DA31: nu | DB31: nu sînt informații pe web | DC31: nu | DD31: nu sînt informații pe web | DE31: nu | DF31: nu este pagina web (ultima verificare 31.05.2020) | DG31: nu | DH31: nu sînt informații pe web | DI31: nu | DJ31: nu sînt informații pe web | DK31: partial/panou informativ | DL31: http://www.primariastefanvoda.md/?pag=news&opa=view&id=232&tip=anunt&start=&l= | DM31: nu | DN31: nu sînt informații pe web | DO31: nu | DP31: site nefuncțional (ultima verificare 31.05.2020) | DQ31: nu | DR31: Nu are pagină web (ultima verificare 31.05.2020) | DS31: nu | DT31: nu sînt informații pe web | DU31: nu | DV31: Nu are pagină web (ultima verificare 31.05.2020) | DW31: nu | DX31: nu sînt informații pe web | DY31: nu | DZ31: nu sînt informații pe web | EA31: nu | EB31: nu sînt informații pe web | EC31: nu | ED31: Nu are pagină web (ultima verificare 31.05.2020) | EE31: N/A | EF31: nu sînt informații pe web | EG31: da | EH31: https://budesti.md/anunturi/1538-primria-satului-budeti-anun.html | EI31: nu | EJ31: nu sînt informații pe web | EK31: nu | EL31: nu sînt informații pe web | EM31: N/A | EN31: Nu au fost licitații în 2019 (conform răspunsului din chestionar) | EO31: nu | EP31: nu sînt informații pe web | EQ31: nu | ER31: pagina web nefuncțională (ultima verificare la 2.06.2020) | ES31: nu | ET31: pagina web nefuncțională (ultima verificare la 2.06.2020) | EU31: nu | EV31: pagina web nefuncțională (ultima verificare la 2.06.2020) | EW31: nu | EX31: nu sînt informații pe web | EY31: nu | EZ31: nu sînt informații pe web
A32: Q30 | B32: C20030 | C32: 32 | D32: Informația cu privire la rezultatele licitațiilor/concursurilor/negocierilor directe de vînzare/locațiune/arendă a bunurilor proprietate a unităţii administrativ-teritoriale este adusă la cunoștință publică ? | E32: Is published the information on the results of auctions / contests / direct negotiations selling / renting / leasing property belonging to territorial-administrative unit? | F32: prop | G32: prop2 | H32: prop2k | I32: 3 | J32: da | K32: yes | L32: nu | M32: no | N32: partial/panou informativ | O32: partially/bilboard | P32: 0-10% | Q32: 0-10% | R32: 10-30% | S32: 10-30% | T32: 30-60% | U32: 30-60% | V32: 60-90% | W32: 60-90% | X32: N/A | Y32: N/A | Z32: -------- | AA32: -------- | AB32: 3 | AC32: 0 | AD32: =AB32/2 -> 1.5 | AE32: =$AB32*(1/5) -> 0.6 | AF32: =$AB32*(2/5) -> 1.2 | AG32: =$AB32*(3/5) -> 1.8 | AH32: =$AB32*(4/5) -> 2.4 | AI32: N/A | AK32: partial/panou informativ | AL32: https://www.chisinau.md/libview.php?l=ro&idc=403&id=27317&t=/Presa/Comunicate-de-presa/Desfaurarea-licitatiei-privind-acordarea-dreptului-de-locatiune-a-incaperilor-cu-alta-destinatie-decat-cea-locativa-proprietate-municipala http://capital-imobil.md/ro/auctions/ | AM32: da | AN32: http://balti.md/transparenta/licitatii-funciare-imobiliare/ | AO32: nu | AP32: nu sînt informații pe web | AQ32: nu | AR32: nu sînt informații pe web | AS32: nu | AT32: nu sînt informații pe web | AU32: partial/panou informativ | AV32: Conform răspunsului din chestionar | AW32: nu | AX32: nu sînt informații pe web | AY32: nu | AZ32: nu sînt informații pe web | BA32: nu | BB32: nu sînt informații pe web | BC32: N/A | BD32: nu sînt informații pe web | BE32: nu | BF32: nu sînt informații pe web | BG32: nu | BH32: nu sînt informații pe web | BI32: nu | BJ32: nu sînt informații pe web | BK32: nu | BL32: nu sînt informații pe web | BM32: N/A | BN32: nu sînt informații pe web | BO32: nu | BP32: nu sînt informații pe web | BQ32: nu | BR32: nu sînt informații pe web | BS32: nu | BT32: nu sînt informații pe web | BU32: N/A | BV32: nu sînt informații pe web | BW32: nu | BX32: nu sînt informații pe web | BY32: nu | BZ32: nu sînt informații pe web | CA32: nu | CB32: nu sînt informații pe web | CC32: nu | CD32: nu sînt informații pe web | CE32: nu | CF32: nu sînt informații pe web | CG32: nu | CH32: nu sînt informații pe web | CI32: nu | CJ32: nu sînt informații pe web | CK32: nu | CL32: nu sînt informații pe web | CM32: nu | CN32: nu sînt informații pe web | CO32: nu | CP32: nu sînt informații pe web | CQ32: N/A | CR32: nu sînt informații pe web | CS32: partial/panou informativ | CT32: Conform răspunsului din chestionar | CU32: nu | CV32: nu sînt informații pe web | CW32: nu | CX32: nu sînt informații pe web | CY32: nu | CZ32: nu sînt informații pe web | DA32: partial/panou informativ | DB32: Conform răspunsului din chestionar | DC32: partial/panou informativ | DD32: Conform răspunsului din chestionar | DE32: nu | DF32: nu este pagina web (ultima verificare 31.05.2020) | DG32: nu | DH32: nu sînt informații pe web | DI32: nu | DJ32: nu sînt informații pe web | DK32: nu | DL32: nu sînt informații pe web | DM32: nu | DN32: nu sînt informații pe web | DO32: nu | DP32: site nefuncțional (ultima verificare 31.05.2020) | DQ32: nu | DR32: Nu are pagină web (ultima verificare 31.05.2020) | DS32: nu | DT32: nu sînt informații pe web | DU32: nu | DV32: Nu are pagină web (ultima verificare 31.05.2020) | DW32: nu | DX32: nu sînt informații pe web | DY32: nu | DZ32: nu sînt informații pe web | EA32: nu | EB32: nu sînt informații pe web | EC32: nu | ED32: Nu are pagină web (ultima verificare 31.05.2020) | EE32: N/A | EF32: nu sînt informații pe web | EG32: nu | EH32: nu sînt informații pe web | EI32: partial/panou informativ | EJ32: Conform răspunsului din chestionar | EK32: nu | EL32: nu sînt informații pe web | EM32: N/A | EN32: Nu au fost licitații în 2019 (conform răspunsului din chestionar) | EO32: nu | EP32: nu sînt informații pe web | EQ32: nu | ER32: pagina web nefuncțională (ultima verificare la 2.06.2020) | ES32: nu | ET32: pagina web nefuncțională (ultima verificare la 2.06.2020) | EU32: nu | EV32: pagina web nefuncțională (ultima verificare la 2.06.2020) | EW32: nu | EX32: nu sînt informații pe web | EY32: nu | EZ32: nu sînt informații pe web
A33: Q31 | B33: C20031 | C33: 33 | D33: Este adoptat și publicat Regulamentul cu privire la atribuirea terenurilor de pămînt pentru construcţia caselor individuale de locuit ? | E33: Is approved and published the rule on the award of land plots for construction of individual residential houses? | F33: prop | G33: prop3 | H33: prop3k | I33: 1 | J33: da | K33: yes | L33: nu | M33: no | N33: partial/panou informativ | O33: partially/bilboard | P33: -------- | Q33: -------- | R33: -------- | S33: -------- | T33: -------- | U33: -------- | V33: -------- | W33: -------- | X33: N/A | Y33: N/A | Z33: -------- | AA33: -------- | AB33: 1 | AC33: 0 | AD33: =AB33/2 -> 0.5 | AI33: N/A | AK33: N/A | AL33: Conform răspunsului din chestionar | AM33: da | AN33: http://balti.md/informatia-utila/ordinea-alocarii-loturilor-de-teren/ | AO33: nu | AP33: nu sînt informații pe web | AQ33: nu | AR33: nu sînt informații pe web | AS33: nu | AT33: nu sînt informații pe web | AU33: da | AV33: https://www.orhei.md/media/files/files/cu_privire_la_modul_de_atribuire_a_terenurilor___i_condi__iilor_pentru_construirea_caselor_individuale_pe_teritoriul_ora__ului_orhei_3090630.pdf | AW33: da | AX33: https://ceadir-lunga.md/webportal/?q=node/350 | AY33: da | AZ33: http://www.straseni.md/regulamentul-atribuirii-loturilor-de-teren/ http://www.straseni.md/regulamentul-privind-atribuirea-sectoarelor-de-teren/ | BA33: nu | BB33: nu sînt informații pe web | BC33: nu | BD33: nu sînt informații pe web | BE33: nu | BF33: nu sînt informații pe web | BG33: nu | BH33: nu sînt informații pe web | BI33: nu | BJ33: nu sînt informații pe web | BK33: nu | BL33: nu sînt informații pe web | BM33: nu | BN33: nu sînt informații pe web | BO33: nu | BP33: nu sînt informații pe web | BQ33: nu | BR33: nu sînt informații pe web | BS33: nu | BT33: nu sînt informații pe web | BU33: da | BV33: https://drive.google.com/file/d/0B8tcouSfQ_3VMUwwekNhSkkxY3c/view | BW33: nu | BX33: nu sînt informații pe web | BY33: nu | BZ33: nu sînt informații pe web | CA33: da | CB33: http://cimislia.md/upload/regulament-inter-privind-conditiile-de-atribuire-a-sectoarelor-de-teren-pentru-constructiipdf-5ce7ed493e751.pdf | CC33: da | CD33: http://riscani.com/ro/page/primaria-208-115-104-104/primaria-208/regulamente-interne | CE33: nu | CF33: nu sînt informații pe web | CG33: nu | CH33: nu sînt informații pe web | CI33: nu | CJ33: nu sînt informații pe web | CK33: nu | CL33: nu sînt informații pe web | CM33: partial/panou informativ | CN33: regulament anexat la chestionarul completat | CO33: nu | CP33: nu sînt informații pe web | CQ33: partial/panou informativ | CR33: Regulamentul anexat la chestionarul completat | CS33: nu | CT33: Pagina web nefuncțională (ultima verificare 31.05.2020) | CU33: nu | CV33: nu sînt informații pe web | CW33: nu | CX33: nu sînt informații pe web | CY33: nu | CZ33: nu sînt informații pe web | DA33: partial/panou informativ | DB33: Regulamentul anxat la chestionarul completat | DC33: nu | DD33: nu sînt informații pe web | DE33: nu | DF33: nu este pagina web (ultima verificare 31.05.2020) | DG33: da | DH33: http://www.primariacricova.md/images/u/12/files/Regulament%20cu%20privire%20la%20modul%20de%20atribuire%20a%20terenurilor.PDF | DI33: nu | DJ33: nu sînt informații pe web | DK33: nu | DL33: nu sînt informații pe web | DM33: da | DN33: https://singera.md/regulament.html | DO33: nu | DP33: site nefuncțional (ultima verificare 31.05.2020) | DQ33: nu | DR33: Nu are pagină web (ultima verificare 31.05.2020) | DS33: nu | DT33: nu sînt informații pe web | DU33: nu | DV33: Nu are pagină web (ultima verificare 31.05.2020) | DW33: nu | DX33: nu sînt informații pe web | DY33: nu | DZ33: nu sînt informații pe web | EA33: partial/panou informativ | EB33: Regulamentul a fost anexat la chestionarul completat | EC33: nu | ED33: Nu are pagină web (ultima verificare 31.05.2020) | EE33: nu | EF33: nu sînt informații pe web | EG33: nu | EH33: nu sînt informații pe web | EI33: nu | EJ33: nu sînt informații pe web | EK33: nu | EL33: nu sînt informații pe web | EM33: nu | EN33: nu sînt informații pe web | EO33: nu | EP33: nu sînt informații pe web | EQ33: nu | ER33: pagina web nefuncțională (ultima verificare la 2.06.2020) | ES33: nu | ET33: pagina web nefuncțională (ultima verificare la 2.06.2020) | EU33: nu | EV33: pagina web nefuncțională (ultima verificare la 2.06.2020) | EW33: nu | EX33: nu sînt informații pe web | EY33: nu | EZ33: nu sînt informații pe web
A34: Q32 | B34: C20032 | C34: 34 | D34: Este publicată lista persoanelor ce stau în rînd pentru îmbunătățirea condițiilor de trai/ atribuirea terenurilor de pămînt pentru construcţia caselor individuale de locuit ? | E34: Is published the list of people standing in line for improvement of living conditions / assignment of land plots for construction of individual residential houses? | F34: prop | G34: prop4 | H34: prop4k | I34: 1 | J34: da | K34: yes | L34: nu | M34: no | N34: partial/panou informativ | O34: partially/bilboard | P34: -------- | Q34: -------- | R34: -------- | S34: -------- | T34: -------- | U34: -------- | V34: -------- | W34: -------- | X34: N/A | Y34: N/A | Z34: -------- | AA34: -------- | AB34: 1 | AC34: 0 | AD34: =AB34/2 -> 0.5 | AI34: N/A | AK34: N/A | AL34: Conform răspunsului din chestionar | AM34: nu | AN34: nu sînt informații pe web | AO34: nu | AP34: nu sînt informații pe web | AQ34: nu | AR34: nu sînt informații pe web | AS34: nu | AT34: nu sînt informații pe web | AU34: nu | AV34: nu sînt informații pe web | AW34: nu | AX34: nu sînt informații pe web | AY34: nu | AZ34: nu sînt informații pe web | BA34: nu | BB34: nu sînt informații pe web | BC34: nu | BD34: nu sînt informații pe web | BE34: nu | BF34: nu sînt informații pe web | BG34: nu | BH34: nu sînt informații pe web | BI34: nu | BJ34: nu sînt informații pe web | BK34: nu | BL34: nu sînt informații pe web | BM34: nu | BN34: nu sînt informații pe web | BO34: nu | BP34: nu sînt informații pe web | BQ34: nu | BR34: nu sînt informații pe web | BS34: nu | BT34: nu sînt informații pe web | BU34: nu | BV34: nu sînt informații pe web | BW34: nu | BX34: nu sînt informații pe web | BY34: nu | BZ34: nu sînt informații pe web | CA34: nu | CB34: nu sînt informații pe web | CC34: nu | CD34: nu sînt informații pe web | CE34: nu | CF34: nu sînt informații pe web | CG34: nu | CH34: nu sînt informații pe web | CI34: nu | CJ34: nu sînt informații pe web | CK34: nu | CL34: nu sînt informații pe web | CM34: nu | CN34: nu sînt informații pe web | CO34: nu | CP34: nu sînt informații pe web | CQ34: nu | CR34: nu sînt informații pe web | CS34: nu | CT34: Pagina web nefuncțională (ultima verificare 31.05.2020) | CU34: nu | CV34: nu sînt informații pe web | CW34: nu | CX34: nu sînt informații pe web | CY34: nu | CZ34: nu sînt informații pe web | DA34: nu | DB34: nu sînt informații pe web | DC34: nu | DD34: nu sînt informații pe web | DE34: nu | DF34: nu este pagina web (ultima verificare 31.05.2020) | DG34: nu | DH34: nu sînt informații pe web | DI34: nu | DJ34: nu sînt informații pe web | DK34: nu | DL34: nu sînt informații pe web | DM34: partial/panou informativ | DN34: ție neactualizată https://singera.md/regulament.html | DO34: nu | DP34: site nefuncțional (ultima verificare 31.05.2020) | DQ34: nu | DR34: Nu are pagină web (ultima verificare 31.05.2020) | DS34: nu | DT34: nu sînt informații pe web | DU34: nu | DV34: Nu are pagină web (ultima verificare 31.05.2020) | DW34: nu | DX34: nu sînt informații pe web | DY34: nu | DZ34: nu sînt informații pe web | EA34: nu | EB34: nu sînt informații pe web | EC34: nu | ED34: Nu are pagină web (ultima verificare 31.05.2020) | EE34: nu | EF34: nu sînt informații pe web | EG34: nu | EH34: nu sînt informații pe web | EI34: nu | EJ34: nu sînt informații pe web | EK34: nu | EL34: nu sînt informații pe web | EM34: nu | EN34: nu sînt informații pe web | EO34: nu | EP34: nu sînt informații pe web | EQ34: nu | ER34: pagina web nefuncțională (ultima verificare la 2.06.2020) | ES34: nu | ET34: pagina web nefuncțională (ultima verificare la 2.06.2020) | EU34: nu | EV34: pagina web nefuncțională (ultima verificare la 2.06.2020) | EW34: nu | EX34: nu sînt informații pe web | EY34: nu | EZ34: nu sînt informații pe web
A35: Q33 | B35: C20033 | C35: 35 | D35: Proiectul de buget pentru anul 2020 a fost supus consultărilor publice și adus la cunoştinţa publicului ? | E35: Was the draft of the budget for 2020 consulted with the public? | F35: bug | G35: bug1 | H35: bug1k | I35: 3 | J35: da | K35: yes | L35: nu | M35: no | N35: partial/panou informativ | O35: partially/bilboard | P35: -------- | Q35: -------- | R35: -------- | S35: -------- | T35: -------- | U35: -------- | V35: -------- | W35: -------- | X35: N/A | Y35: N/A | Z35: -------- | AA35: -------- | AB35: 3 | AC35: 0 | AD35: =AB35/2 -> 1.5 | AI35: N/A | AK35: da | AL35: https://www.chisinau.md/libtdview.php?l=ro&idc=999&id=27985&t=/Informatii/Transparenta-decizionala/Procesul-decizional/Consultare-publica/Anunt-privind-organizarea-consultarilor-publice-a-proiectului-de-decizie-Cu-privire-la-aprobarea-bugetului-municipal-pentru-anul-2020 | AM35: da | AN35: http://balti.md/cu-privire-la-desfasurarea-procedurilor-de-consultare-publica-pe-marginea-proiectului-de-decizie-a-consiliului-municipal-balti-cu-privire-la-aprobarea-bugetului-municipal-balti-pentru-anul-2020/ | AO35: da | AP35: http://primariacahul.md/index.php/informatii-publice/anunturi/1283-audieri-publice-privind-proiectul-bugetului-municipiului-cahul-pentru-anul-2020 http://primariacahul.md/index.php/anunturi-privind-consultari-publice/1281-bugetul-pentru-anul-2020 | AQ35: nu | AR35: nu sînt informații pe web | AS35: da | AT35: http://www.primsoroca.md/ro/consultari-publice-ale-proiectelor-de-decizii http://www.primsoroca.md/ro/proiecte-de-decizii?ArticleFileSearch%5BYear%5D=2019&ArticleFileSearch%5BMonth%5D=&ArticleFileSearch%5BDay%5D=&page=1&per-page=10 | AU35: da | AV35: https://www.orhei.md/index.php?pag=news&id=761&rid=3182&l=ro https://www.orhei.md/index.php?pag=news&id=761&rid=3184&l=ro | AW35: da | AX35: https://ceadir-lunga.md/novosti/item/3021-vnimanie-publichnye-slushaniya https://ceadir-lunga.md/novosti/item/3030-vnimanie-publichnye-slushaniya | AY35: da | AZ35: http://www.straseni.md/consultari-publice-ale-proiectelor/ http://www.straseni.md/wp-content/uploads/2019/11/dec.-nr.-din-12.2019-aprobarea-bugetului-2020.-3.pdf | BA35: nu | BB35: nu sînt informații pe web | BC35: partial/panou informativ | BD35: Conform răspunsului din chestionar | BE35: da | BF35: https://primaria.causeni.org/consultare-publica/ | BG35: da | BH35: http://primariaedinet.md/?p=4844 http://primariaedinet.md/?p=4936 | BI35: nu | BJ35: nu sînt informații pe web | BK35: nu | BL35: nu sînt informații pe web | BM35: da | BN35: http://calarasi-primaria.md/2019/11/21/proiectele-de-decizii-pentru-sedinta-ordinara-a-consiliului-orasenesc-din-06-decembrie-2019/ | BO35: partial/panou informativ | BP35: http://ialoveni.md/audieri-publice/ https://www.youtube.com/watch?v=UpmZgLHhGbE | BQ35: nu | BR35: nu sînt informații pe web | BS35: nu | BT35: nu sînt informații pe web | BU35: da | BV35: https://falesti.md/index.php/cp.html | BW35: da | BX35: http://primariasingerei.md/ro/page/noutatile-primariei-384?item=audieri-publice-3256 http://primariasingerei.md/upload/actelocale/Pr.%20de%20dc.%202%20.PDF | BY35: nu | BZ35: nu sînt informații pe web | CA35: da | CB35: http://cimislia.md/upload/Doc%20audieri.pdf http://cimislia.md/upload/82pdf-5dfb1a1700bd6.pdf | CC35: partial/panou informativ | CD35: http://riscani.com/ro/page/primaria-208-115-104-104/noutatile-primariei-384?item=audieri-publice-privind-proiectul-bugetului-2020 | CE35: da | CF35: http://primaria-rezina.md/2019/11/25/anunt-privind-organizarea-audierilor-publice-a-proiectelor-de-decizie/ http://primaria-rezina.md/wp-content/uploads/sites/19/2019/11/Decizie-cu-privire-la-aprobarea-bugetului-orasului-pentru-anul-2020-in-I-lectura.pdf | CG35: nu | CH35: nu sînt informații pe web | CI35: da | CJ35: https://www.congaz.md/primeriya-kongaza-provedet-publichnye-slushaniya-po-utverzhdeniyu-byudzheta-na-2020-god/ | CK35: nu | CL35: nu sînt informații pe web | CM35: da | CN35: http://primaria-glodeni.md/ro/page/primaria/activitatea-curenta/noutatile-primariei?item=primaria-orasului-glodeni-va-invita-la-audieri-publice http://primaria-glodeni.md/ro/page/primaria/activitatea-curenta/noutatile-primariei?item=primaria-orasului-glodeni-va-prezinta-spre-informare-proiectul-bugetului-pentru-anul-2020 http://primaria-glodeni.md/ro/page/transparenta/proiecte-de-decizii-propuse-spre-consultare-cu-publicul-si-materialele-aferente | CO35: da | CP35: http://costesti.md/2019/12/03/audieri-publice-privind-proiectul-bugetului-satului-costesti-pentru-anul-2020/ | CQ35: nu | CR35: nu sînt informații pe web | CS35: nu | CT35: Pagina web nefuncțională (ultima verificare 31.05.2020) | CU35: partial/panou informativ | CV35: http://www.carpineni.md/wp-content/uploads/2019/12/Cu-privire-la-aprobarea-proiectului-de-bugetului-comunei-pentru-anul-2020-2022.pdf | CW35: nu | CX35: nu sînt informații pe web | CY35: nu | CZ35: nu sînt informații pe web | DA35: da | DB35: http://primariaocnita.md/audieri-publice-pe-marginea-proiectului-bugetului-local-pentru-anul-2020/ http://primariaocnita.md/audieri-publice-pe-marginea-proiectului-bugetului-local-pentru-anul-2020-2/ | DC35: da | DD35: https://anenii-noi.com/index.php/consultarea-publica-a-bugetului-pentru-anul-2020-a-primariei-or-anenii-noi/ | DE35: nu | DF35: nu este pagina web (ultima verificare 31.05.2020) | DG35: da | DH35: http://www.primariacricova.md/images/u/12/files/2019/10/Consult%c4%83ri%20publice%20la%20proiectul%20de%20buget%20al%20or_%20Cricova%20pe%20a_%202020.pdf | DI35: nu | DJ35: nu sînt informații pe web | DK35: nu | DL35: nu sînt informații pe web | DM35: partial/panou informativ | DN35: https://singera.md/481-audierile-publice-asupra-proiectului-de-buget-pentru-anul-2019.html | DO35: nu | DP35: site nefuncțional (ultima verificare 31.05.2020) | DQ35: nu | DR35: Nu are pagină web (ultima verificare 31.05.2020) | DS35: nu | DT35: nu sînt informații pe web | DU35: nu | DV35: Nu are pagină web (ultima verificare 31.05.2020) | DW35: da | DX35: http://truseni.md/images/aviz%20consultare%20publica%20buget%202020.pdf http://truseni.md/images/proiectul%20deciziei%20buget%202020.pdf http://truseni.md/images/nota%20inform.%20buget%202020.pdf | DY35: nu | DZ35: nu sînt informații pe web | EA35: da | EB35: http://peresecina.md/consultari-publice-ale-proiectelor/ http://peresecina.md/proiecte-de-decizii/ | EC35: nu | ED35: Nu are pagină web (ultima verificare 31.05.2020) | EE35: partial/panou informativ | EF35: http://talmaza.md/index.php?pag=news&id=1180&rid=553&l=ro | EG35: partial/panou informativ | EH35: https://www.budesti.md/transparenta/ https://budesti.md/1714-anun.html | EI35: da | EJ35: http://varnita.md/primaria-varnita-organizeaza-audieri-publice http://varnita.md/audieri-publice-asupra-bugetului-local-2020 http://varnita.md/category/trasparenta-decizionala | EK35: nu | EL35: http://larga.md/ro/470-audieri-publice-asupra-proiectului-de-buget-a-prim%C4%83riei-larga-pentru-anul-2020.html | EM35: da | EN35: http://www.primariatelenesti.md/audieri-publice-a-proiectului-bugetului-primariei-orasului-pentru-anul-2020/ http://www.primariatelenesti.md/prpuneri-de-buget-2020-estimat-2021-2022/ http://www.primariatelenesti.md/proiectul-bugetului-primariei-orasului-telenesti-pentru-anul-2020/ | EO35: da | EP35: https://magdacesti.md/2019/11/26/anunt-privind-organizarea-consultarilor-publice-a-proiectelor-de-decizii/ https://magdacesti.md/consiliul-local/transparenta-decizionala/proiecte-de-decizii/ https://drive.google.com/file/d/0B0tBxBupb6hqb25qdmVuZWRoVXA4UEtja3E3Y0FrN3llVzE4/view | EQ35: nu | ER35: pagina web nefuncțională (ultima verificare la 2.06.2020) | ES35: nu | ET35: pagina web nefuncțională (ultima verificare la 2.06.2020) | EU35: partial/panou informativ | EV35: https://www.youtube.com/watch?v=1dOxK3B0NvI | EW35: partial/panou informativ | EX35: http://zaim.md/ro/page/transparenta/finantele-publice-locale/cheltuielile-pentru-institutii-subordonate?item=proiecte-de-decizii-expuse-spre-consultare-publica | EY35: partial/panou informativ | EZ35: https://www.youtube.com/watch?v=c4beSBiC3Jc
A36: Q34 | B36: C20034 | C36: 36 | D36: Proiectul de buget pentru anul 2020 a inclus o descriere a tuturor elementelor (programe, subprograme și alte elemente ale bugetului), inclusiv o scurtă justificare pentru fiecare element în secțiunea de venituri și secțiunea de cheltuieli ? | E36: Is containing the draft budget for 2020 a description of all items (programs, subprograms and other parts of the budget), including a brief justification for each item in the income section and section of expenses? | F36: bug | G36: bug2 | H36: bug2k | I36: 2 | J36: da | K36: yes | L36: nu | M36: no | N36: partial | O36: partially | P36: -------- | Q36: -------- | R36: -------- | S36: -------- | T36: -------- | U36: -------- | V36: -------- | W36: -------- | X36: N/A | Y36: N/A | Z36: -------- | AA36: -------- | AB36: 2 | AC36: 0 | AD36: =AB36/2 -> 1 | AI36: N/A | AK36: da | AL36: https://www.chisinau.md/libtdview.php?l=ro&idc=999&id=27985&t=/Informatii/Transparenta-decizionala/Procesul-decizional/Consultare-publica/Anunt-privind-organizarea-consultarilor-publice-a-proiectului-de-decizie-Cu-privire-la-aprobarea-bugetului-municipal-pentru-anul-2020 | AM36: da | AN36: http://balti.md/wp-content/uploads/2019/12/pk-62-poeasnit-zapiska-11.12.2019-md-upd1.pdf | AO36: da | AP36: http://primariacahul.md/index.php/anunturi-privind-consultari-publice/1281-bugetul-pentru-anul-2020 | AQ36: nu | AR36: nu sînt informații pe web | AS36: da | AT36: http://www.primsoroca.md/ro/proiecte-de-decizii?ArticleFileSearch%5BYear%5D=2019&ArticleFileSearch%5BMonth%5D=&ArticleFileSearch%5BDay%5D=&page=1&per-page=10 | AU36: da | AV36: https://www.orhei.md/index.php?pag=news&id=761&rid=3182&l=ro https://www.orhei.md/index.php?pag=news&id=761&rid=3184&l=ro | AW36: nu | AX36: nu sînt informații pe web | AY36: nu | AZ36: nu sînt informații pe web | BA36: nu | BB36: nu sînt informații pe web | BC36: nu | BD36: nu sînt informații pe web | BE36: da | BF36: https://primaria.causeni.org/consultare-publica/ | BG36: partial | BH36: http://primariaedinet.md/?p=4937 | BI36: nu | BJ36: nu sînt informații pe web | BK36: nu | BL36: nu sînt informații pe web | BM36: da | BN36: http://calarasi-primaria.md/2019/11/21/proiectele-de-decizii-pentru-sedinta-ordinara-a-consiliului-orasenesc-din-06-decembrie-2019/ | BO36: nu | BP36: nu sînt informații pe web | BQ36: nu | BR36: nu sînt informații pe web | BS36: nu | BT36: nu sînt informații pe web | BU36: partial | BV36: https://falesti.md/index.php/cp.html | BW36: da | BX36: http://primariasingerei.md/ro/page/primaria-or-sangerei/rapoarte-si-planuri-de-activitate/rapoarte-anuale | BY36: nu | BZ36: nu sînt informații pe web | CA36: nu | CB36: nu sînt informații pe web | CC36: da | CD36: http://riscani.com/ro/page/consiliul-local/arhiva-deciziilor?year=2019&month=1 | CE36: da | CF36: http://primaria-rezina.md/wp-content/uploads/sites/19/2019/11/Nota-explicativa-la-proiectul-bugetului-or.Rezina-pe-anul-2020.pdf | CG36: nu | CH36: nu sînt informații pe web | CI36: nu | CJ36: nu sînt informații pe web | CK36: nu | CL36: nu sînt informații pe web | CM36: da | CN36: http://primaria-glodeni.md/ro/page/transparenta/proiecte-de-decizii-propuse-spre-consultare-cu-publicul-si-materialele-aferente http://primaria-glodeni.md/upload/nota%20informativa.pdf | CO36: da | CP36: http://costesti.md/2019/12/03/audieri-publice-privind-proiectul-bugetului-satului-costesti-pentru-anul-2020/ | CQ36: nu | CR36: nu sînt informații pe web | CS36: nu | CT36: Pagina web nefuncțională (ultima verificare 31.05.2020) | CU36: nu | CV36: nu sînt informații pe web | CW36: nu | CX36: nu sînt informații pe web | CY36: nu | CZ36: nu sînt informații pe web | DA36: nu | DB36: nu sînt informații pe web | DC36: nu | DD36: nu sînt informații pe web | DE36: nu | DF36: nu este pagina web (ultima verificare 31.05.2020) | DG36: nu | DH36: nu sînt informații pe web | DI36: nu | DJ36: nu sînt informații pe web | DK36: nu | DL36: nu sînt informații pe web | DM36: nu | DN36: nu sînt informații pe web | DO36: nu | DP36: site nefuncțional (ultima verificare 31.05.2020) | DQ36: nu | DR36: Nu are pagină web (ultima verificare 31.05.2020) | DS36: nu | DT36: nu sînt informații pe web | DU36: nu | DV36: Nu are pagină web (ultima verificare 31.05.2020) | DW36: da | DX36: http://truseni.md/images/nota%20inform.%20buget%202020.pdf | DY36: nu | DZ36: nu sînt informații pe web | EA36: nu | EB36: nu sînt informații pe web | EC36: nu | ED36: Nu are pagină web (ultima verificare 31.05.2020) | EE36: nu | EF36: nu sînt informații pe web | EG36: nu | EH36: nu sînt informații pe web | EI36: partial | EJ36: http://varnita.md/category/trasparenta-decizionala | EK36: nu | EL36: nu sînt informații pe web | EM36: nu | EN36: nu sînt informații pe web | EO36: da | EP36: https://magdacesti.md/consiliul-local/transparenta-decizionala/proiecte-de-decizii/ https://drive.google.com/file/d/0B0tBxBupb6hqb25qdmVuZWRoVXA4UEtja3E3Y0FrN3llVzE4/view | EQ36: nu | ER36: pagina web nefuncțională (ultima verificare la 2.06.2020) | ES36: nu | ET36: pagina web nefuncțională (ultima verificare la 2.06.2020) | EU36: nu | EV36: pagina web nefuncțională (ultima verificare la 2.06.2020) | EW36: nu | EX36: nu sînt informații pe web | EY36: nu | EZ36: nu sînt informații pe web
A37: Q35 | B37: C20035 | C37: 37 | D37: Sînt disponibile pe pagina web proiectele depuse de cetățeni în cadrul bugetării participative și proiectele cîștigătoare selectate ? | E37: Are the projects submitted by the citizens within the participatory budgeting and the selected winning projects available on the website? | F37: bug | G37: bug3 | H37: bug3k | I37: 2 | J37: da | K37: yes | L37: nu | M37: no | N37: partial | O37: partially | P37: -------- | Q37: -------- | R37: -------- | S37: -------- | T37: -------- | U37: -------- | V37: -------- | W37: -------- | X37: N/A | Y37: N/A | Z37: -------- | AA37: -------- | AB37: 2 | AC37: 0 | AD37: =AB37/2 -> 1 | AI37: N/A | AK37: nu | AL37: nu sînt informații pe web | AM37: da | AN37: http://balti.md/bugetul-civic/despre-proiect/ http://balti.md/totalurile-votarii-proiectelor-bugetului-civic-2019/ | AO37: nu | AP37: nu sînt informații pe web | AQ37: nu | AR37: nu sînt informații pe web | AS37: nu | AT37: nu sînt informații pe web | AU37: nu | AV37: nu sînt informații pe web | AW37: nu | AX37: nu sînt informații pe web | AY37: nu | AZ37: nu sînt informații pe web | BA37: nu | BB37: nu sînt informații pe web | BC37: nu | BD37: nu sînt informații pe web | BE37: nu | BF37: nu sînt informații pe web | BG37: nu | BH37: nu sînt informații pe web | BI37: nu | BJ37: nu sînt informații pe web | BK37: nu | BL37: nu sînt informații pe web | BM37: partial | BN37: http://calarasi-primaria.md/proiecte-investitionale/ | BO37: da | BP37: https://bugetareparticipativa.viitorul.org/ialoveni/ http://ialoveni.md/wp-content/uploads/2020/02/Raportul-de-activitate-al-primarului-orasului-Ialoveni-pentru-anul-2019.pdf | BQ37: nu | BR37: nu sînt informații pe web | BS37: nu | BT37: nu sînt informații pe web | BU37: nu | BV37: nu sînt informații pe web | BW37: nu | BX37: nu sînt informații pe web | BY37: nu | BZ37: nu sînt informații pe web | CA37: nu | CB37: nu sînt informații pe web | CC37: nu | CD37: nu sînt informații pe web | CE37: nu | CF37: nu sînt informații pe web | CG37: nu | CH37: nu sînt informații pe web | CI37: nu | CJ37: nu sînt informații pe web | CK37: nu | CL37: nu sînt informații pe web | CM37: nu | CN37: nu sînt informații pe web | CO37: nu | CP37: nu sînt informații pe web | CQ37: nu | CR37: nu sînt informații pe web | CS37: nu | CT37: Pagina web nefuncțională (ultima verificare 31.05.2020) | CU37: nu | CV37: nu sînt informații pe web | CW37: nu | CX37: nu sînt informații pe web | CY37: nu | CZ37: nu sînt informații pe web | DA37: nu | DB37: nu sînt informații pe web | DC37: nu | DD37: nu sînt informații pe web | DE37: nu | DF37: nu este pagina web (ultima verificare 31.05.2020) | DG37: nu | DH37: nu sînt informații pe web | DI37: nu | DJ37: nu sînt informații pe web | DK37: nu | DL37: nu sînt informații pe web | DM37: nu | DN37: nu sînt informații pe web | DO37: nu | DP37: site nefuncțional (ultima verificare 31.05.2020) | DQ37: nu | DR37: Nu are pagină web (ultima verificare 31.05.2020) | DS37: nu | DT37: nu sînt informații pe web | DU37: nu | DV37: Nu are pagină web (ultima verificare 31.05.2020) | DW37: nu | DX37: nu sînt informații pe web | DY37: nu | DZ37: nu sînt informații pe web | EA37: nu | EB37: nu sînt informații pe web | EC37: nu | ED37: Nu are pagină web (ultima verificare 31.05.2020) | EE37: nu | EF37: nu sînt informații pe web | EG37: da | EH37: https://bugetareparticipativa.viitorul.org/budesti/ | EI37: nu | EJ37: nu sînt informații pe web | EK37: nu | EL37: nu sînt informații pe web | EM37: nu | EN37: nu sînt informații pe web | EO37: nu | EP37: nu sînt informații pe web | EQ37: nu | ER37: pagina web nefuncțională (ultima verificare la 2.06.2020) | ES37: nu | ET37: pagina web nefuncțională (ultima verificare la 2.06.2020) | EU37: nu | EV37: pagina web nefuncțională (ultima verificare la 2.06.2020) | EW37: nu | EX37: nu sînt informații pe web | EY37: nu | EZ37: nu sînt informații pe web
